Workbook

Sheet Note
A6: =IF(ISERROR(VLOOKUP(B2,'[1]010114'!B:C,2,FALSE)),"new",VLOOKUP(B2,'[1]010114'!B:C,2,FALSE)) -> new

Sheet 060114
A1: SA Name | B1: Capacity ID | D1: Requestor | E1: Submitter | F1: Business Sector | G1: Business Group | H1: Business Line | I1: Business | J1: Project Name | K1: Type of Request | L1: Status | M1: Current Phase | N1: In Queue of | O1: Inque Start Time | P1: SLA Days | Q1: Time in Queue | R1: Overall Request Time | S1: Region
A2: Richman Acosta | B2: CAP0029059 | C2: 0 | D2: Jaymark Cruz | E2: jc70945 | F2: CTI | G2: CTI Global Technology Operations | H2: Global Voice Operations | I2: Global Voice Operations | J2: Drive Space Request | K2: Storage Request - NAS | L2: Open | M2: Submitter Approval | N2: jc70945; | O2: 41411.122 | P2: 0 | Q2: 233.98205 | R2: 233.98205 | S2: ASPAC
A3: Kenneth Lam | B3: CAP0030803 | C3: new | D3: Hansen Mah | E3: hm07942 | F3: CTI | G3: CTI IT Service Assurance | H3: CTI IT Service Assurance | I3: CTI IT Service Assurance | J3: N/A | K3: Storage Request - NAS | L3: Open | M3: SA Approval | N3: jc18965;kl98701;vd95952; | O3: 41507.192 | P3: 1 | Q3: 137.91286 | R3: 137.93174 | S3: ASPAC
A4: Victor Inocentes | B4: CAP0032269 | C4: new | D4: victor inocentes | E4: vi10863 | F4: CTI | G4: CTI Operations - Regional | H4: CTI Asia Pacific | I4: CTI Asia Pacific | J4: NAS Storage - BAU | K4: Storage Request - NAS | L4: Open | M4: Submitter Approval | N4: vi10863; | O4: 41589.139 | P4: 0 | Q4: 55.965995 | R4: 55.965995 | S4: ASPAC
A5: Janakiraman Parthasarathy | B5: CAP0032767 | C5: new | D5: Hansen Mah | E5: hm07942 | F5: CTI | G5: CTI IT Service Assurance | H5: CTI IT Service Assurance | I5: CTI IT Service Assurance | J5: desktop optimization | K5: Storage Request - NAS | L5: Open | M5: CTI Approval | N5: ae65874;ah74163;jn62051;ks14775;mp35609;mt06736;sy25911;ta19710;up44123; | O5: 41624.718 | P5: 3 | Q5: 20.386088 | R5: 25.20059 | S5: ASPAC
A6: Kam Bong So | B6: CAP0032124 | C6: new | D6: Sudhakar Lingamneni | E6: sl18564 | F6: ICG_Tech | G6: ICG_Tech Citi Markets Technology | H6: ICG_Tech_CMT - Equities & Equity Middle Office | I6: Global Equities - Dadlani, Sundeep | J6: BAU | K6: Storage Request - NAS | L6: Open | M6: Submitter Approval | N6: sl18564; | O6: 41579.001 | P6: 0 | Q6: 66.103484 | R6: 66.103484 | S6: ASPAC
A7: Kam Bong So | B7: CAP0032384 | C7: new | D7: kam bong so | E7: ks24484 | F7: ICG_Tech | G7: ICG_Tech Citi Markets Technology | H7: ICG_Tech_CMT - Equities & Equity Middle Office | I7: ASPAC - EQ - Lingard, Richard | J7: WS19318572 | K7: Storage Request - SAN | L7: Open | M7: Pre-Design Approval | N7: ds76190;fz92331;mp96590;sw63477;tb60866; | O7: 41603.207 | P7: 1 | Q7: 41.897153 | R7: 48.207431 | S7: ASPAC
A8: Connie Kwok | B8: CAP0032742 | C8: new | D8: zhen pan | E8: sp59305 | F8: ICG_Tech | G8: ICG_Tech Market Data Services | H8: MDS - Ekong,Victor | I8: MDS - Ekong,Victor | J8: WS7422496 GDC-AP-RHEL OS EOL Upgrade | K8: Infrastructure | L8: Open | M8: CTI Approval | N8: jw18696; | O8: 41627.85 | P8: 5 | Q8: 17.254132 | R8: 26.065093 | S8: ASPAC
A9: Connie Kwok | B9: CAP0032749 | C9: new | D9: zhen pan | E9: sp59305 | F9: ICG_Tech | G9: ICG_Tech Market Data Services | H9: MDS - Ekong,Victor | I9: MDS - Ekong,Victor | J9: WS7422496 GDC-AP-RHEL OS EOL Upgrade | K9: Infrastructure | L9: Open | M9: Post-CTI Approval | N9: bm58431; | O9: 41641.206 | P9: 0 | Q9: 3.8987847 | R9: 25.884826 | S9: ASPAC
A10: Connie Kwok | B10: CAP0032911 | C10: new | D10: connie kwok | E10: ck12002 | F10: ICG_Tech | G10: ICG_Tech Citi Markets Technology | H10: ICG_Tech_CMT - Equities & Equity Middle Office | I10: ASPAC - EQ - Lingard, Richard | J10: AP COMET | K10: Storage Request - SAN | L10: Open | M10: Pre-Design Approval | N10: ds76190;fz92331;mp96590;sw63477;tb60866; | O10: 41631.913 | P10: 1 | Q10: 13.191574 | R10: 13.203125 | S10: ASPAC
A11: Kam Bong So | B11: CAP0032936 | C11: new | D11: connie kwok | E11: ck12002 | F11: ICG_Tech | G11: ICG_Tech Citi Markets Technology | H11: ICG_Tech_CMT - Equities & Equity Middle Office | I11: ASPAC - EQ - Lingard, Richard | J11: BAU | K11: Storage Request - SAN | L11: Open | M11: Pre-Design Approval | N11: ds76190;fz92331;mp96590;sw63477;tb60866; | O11: 41637.918 | P11: 1 | Q11: 7.1866435 | R11: 7.2066667 | S11: ASPAC
A12: Ramesh Shunmugavelu | B12: CAP0032298 | C12: new | D12: shunmugavelu ramesh | E12: mg06092 | F12: ICG_Tech | G12: ICG_Tech ASPAC | H12: ASPAC - In-Country Tech - Chan, Ying Man | I12: ASPAC - CMT - Chan, Ying Man | J12: CTI Virtualization | K12: VMWare | L12: Open | M12: CSI Application Approval | N12: CSI->App Manager | O12: 41599.393 | P12: 0 | Q12: 45.71162 | R12: 53.868218 | S12: ASPAC
A13: Thanoj Krishnan | B13: CAP0032353 | C13: new | D13: james alfieri | E13: tk26563 | F13: ICG_Tech | G13: ICG_Tech Citi Markets Technology | H13: ICG_Tech_CMT - FX, LM, Global Data and CitiVelocity | I13: GMT - FXLM_Derivatives | J13: Global-GDC-Tech Room Initiative | K13: Infrastructure | L13: Open | M13: Post-CTI Approval | N13: ac94164; | O13: 41602.993 | P13: 0 | Q13: 42.112014 | R13: 51.998796 | S13: ASPAC
A14: Thanoj Krishnan | B14: CAP0032807 | C14: new | D14: neeru miglani | E14: tk26563 | F14: ICG_Tech | G14: ICG_Tech Citi Markets Technology | H14: ICG_Tech_CMT - Equities & Equity Middle Office | I14: ASPAC - EQ - Lingard, Richard | J14: VPR10268 AP-ICG-Solaris/Sybase EOL Migration | K14: Infrastructure | L14: Open | M14: VDR Approval | N14: bm72511;ca61428;de93703;;kc57616;mm69256;rg24048; | O14: 41628.291 | P14: 0 | Q14: 16.813854 | R14: 20.70713 | S14: ASPAC
A15: Ronald Lagrisola | B15: CAP0028599 | C15: 0 | D15: Ronald lagrisola | E15: rl60197 | F15: CTI | G15: CTI Operations - Regional | H15: CTI Operations | I15: CTI - Global Technology Operations | J15: CC-SG-Changi Restack Program | K15: Equipment Relocation | L15: Open | M15: SA Approval | N15: kc88195; | O15: 41389.206 | P15: 1 | Q15: 255.89863 | R15: 255.9697 | S15: ASPAC
A16: Jakub Szymanski | B16: CAP0032234 | C16: new | D16: kamalakaran b t | E16: bk67816 | F16: CTI | G16: CTI Operations - Regional | H16: CTI Asia Pacific | I16: CTI Asia Pacific | J16: CSIL CUCM Cluster | K16: Infrastructure | L16: Open | M16: SA Approval | N16: jj56755;js38148;kz98667;mg14463;pg97278;ws74280; | O16: 41603.342 | P16: 1 | Q16: 41.762303 | R16: 59.877616 | S16: ASPAC
A17: Gary Evans | B17: CAP0031073 | C17: new | D17: John Porter | E17: jp88510 | F17: CTI | G17: CTI Global Data Center Services | H17: Storage & Backup | I17: Storage & Backup | J17: GTO GUCO PST INGESTION | K17: Storage Request - SAN | L17: Open | M17: Submitter Approval | N17: jp88510; | O17: 41521.559 | P17: 0 | Q17: 123.54547 | R17: 123.54547 | S17: ASPAC
A18: Thomas Mathias | B18: CAP0027065 | C18: 0 | D18: thomas mathias | E18: tm81308 | F18: GCG | G18: Asia Pacific | H18: Singapore | I18: Ong,Kim Boon | J18: BAU | K18: Storage Request - SAN | L18: Open | M18: Submitter Approval | N18: tm81308; | O18: 41306.069 | P18: 0 | Q18: 339.0351 | R18: 339.0351 | S18: ASPAC
A19: Sreelal Kunnummal Sreedharan | B19: CAP0027460 | C19: 0 | D19: sreelal kunnummal sreedharan | E19: sk78401 | F19: GCG | G19: Asia Pacific | H19: India | I19: Moorthy,Sandesh Krishna | J19: DMIS- VPR15816 | K19: Storage Request - SAN | L19: Open | M19: Submitter Approval | N19: sk78401; | O19: 41330.062 | P19: 0 | Q19: 315.04273 | R19: 315.04273 | S19: ASPAC
A20: Deepan Chakkaravarthi | B20: CAP0027517 | C20: 0 | D20: Deepan | E20: dc58786 | F20: GCG | G20: Asia Pacific | H20: Korea, Republic of | I20: Lee,Gi Young | J20: WS9980079 GCG-AP-Global Tablet Implementation | K20: Storage Request - SAN | L20: Open | M20: Submitter Approval | N20: dc58786; | O20: 41331.97 | P20: 0 | Q20: 313.13436 | R20: 313.13436 | S20: ASPAC
A21: Deepan Chakkaravarthi | B21: CAP0027518 | C21: 0 | D21: Deepan | E21: dc58786 | F21: GCG | G21: Asia Pacific | H21: Global Consumer Bank, Japan | I21: Global Consumer Bank, Japan | J21: VPR9302 - JP-CC-SHARED DOCUMENTUM ENV MIGRATION | K21: Storage Request - SAN | L21: Open | M21: Submitter Approval | N21: dc58786; | O21: 41332.077 | P21: 0 | Q21: 313.028 | R21: 313.028 | S21: ASPAC
A22: Pachaiyappan Bathirachalamoorthi | B22: CAP0029869 | C22: new | D22: Franky Ronaldy | E22: fr34772 | F22: CTI | G22: CTI Global Data Center Services | H22: Data Center Operations | I22: Data Center Operations | J22: BAU | K22: Storage Request - SAN | L22: Open | M22: Submitter Approval | N22: fr34772; | O22: 41451.108 | P22: 0 | Q22: 193.99632 | R22: 193.99632 | S22: ASPAC
A23: Udaya Gudimella | B23: CAP0029905 | C23: new | D23: vikram thomas rajan | E23: vt12449 | F23: GCG | G23: Asia Pacific | H23: Asia Regional Technology | I23: Deleted, DevCancelled, Rejected, and Retired Applications (Asia Pacific) | J23: Regional 3D Secure | K23: Storage Request - SAN | L23: Open | M23: Submitter Approval | N23: vt12449; | O23: 41453.08 | P23: 0 | Q23: 192.02491 | R23: 192.02491 | S23: ASPAC
A24: Matheswaran Ponnusamy | B24: CAP0030289 | C24: new | D24: matheswaran ponnusamy | E24: mp59890 | F24: GCG | G24: Global Product Development | H24: Global Product Development | I24: Customer Management | J24: BAU | K24: Infrastructure | L24: Open | M24: Post-CTI Approval | N24: hc79466;kc47081;km37089;km66166;mc99195;pk93615;sl70906;yl82682; | O24: 41504.976 | P24: 0 | Q24: 140.12854 | R24: 167.72583 | S24: ASPAC
A25: Matheswaran Ponnusamy | B25: CAP0030439 | C25: new | D25: raghubabu machavolu | E25: md10740 | F25: CTI | J25: BAU | K25: Storage Request - SAN | L25: Open | M25: Submitter Approval | N25: rm00297;md10740; | O25: 41485.122 | P25: 0 | Q25: 159.9822 | R25: 159.9822 | S25: ASPAC
A26: Udaya Gudimella | B26: CAP0030608 | C26: new | D26: baskaran pandurangan | E26: ss45123 | F26: GCG | G26: Asia Pacific | H26: Singapore | I26: Yohannan,Rajesh | J26: GCG-AP-GCMS DASD Increase | K26: Storage Request - SAN | L26: Open | M26: Submitter Approval | N26: bp33309;ss45123; | O26: 41493.079 | P26: 0 | Q26: 152.02544 | R26: 152.02544 | S26: ASPAC
A27: Pachaiyappan Bathirachalamoorthi | B27: CAP0032389 | C27: new | D27: William Jake C. Dabac | E27: wd16247 | F27: CTI | G27: CTI Global Data Center Services | H27: Data Center Operations | I27: Data Center Operations | J27: WS18908510 | K27: Storage Request - SAN | L27: Open | M27: Submitter Approval | N27: wd16247; | O27: 41597.218 | P27: 0 | Q27: 47.886343 | R27: 47.886343 | S27: ASPAC
A28: Kuppusamy Vellamadam Palavesam | B28: CAP0032875 | C28: new | D28: kuppusamy Vellamadam Palavesam | E28: kv34623 | F28: CTI | G28: CTI Global Data Center Services | H28: Data Center Operations | I28: Data Center Operations | J28: WS12319146- ICG-AP-TTS Resiliency setup | K28: AIX | L28: Open | M28: Pre-Design Approval | N28: bf36309;da20304;dg58174;nw05330;sk29560;sk72161; | O28: 41641.1 | P28: 1 | Q28: 4.0044097 | R28: 17.003519 | S28: ASPAC
A29: Nayab Vali | B29: CAP0030549 | C29: new | D29: nayab vali | E29: nv87369 | F29: CTO | G29: GFTS | H29: GFT Global Finance Technology | I29: GFT - Gangesar,Pathman | J29: BAU | K29: VMWare | L29: Open | M29: CTI Approval | N29: bw03051;ec04161;gm07616;kl24810;kn92290;ln51521;ra05079;rg18542;rg54081;rk72233;rm19957;rv56747;sh05124;st64438;vk63388; | O29: 41605.815 | P29: 1 | Q29: 39.289676 | R29: 154.24095 | S29: ASPAC
A30: Nayab Vali | B30: CAP0032278 | C30: new | D30: nayab vali | E30: nv87369 | F30: ICG_Tech | G30: ICG_Tech Citi Markets Technology | H30: ICG_Tech_CMT - Markets Operations | I30: GMT - Agarwal,Himanshu | J30: Japan Frontend apps Windows 2008 - UAT | K30: VMWare | L30: Open | M30: CTI Approval | N30: an43463;bw03051;ec04161;rk72233;vr73325;vw67949; | O30: 41643.227 | P30: 1 | Q30: 1.8772338 | R30: 55.187616 | S30: ASPAC
A31: Jesudoss Rajappa Jones Velanganni | B31: CAP0032594 | C31: new | D31: Jesudoss Rajappa Jones velanganni | E31: jj36600 | F31: CTI | G31: CTI Operations - Regional | H31: CTI Asia Pacific | I31: CTI Asia Pacific | J31: BAU | K31: Storage Request - NAS | L31: Open | M31: CTI Approval | N31: ae65874;ah74163;jn62051;ks14775;mp35609;mt06736;sy25911;ta19710; | O31: 41610.678 | P31: 3 | Q31: 34.426887 | R31: 35.164491 | S31: ASPAC
A32: Prashant Pate | B32: CAP0032932 | C32: new | D32: Prashant Pate | E32: pp08563 | F32: GCG | G32: Cross Function | H32: eBusiness (eBUS) | I32: Sebastian, Jose | J32: Windows 2008 OS upgrade - KTC | K32: VMWare | L32: Open | M32: Pre-Design Approval | N32: cc28703;jh90898;ke63942;rm50898;sp10283; | O32: 41635.1 | P32: 1 | Q32: 10.004167 | R32: 10.004167 | S32: ASPAC
A33: Andrew John Horgan | B33: CAP0028808 | C33: 0 | D33: william adair | E33: sd37642 | F33: ICG_Tech | G33: ICG_Tech Citi Markets Technology | H33: ICG_Tech_CMT - Equities & Equity Middle Office | I33: Global Equities - Smith,John | J33: APAC STI THOR GLOBAL ROLLOUT | K33: Infrastructure | L33: Open | M33: Post-CTI Approval | N33: bm58431; | O33: 41585.862 | P33: 0 | Q33: 59.24235 | R33: 244.45201 | S33: ASPAC
A34: David Berkes | B34: CAP0030937 | C34: new | D34: david berkes | E34: oa01082 | F34: ICG_Tech | G34: ICG_Tech Citi Markets Technology | H34: ICG_Tech_CMT - Equities & Equity Middle Office | I34: Global Equities - Uppuluri, Pk | J34: OMM HK Exchange PROD / UAT Expansion | K34: Cost Reduction | L34: Open | M34: Pre-Design Approval | N34: ds76190;fz92331;mk11536;mp96590;sw63477;tb60866; | O34: 41541.542 | P34: 1 | Q34: 103.56234 | R34: 131.222 | S34: ASPAC
A35: Andrew John Horgan | B35: CAP0031699 | C35: new | D35: dipon kumar rai | E35: sd37642 | F35: ICG_Tech | G35: ICG_Tech GTS Tech Treasury and Trade Services | H35: TTS - Statnick,Thomas | I35: TTS - Statnick,Thomas | J35: FTI (Funds Transfer Integration) | K35: VMWare | L35: Open | M35: CTI Approval | N35: bw03051;ec04161;rk72233;vw67949; | O35: 41582.693 | P35: 1 | Q35: 62.411123 | R35: 90.63794 | S35: ASPAC
A36: Kir Kip Lee | B36: CAP0032466 | C36: new | D36: kir kip lee | E36: kl29887 | F36: ICG_Tech | G36: ICG_Tech GTS Tech Treasury and Trade Services | H36: TTS - Fabian,Eduard | I36: TTS - Fabian,Eduard | J36: WS13260366 ICG-AP-Com Bank Portal | K36: Storage Request - SAN | L36: Open | M36: Post-CTI Approval | N36: ak47115;sk35901; | O36: 41605.941 | P36: 0 | Q36: 39.163924 | R36: 45.039086 | S36: ASPAC
A37: Kir Kip Lee | B37: CAP0032658 | C37: new | D37: kir kip lee | E37: kl29887 | F37: ICG_Tech | G37: ICG_Tech Private Bank - Personal Wealth Management | H37: GWM - Asia Technology | I37: GWM - Asia Technology | J37: WS17198640 ICG-SG/HK-CPB Tradelink | K37: No Servers - Memory/CPU Upgrade | L37: Open | M37: Pre-Design Approval | N37: ac33575;mo77554; | O37: 41618.264 | P37: 1 | Q37: 26.840116 | R37: 31.840799 | S37: ASPAC
A38: Vittal Muttatti | B38: CAP0032692 | C38: new | D38: Vittal Muttatti | E38: mv20974 | F38: ICG_Tech | G38: ICG_Tech Citi Markets Technology | H38: ICG_Tech_CMT - Equities & Equity Middle Office | I38: Global Equities - Uppuluri, Pk | J38: ICG-JP/HK-Equities Risk Servers Migration | K38: Infrastructure | L38: Open | M38: Final Business Signoff | N38: ds76190;tt82362; | O38: 41645.088 | P38: 0 | Q38: 0.016655093 | R38: 27.870903 | S38: ASPAC
A39: Kir Kip Lee | B39: CAP0032711 | C39: new | D39: kir kip lee | E39: kl29887 | F39: ICG_Tech | G39: ICG_Tech Private Bank - Personal Wealth Management | H39: GWM - Asia Technology | I39: GWM - Asia Technology | J39: WS17198640 ICG-SG/HK-CPB Tradelink | K39: Storage Request - SAN | L39: Open | M39: CTI Approval | N39: ac94164;jn62051;ks14775;md46033;pr72496;rb71989;rs81295;ss84555;sy25911;ta19710;vv58942; | O39: 41631.442 | P39: 3 | Q39: 13.662361 | R39: 26.935694 | S39: ASPAC
A40: Kir Kip Lee | B40: CAP0032715 | C40: new | D40: kir kip lee | E40: kl29887 | F40: ICG_Tech | G40: ICG_Tech GTS Tech Treasury and Trade Services | H40: TTS - Fabian,Eduard | I40: TTS - Fabian,Eduard | J40: WS15009752 ICG-AP-Flexcube V11 upgrade | K40: Storage Request - SAN | L40: Open | M40: P&L Approval | N40: ac33575;cc10261;tt82362; | O40: 41641.139 | P40: 0 | Q40: 3.9659144 | R40: 26.814294 | S40: ASPAC
A41: Kir Kip Lee | B41: CAP0032716 | C41: new | D41: kir kip lee | E41: kl29887 | F41: ICG_Tech | G41: ICG_Tech GTS Tech Treasury and Trade Services | H41: TTS - Fabian,Eduard | I41: TTS - Fabian,Eduard | J41: WS15009752 ICG-AP-Flexcube V11 upgrade | K41: AIX | L41: Open | M41: P&L Approval | N41: ac33575;cc10261;tt82362; | O41: 41641.139 | P41: 0 | Q41: 3.9651505 | R41: 26.787975 | S41: ASPAC
A42: Edmund Chua | B42: CAP0026680 | C42: 0 | D42: shaun boo yung khoo | E42: hs08372 | F42: CTI | G42: CTI Global Technology Operations | H42: Global Security Operations | I42: Information Assurance Services - IAS | J42: BAU | K42: Storage Request - SAN | L42: Open | M42: SA Approval | N42: rk72233; | O42: 41284.193 | P42: 1 | Q42: 360.91177 | R42: 360.93747 | S42: ASPAC
A43: Janakiraman Parthasarathy | B43: CAP0029971 | C43: new | D43: ajay c | E43: ac94684 | F43: CTI | G43: CTI Operations - Regional | H43: CTI Asia Pacific | I43: CTI Asia Pacific | J43: GTO-Global-Citi Enclave COE Setup(WS7169229) | K43: Storage Request - NAS | L43: Open | M43: Submitter Approval | N43: ac94684; | O43: 41458.082 | P43: 0 | Q43: 187.02274 | R43: 187.02274 | S43: ASPAC
A44: Jillian Christine Nuqui | B44: CAP0030472 | C44: new | D44: marco manicsic | E44: mm38166 | F44: CTI | G44: CTI Operations - Regional | H44: CTI Asia Pacific | I44: CTI Asia Pacific | J44: PH NAS volume creation request | K44: Storage Request - NAS | L44: Open | M44: Submitter Approval | N44: mm38166; | O44: 41486.151 | P44: 0 | Q44: 158.9535 | R44: 158.9535 | S44: ASPAC
A45: Janakiraman Parthasarathy | B45: CAP0032176 | C45: new | D45: richman acosta | E45: ra03964 | F45: CTI | G45: CTI Operations - Regional | H45: CTI Operations | I45: CTI - Global Technology Operations | J45: AP-GTO-Desktop Optimization Program | K45: Storage Request - NAS | L45: Open | M45: SA Approval | N45: am23237;cl95667;dy94851;ks11557;pj54588;ps80963;sb36584;sd49784;ys92302; | O45: 41582.942 | P45: 1 | Q45: 62.162153 | R45: 62.176551 | S45: ASPAC
A46: Marco Manicsic | B46: CAP0032704 | C46: new | D46: marco manicsic | E46: mm38166 | F46: CTI | G46: CTI Global Technology Operations | H46: Global Voice Operations | I46: Global Voice Operations | J46: WS13974517 GCG-PH-Citiphone CoB Setup | K46: Infrastructure | L46: Open | M46: CTI Approval | N46: rp67535;vi10863; | O46: 41644.999 | P46: 5 | Q46: 0.10596065 | R46: 27.234306 | S46: ASPAC
A47: Mahesh Mundhe | B47: CAP0032706 | C47: new | D47: luis sosa | E47: ra03964 | F47: CTI | G47: CTI Global Data Center Services | H47: Distributed Systems | I47: Middleware | J47: BMC Application and Middleware Automation | K47: VMWare | L47: Open | M47: CTI Approval | N47: an82445;ar55125;as64556;as78538;bm01674;bm35131;bw03051;cm85970;db11993;dr68847;ec04161;gg18915;gk22420;jt68680;ma55005;ma77488;mc64555;mk6455; | O47: 41620.502 | P47: 1 | Q47: 24.602118 | R47: 27.184444 | S47: ASPAC
A48: Balamurugan Marudhai | B48: CAP0032744 | C48: new | D48: luis sosa | E48: ra03964 | F48: CTI | G48: CTI Global Data Center Services | H48: Distributed Systems | I48: Middleware | J48: BMC App and Middleware Automation-NAS | K48: Storage Request - NAS | L48: Open | M48: SA Approval | N48: ac79862;as10698;as73076;bm19381;bm58431;bm72511;cr88488;gs12896;hs00000;jk77958;mg57831;ms93426;mv20974;pr35722;ps06581;ps21776;rr89353;sa12573;sa43442;sb69727;si95190;sj52191;ss16044;ss41724;st12574; | O48: 41625.381 | P48: 1 | Q48: 19.72316 | R48: 25.999039 | S48: ASPAC
A49: Ranjit Reddy Mandala | B49: CAP0032945 | C49: new | D49: ranjit reddy mandala | E49: mk08559 | F49: CTI | G49: CTI Global Technology Operations | H49: Global Unified Communications Operations | I49: Global Unified Communications Operations | J49: Microsoft Lync 2010 - ASPAC | K49: No Servers - Hard Drive Upgrade | L49: Open | M49: Submitter Approval | N49: rm92600;mk08559; | O49: 41641.121 | P49: 0 | Q49: 3.9830556 | R49: 3.9830556 | S49: ASPAC
A50: Manoharan Kandaswamy | B50: CAP0032946 | C50: new | D50: manoharan,kandaswamy | E50: mk08559 | F50: CTI | G50: CTI Global Technology Operations | H50: Global Unified Communications Operations | I50: Global Unified Communications Operations | J50: Microsoft Lync 2010 - ASPAC | K50: No Servers - Hard Drive Upgrade | L50: Open | M50: Submitter Approval | N50: mk08559; | O50: 41641.132 | P50: 0 | Q50: 3.9722685 | R50: 3.9722685 | S50: ASPAC
A51: Manoharan Kandaswamy | B51: CAP0032948 | C51: new | D51: manoharan,kandaswamy | E51: mk08559 | F51: CTI | G51: CTI Global Technology Operations | H51: Global Unified Communications Operations | I51: Global Unified Communications Operations | J51: Microsoft Lync 2010 - ASPAC | K51: Storage Request - SAN | L51: Open | M51: Pre-Design Approval | N51: bf36309;da20304;dg58174;nw05330;sk29560;sk72161; | O51: 41644.935 | P51: 1 | Q51: 0.16996528 | R51: 3.9252083 | S51: ASPAC
A52: Manoharan Kandaswamy | B52: CAP0032963 | C52: new | D52: Kandaswamy, Manoharan | E52: mk08559 | F52: CTI | G52: CTI Global Technology Operations | H52: Global Unified Communications Operations | I52: Global Unified Communications Operations | J52: Microsoft Lync 2010 - ASPAC | K52: Storage Request - SAN | L52: Open | M52: Submitter Approval | N52: mk08559; | O52: 41642.143 | P52: 0 | Q52: 2.9611921 | R52: 2.9611921 | S52: ASPAC
A53: Chaesan Im | B53: CAP0029668 | C53: new | D53: chaesan im | E53: ci95728 | F53: GCG | G53: Asia Pacific | H53: Korea, Republic of | I53: Lee,Gi Young | J53: CCKI EOL Server migration | K53: AIX | L53: Open | M53: Post-CTI Approval | O53: 41576.206 | P53: 0 | Q53: 68.898519 | R53: 202.98615 | S53: ASPAC
A54: Chaesan Im | B54: CAP0032947 | C54: new | D54: chaesan im | E54: ci95728 | F54: GCG | G54: Asia Pacific | H54: Korea, Republic of | I54: Lee,Gi Young | J54: Add the new frame | K54: AIX | L54: Open | M54: Submitter Approval | N54: ci95728; | O54: 41641.15 | P54: 0 | Q54: 3.9548495 | R54: 3.9548495 | S54: ASPAC
A55: Zulkiflee Zainal | B55: CAP0027813 | C55: 0 | D55: mohd faizal abdul ghani | E55: ma20639 | F55: CTI | G55: CTI Global Technology Operations | H55: Global Voice Operations | I55: Global Voice Operations | J55: ICG-MY-In Bound Call Center Setup | K55: Other (Describe Below) | L55: Open | M55: Submitter Approval | N55: ma20639; | O55: 41347.164 | P55: 0 | Q55: 297.94016 | R55: 297.94016 | S55: ASPAC
A56: David Miao | B56: CAP0027642 | C56: 0 | D56: weidong hong | E56: sh05124 | F56: CTI | G56: CTI CIBIS - Citi Investment Bank IS | H56: CTI CIBIS - Citi Investment Bank IS | I56: CTI CIBIS - Citi Investment Bank IS | J56: WS6952680 | K56: Storage Request - NAS | L56: Open | M56: Submitter Approval | N56: sh05124; | O56: 41339.178 | P56: 0 | Q56: 305.92652 | R56: 305.92652 | S56: ASPAC
A57: David Miao | B57: CAP0028002 | C57: 0 | D57: david miao | E57: dm95651 | F57: CTI | G57: CTI Operations - Regional | H57: CTI Asia Pacific | I57: CTI Asia Pacific | J57: China - BAU | K57: Storage Request - NAS | L57: Open | M57: Submitter Approval | N57: dm95651; | O57: 41355.092 | P57: 0 | Q57: 290.01237 | R57: 290.01237 | S57: ASPAC
A58: Zhangyi Li | B58: CAP0032416 | C58: new | D58: zhangyi li | E58: zl51549 | F58: GCG | G58: Asia Pacific | H58: China | I58: Dai,Yiping | J58: bau | K58: Storage Request - NAS | L58: Open | M58: Submitter Approval | N58: zl51549; | O58: 41597.87 | P58: 0 | Q58: 47.23419 | R58: 47.23419 | S58: ASPAC
A59: Siju Vellam Podichintavida | B59: CAP0026679 | C59: 0 | D59: kee loong simon yap | E59: ky51621 | F59: GCG | G59: Asia Pacific | H59: Asia Regional Technology | I59: Hari, Sridhar | J59: BAU | K59: Storage Request - SAN | L59: Open | M59: P&L Approval | N59: bd73630;db64267;em14403;kg06584;lk47738;mm44650; | O59: 41603.541 | P59: 0 | Q59: 41.563449 | R59: 361.13204 | S59: ASPAC
A60: Thomas Mathias | B60: CAP0026969 | C60: 0 | D60: thomas mathias | E60: tm81308 | F60: GCG | G60: EMEA | H60: Middle East Cluster | I60: Egypt - Ben Makhlouf, Slah | J60: BAU | K60: Storage Request - SAN | L60: Open | M60: Submitter Approval | N60: tm81308; | O60: 41302.101 | P60: 0 | Q60: 343.00311 | R60: 343.00311 | S60: ASPAC
A61: Angelie Quiapo | B61: CAP0027489 | C61: 0 | D61: Quiapo, Angelie Manansala [CCC-OT_IT] | E61: aq6651 | F61: CTI | G61: CTI Operations - Regional | H61: CTI Asia Pacific | I61: CTI Asia Pacific | J61: Provision On Demand-VPR3691 | K61: Storage Request - SAN | L61: Open | M61: Post-CTI Approval | N61: ak47115;sk35901; | O61: 41585.121 | P61: 0 | Q61: 59.983264 | R61: 313.93005 | S61: ASPAC
A62: Thomas Mathias | B62: CAP0027597 | C62: 0 | D62: thomas mathias | E62: tm81308 | F62: GCG | G62: Asia Pacific | H62: Singapore | I62: Ong,Kim Boon | J62: BAU | K62: Storage Request - SAN | L62: Open | M62: Submitter Approval | N62: tm81308; | O62: 41337.226 | P62: 0 | Q62: 307.87824 | R62: 307.87824 | S62: ASPAC
A63: Siju Vellam Podichintavida | B63: CAP0028673 | C63: 0 | D63: ka tak randy ho | E63: sv42004 | F63: GCG | G63: Cross Function | H63: CTO | I63: Mukundan, Bobby | J63: AML Japan Move Server | K63: Storage Request - SAN | L63: Open | M63: Submitter Approval | N63: kh92063;sv42004; | O63: 41393.192 | P63: 0 | Q63: 251.91273 | R63: 251.91273 | S63: ASPAC
A64: Thanigaimalai Gopal | B64: CAP0029591 | C64: 0 | D64: Karumapuram Natesan, Senthil Kumar | E64: tg23673 | F64: GCG | G64: EMEA | H64: Poland Cluster | I64: Poland - Cendrowicz, Marek | J64: BAU | K64: Storage Request - SAN | L64: Open | M64: Submitter Approval | N64: sk44126;tg23673; | O64: 41438.099 | P64: 0 | Q64: 207.00581 | R64: 207.00581 | S64: ASPAC
A65: Siju Vellam Podichintavida | B65: CAP0029688 | C65: 0 | D65: sivakumar ganesan | E65: sg10633 | F65: CTI | G65: CTI Operations - Regional | H65: CTI Asia Pacific | I65: CTI Asia Pacific | J65: BAU | K65: Storage Request - SAN | L65: Open | M65: SA Approval | N65: ak47115;ap52431;hg04219;ky38902;rf63383;sv68762; | O65: 41443.217 | P65: 1 | Q65: 201.88765 | R65: 201.89501 | S65: ASPAC
A66: Siju Vellam Podichintavida | B66: CAP0030018 | C66: new | D66: umesh sonwane | E66: us51691 | F66: ICG_Tech | G66: ICG_Tech ASPAC | H66: ASPAC - In-Country Tech - Chan, Ying Man | I66: ASPAC - CMT - Chan, Ying Man | J66: BAU | K66: Storage Request - SAN | L66: Hold | M66: Pre-Design Approval | N66: ds76190;fz92331;mp96590;sw63477;tb60866; | O66: 41460.243 | P66: 1 | Q66: 184.86186 | R66: 184.91017 | S66: ASPAC
A67: Praveen Kumar Prabhakaran | B67: CAP0030189 | C67: new | D67: ashish sawant | E67: as94691 | F67: ICG_Tech | G67: ICG_Tech Citi Markets Technology | H67: ICG_Tech_CMT - FX, LM, Global Data and CitiVelocity | J67: Regulatory Requirement - FlexPP Archival DB | K67: Storage Request - SAN | L67: Open | M67: Submitter Approval | N67: as94691; | O67: 41471.898 | P67: 0 | Q67: 173.20617 | R67: 173.20617 | S67: ASPAC
A68: Kuppusamy Vellamadam Palavesam | B68: CAP0031015 | C68: new | D68: sugubalan thangavel | E68: st46970 | F68: CTI | G68: CTI Operations - Regional | H68: CTI Asia Pacific | I68: CTI Asia Pacific | J68: GCG-AP-North Asia Rainbow COB Remediation Program | K68: AIX | L68: Open | M68: CTI Approval | N68: ac94164;jn62051;ks14775;md46033;pr72496;rb71989;rs81295;ss84555;sy25911;ta19710;vv58942; | O68: 41521.037 | P68: 5 | Q68: 124.06727 | R68: 125.99756 | S68: ASPAC
A69: Praveen Kumar Prabhakaran | B69: CAP0031630 | C69: new | D69: sivakumar ganesan | E69: sg10633 | F69: CTI | G69: CTI Global Data Center Services | H69: Data Center Operations | I69: Data Center Operations | J69: BAU | K69: AIX | L69: Open | M69: Post-CTI Approval | O69: 41561.099 | P69: 0 | Q69: 84.005995 | R69: 95.176655 | S69: ASPAC
A70: Kolangra Veettil Anup Kumar | B70: CAP0031739 | C70: new | D70: Venkata Subhadra Raju | E70: vp15209 | F70: ICG_Tech | G70: ICG_Tech Private Bank - Personal Wealth Management | H70: GWM - CPB EMEA Technology | I70: GWM - CPB EMEA | J70: CMS Memory Upgrade | K70: No Servers - Memory/CPU Upgrade | L70: Open | M70: SA Approval | N70: ac16888;ah74163;ak47115;ak92440;ap52431;br92748;bw99927;ds37585;kc37584;kt64405;pk01188;pn94609;pp32252;rb09400;sc71977;sg10633;sk51199;st64438;sv68762;vm24623; | O70: 41599.178 | P70: 1 | Q70: 45.926667 | R70: 88.741181 | S70: ASPAC
A71: Praveen Kumar Prabhakaran | B71: CAP0031895 | C71: new | D71: ashish sawant | E71: as94691 | F71: ICG_Tech | G71: ICG_Tech ASPAC | H71: ASPAC - CMT - Agarwal,Himanshu | I71: ASPAC- CMT - Agarwal,Himanshu | J71: Regulatory Requirement - Create FlexPPArchival DB | K71: Storage Request - SAN | L71: Open | M71: Post-CTI Approval | N71: ak47115;sk35901; | O71: 41641.969 | P71: 0 | Q71: 3.1359028 | R71: 79.866331 | S71: ASPAC
A72: Praveen Kumar Prabhakaran | B72: CAP0032150 | C72: new | D72: praveen | E72: pp32252 | F72: ICG_Tech | G72: ICG_Tech GTS Tech Treasury and Trade Services | H72: TTS - Statnick,Thomas | I72: TTS - Statnick,Thomas | J72: BAU | K72: Storage Request - SAN | L72: Open | M72: Post-CTI Approval | N72: ak47115;sk35901; | O72: 41591.07 | P72: 0 | Q72: 54.034838 | R72: 62.924491 | S72: ASPAC
A73: Kurian Yeldho | B73: CAP0032181 | C73: new | D73: Kannan Mariappan | E73: km53948 | F73: GCG | G73: Asia Pacific | H73: Citi Cards Japan | I73: Shinohara,Masayuki | J73: BAU | K73: Storage Request - SAN | L73: Open | M73: Submitter Approval | N73: km53948; | O73: 41583.049 | P73: 0 | Q73: 62.055208 | R73: 62.055208 | S73: ASPAC
A74: Thomas Mathias | B74: CAP0032280 | C74: new | D74: Franky Ronaldy | E74: fr34772 | F74: CTI | G74: CTI Global Data Center Services | H74: Data Center Operations | I74: Data Center Operations | J74: WS14063343 | K74: Storage Request - SAN | L74: Open | M74: Post-CTI Approval | N74: ak47115;sk35901; | O74: 41609.965 | P74: 0 | Q74: 35.139456 | R74: 54.968611 | S74: ASPAC
A75: Pachaiyappan Bathirachalamoorthi | B75: CAP0032297 | C75: new | D75: Franky Ronaldy | E75: fr34772 | F75: CTI | G75: CTI Global Data Center Services | H75: Data Center Operations | I75: Data Center Operations | J75: VPR4597 | K75: Storage Request - SAN | L75: Open | M75: Submitter Approval | N75: fr34772; | O75: 41591.2 | P75: 0 | Q75: 53.904988 | R75: 53.904988 | S75: ASPAC
A76: Siju Vellam Podichintavida | B76: CAP0032354 | C76: new | D76: Syed Ahamed | E76: ok00153 | F76: ICG_Tech | G76: ICG_Tech GTS Tech Treasury and Trade Services | H76: TTS - Fabian,Eduard | I76: TTS - Fabian,Eduard | J76: BAU | K76: Storage Request - SAN | L76: Open | M76: Submitter Approval | N76: ss99955;ok00153; | O76: 41593.121 | P76: 0 | Q76: 51.983275 | R76: 51.983275 | S76: ASPAC
A77: Siju Vellam Podichintavida | B77: CAP0032368 | C77: new | D77: William Jake C. Dabac | E77: wd16247 | F77: CTI | G77: CTI Global Data Center Services | H77: Data Center Operations | I77: Data Center Operations | J77: Brunei Sunset - WS18406287 | K77: Storage Request - SAN | L77: Open | M77: Post-CTI Approval | N77: ak47115;sk35901; | O77: 41624.138 | P77: 0 | Q77: 20.966644 | R77: 48.96331 | S77: ASPAC
A78: Siju Vellam Podichintavida | B78: CAP0032369 | C78: new | D78: septius-zeus belen | E78: sb48691 | F78: CTI | G78: CTI Global Data Center Services | H78: Data Center Operations | I78: Data Center Operations | J78: WS18908510 | K78: Storage Request - SAN | L78: Open | M78: Submitter Approval | N78: sb48691; | O78: 41596.142 | P78: 0 | Q78: 48.962604 | R78: 48.962604 | S78: ASPAC
A79: Venkateswara Rao Munagapati | B79: CAP0032819 | C79: new | D79: venkates | E79: vm24623 | F79: CTI | G79: CTI Operations - Regional | H79: CTI Asia Pacific | I79: CTI Asia Pacific | J79: Aperture correction to add saixu150 | K79: AIX | L79: Open | M79: Post-CTI Approval | N79: bm58431; | O79: 41644.965 | P79: 0 | Q79: 0.13909722 | R79: 20.012269 | S79: ASPAC
A80: Aneesh Varghese | B80: CAP0027038 | C80: 0 | D80: madhan kumar | E80: mk81769 | F80: CTI | G80: CTI Operations - Regional | H80: CTI Asia Pacific | I80: CTI Asia Pacific | J80: BAU | K80: Storage Request - SAN | L80: Open | M80: CTI Approval | N80: ac94164;jn62051;ks14775;md46033;pr72496;rb71989;rs81295;ss84555;sy25911;ta19710;vv58942; | O80: 41327.39 | P80: 3 | Q80: 317.71406 | R80: 339.83416 | S80: ASPAC
A81: Madhan Kumar | B81: CAP0027559 | C81: 0 | D81: balaji venkataswamy | E81: bv49784 | F81: CTI | G81: CTI Operations - Regional | H81: CTI Asia Pacific | I81: CTI Asia Pacific | J81: BAU | K81: Storage Request - SAN | L81: Open | M81: CTI Approval | N81: ac94164;jn62051;js45746;ks14775;md46033;pr72496;rb71989;rs81295;ss84555;sy25911;ta19710;vv58942; | O81: 41348.457 | P81: 3 | Q81: 296.64716 | R81: 310.95098 | S81: ASPAC
A82: Madhan Kumar | B82: CAP0028841 | C82: 0 | D82: balaji venkataswamy | E82: bv49784 | F82: CTI | G82: CTI Operations - Regional | H82: CTI Asia Pacific | I82: CTI Asia Pacific | J82: BAU | K82: Storage Request - SAN | L82: Open | M82: CTI Approval | N82: ac94164;jn62051;ks14775;md46033;pr72496;rb71989;rs81295;ss84555;sy25911;ta19710;vv58942; | O82: 41407.346 | P82: 3 | Q82: 237.759 | R82: 243.08957 | S82: ASPAC
A83: Madhan Kumar | B83: CAP0029539 | C83: 0 | D83: balaji venkataswamy | E83: bv49784 | F83: CTI | G83: CTI Operations - Regional | H83: CTI Asia Pacific | I83: CTI Asia Pacific | J83: BAU | K83: Storage Request - SAN | L83: Open | M83: Submitter Approval | N83: bv49784; | O83: 41437.043 | P83: 0 | Q83: 208.0615 | R83: 208.0615 | S83: ASPAC
A84: Madhan Kumar | B84: CAP0030967 | C84: new | D84: s kumar subramani | E84: ss91919 | F84: CTI | G84: CTI Operations - Regional | H84: CTI Asia Pacific | I84: CTI Asia Pacific | J84: ASPAC Oracle Database Migration & Upgrade | K84: Storage Request - SAN | L84: Open | M84: CTI Approval | N84: ac94164;jn62051;ks14775;md46033;pr72496;rb71989;rs81295;ss84555;sy25911;ta19710;vv58942; | O84: 41520.575 | P84: 3 | Q84: 124.52977 | R84: 129.7578 | S84: ASPAC
A85: Balakumar Murugan | B85: CAP0026727 | C85: 0 | D85: Murugan, Balakumar | E85: hs08372 | F85: CTI | G85: CTI Global Technology Operations | H85: Global Security Operations | I85: Information Assurance Services - IAS | J85: BAU | K85: Storage Request - SAN | L85: Open | M85: SA Approval | N85: at78423;bm35131;ds77286;ep55102;gg18915;mc53848;pp83002;sk01121;sk35901;ss81394; | O85: 41289.162 | P85: 1 | Q85: 355.94204 | R85: 356.91112 | S85: ASPAC
A86: Gowtham Ganesan | B86: CAP0027166 | C86: 0 | D86: gowtham ganesan | E86: gg18915 | F86: CTI | G86: CTI Operations - Regional | H86: CTI Asia Pacific | I86: CTI Asia Pacific | J86: FortiDB v4.4 migration | K86: Storage Request - NAS | L86: Open | M86: Submitter Approval | N86: gg18915; | O86: 41312.231 | P86: 0 | Q86: 332.87338 | R86: 332.87338 | S86: ASPAC
A87: Sugan Shankar | B87: CAP0029303 | C87: 0 | D87: Sugan Shankar | E87: ss81394 | F87: CTI | G87: CTI Global Technology Operations | H87: Global Security Operations | I87: Host & App Security Infrastructure - HASI | J87: APAC Collections Scorecard Development-CSIID151082 | K87: Storage Request - SAN | L87: Open | M87: CTI Approval | N87: ac94164;jn62051;ks14775;md46033;pr72496;rb71989;rs81295;ss84555;sy25911;ta19710;vv58942; | O87: 41431.715 | P87: 3 | Q87: 213.38936 | R87: 219.89057 | S87: ASPAC
A88: Jillian Christine Nuqui | B88: CAP0029582 | C88: 0 | D88: paul lauray | E88: pl84795 | F88: CTI | G88: CTI Global Technology Operations | H88: Global Security Operations | I88: Perimeter Security Operations - PSO | J88: Drive Space Request | K88: Storage Request - SAN | L88: Open | M88: Submitter Approval | N88: pl84795; | O88: 41437.91 | P88: 0 | Q88: 207.19444 | R88: 207.19444 | S88: ASPAC
A89: Gowtham Ganesan | B89: CAP0029998 | C89: new | D89: Gowtham Ganesan | E89: gg18915 | F89: CTI | G89: CTI Operations - Regional | H89: CTI Asia Pacific | I89: CTI Asia Pacific | J89: Arbor VM deployment - Storage request | K89: Storage Request - SAN | L89: Open | M89: Submitter Approval | N89: gg18915; | O89: 41458.898 | P89: 0 | Q89: 186.20674 | R89: 186.20674 | S89: ASPAC
A90: Sugan Shankar | B90: CAP0030284 | C90: new | D90: Sugan Shankar | E90: ss81394 | F90: CTI | G90: CTI Operations - Regional | H90: CTI Asia Pacific | I90: CTI Asia Pacific | J90: APPC TWS Team - BAU ~ ICAP # : 543986 | K90: Storage Request - SAN | L90: Open | M90: Post-CTI Approval | N90: ak47115;ok18455; | O90: 41479.218 | P90: 0 | Q90: 165.88698 | R90: 167.91823 | S90: ASPAC
A91: Gowtham Ganesan | B91: CAP0031052 | C91: new | D91: Gowtham Ganesan | E91: gg18915 | F91: CTI | G91: CTI Operations - Regional | H91: CTI Asia Pacific | I91: CTI Asia Pacific | J91: BAU - slixau29 | K91: Storage Request - SAN | L91: Open | M91: CTI Approval | N91: ac94164;jn62051;ks14775;md46033;pr72496;rb71989;rs81295;ss84555;sy25911;ta19710;vv58942; | O91: 41522.683 | P91: 3 | Q91: 122.4215 | R91: 124.13521 | S91: ASPAC
A92: Kolangra Veettil Anup Kumar | B92: CAP0031254 | C92: new | D92: dawei zhao | E92: gs98772 | F92: GCG | G92: Asia Pacific | H92: Asia Regional Technology | I92: Hari, Sridhar | J92: BAU UAT | K92: Storage Request - SAN | L92: Open | M92: P&L Approval | N92: bd73630;db64267;em14403;kg06584;lk47738;mm44650; | O92: 41603.573 | P92: 0 | Q92: 41.531586 | R92: 112.09446 | S92: ASPAC
A93: Mohamed Saleem | B93: CAP0031270 | C93: new | D93: mohamed saleem | E93: ms73098 | F93: ICG_Tech | G93: ICG_Tech Private Bank - Personal Wealth Management | H93: GWM - Asia Technology | I93: GWM - Asia Technology | J93: BAU | K93: Infrastructure | L93: Open | M93: Post-CTI Approval | N93: bm58431; | O93: 41644.968 | P93: 0 | Q93: 0.13611111 | R93: 111.17547 | S93: ASPAC
A94: Mohamed Saleem | B94: CAP0031271 | C94: new | D94: mohamed saleem | E94: ms73098 | F94: ICG_Tech | G94: ICG_Tech Private Bank - Personal Wealth Management | H94: GWM - Asia Technology | I94: GWM - Asia Technology | J94: BAU | K94: Infrastructure | L94: Open | M94: Post-CTI Approval | N94: bm58431; | O94: 41644.968 | P94: 0 | Q94: 0.13697917 | R94: 111.13756 | S94: ASPAC
A95: Gowtham Ganesan | B95: CAP0031612 | C95: new | D95: atanas bogdanovski | E95: yq50476 | F95: CTI | G95: CTI Global Data Center Services | H95: Enterprise Systems | I95: Enterprise Systems | J95: Nastel MQ monitoring ASPAC distributed | K95: AIX | L95: Open | M95: Post-CTI Approval | O95: 41577.837 | P95: 0 | Q95: 67.267292 | R95: 95.743322 | S95: ASPAC
A96: Gowtham Ganesan | B96: CAP0031981 | C96: new | D96: vijaya srinivas boddu | E96: gg18915 | F96: CTO | G96: GFTS | H96: CTS Compliance Technology Services | I96: CTS - Goh,Sok Kim | J96: APAC GCG ARS Analysis | K96: Infrastructure | L96: Open | M96: CTI Approval | N96: hc79466;kc47081;km37089;km66166;mc99195;pk93615;yl82682; | O96: 41597.141 | P96: 5 | Q96: 47.963657 | R96: 74.130058 | S96: ASPAC
A97: Gowtham Ganesan | B97: CAP0031990 | C97: new | D97: gowtham ganesan | E97: gg18915 | F97: CTO | G97: GFTS | H97: CTS Compliance Technology Services | I97: CTS - Goh,Sok Kim | J97: saixdbu310 - Storage | K97: Storage Request - SAN | L97: Open | M97: Final Business Signoff | N97: gp73160;jl18761;np52172;ra96307;vk83521; | O97: 41618.099 | P97: 0 | Q97: 27.005417 | R97: 73.881678 | S97: ASPAC
A98: Sugan Shankar | B98: CAP0032012 | C98: new | D98: Sugan Shankar | E98: ss81394 | F98: GCG | G98: Asia Pacific | H98: China | I98: Dai,Yiping | J98: WS18927314 - China Local Bureau Checking System | K98: Storage Request - SAN | L98: Open | M98: Submitter Approval | N98: ss81394; | O98: 41572.308 | P98: 0 | Q98: 72.79647 | R98: 72.79647 | S98: ASPAC
A99: Vallinayakam Kamaleswaran | B99: CAP0032184 | C99: new | D99: Kamaleswaran Vallinayakam | E99: vk63388 | F99: CTO | G99: GFTS | H99: CTS Compliance Technology Services | I99: CTS - Goh,Sok Kim | J99: BAU UAT | K99: Storage Request - SAN | L99: Open | M99: CTI Approval | N99: ac94164;jn62051;ks14775;md46033;pr72496;rb71989;rs81295;ss84555;sy25911;ta19710;vv58942; | O99: 41617.479 | P99: 3 | Q99: 27.625394 | R99: 61.971435 | S99: ASPAC
A100: Balakumar Murugan | B100: CAP0032420 | C100: new | D100: Balakumar | E100: bm35131 | F100: CTI | G100: CTI Global Data Center Services | H100: Storage & Backup | I100: Storage & Backup | J100: AP-GTO-Desktop Optimization Program | K100: Infrastructure | L100: Open | M100: Post-CTI Approval | N100: bm58431; | O100: 41630.857 | P100: 0 | Q100: 14.247245 | R100: 47.103322 | S100: ASPAC
...

Sheet 070114
A1: SA Name | B1: Capacity ID | D1: Requestor | E1: Submitter | F1: Business Sector | G1: Business Group | H1: Business Line | I1: Business | J1: Project Name | K1: Type of Request | L1: Status | M1: Current Phase | N1: In Queue of | O1: Inque Start Time | P1: SLA Days | Q1: Time in Queue | R1: Overall Request Time | S1: Region
A2: Richman Acosta | B2: CAP0029059 | C2: 0 | D2: Jaymark Cruz | E2: jc70945 | F2: CTI | G2: CTI Global Technology Operations | H2: Global Voice Operations | I2: Global Voice Operations | J2: Drive Space Request | K2: Storage Request - NAS | L2: Open | M2: Submitter Approval | N2: jc70945; | O2: 41411.122 | P2: 0 | Q2: 234.9819 | R2: 234.9819 | S2: ASPAC
A3: Kenneth Lam | B3: CAP0030803 | C3: new | D3: Hansen Mah | E3: hm07942 | F3: CTI | G3: CTI IT Service Assurance | H3: CTI IT Service Assurance | I3: CTI IT Service Assurance | J3: N/A | K3: Storage Request - NAS | L3: Open | M3: SA Approval | N3: jc18965;kl98701;vd95952; | O3: 41507.192 | P3: 1 | Q3: 138.91271 | R3: 138.93159 | S3: ASPAC
A4: Victor Inocentes | B4: CAP0032269 | C4: new | D4: victor inocentes | E4: vi10863 | F4: CTI | G4: CTI Operations - Regional | H4: CTI Asia Pacific | I4: CTI Asia Pacific | J4: NAS Storage - BAU | K4: Storage Request - NAS | L4: Open | M4: Submitter Approval | N4: vi10863; | O4: 41589.139 | P4: 0 | Q4: 56.965845 | R4: 56.965845 | S4: ASPAC
A5: Janakiraman Parthasarathy | B5: CAP0032767 | C5: new | D5: Hansen Mah | E5: hm07942 | F5: CTI | G5: CTI IT Service Assurance | H5: CTI IT Service Assurance | I5: CTI IT Service Assurance | J5: desktop optimization | K5: Storage Request - NAS | L5: Open | M5: CTI Approval | N5: ae65874;ah74163;jn62051;ks14775;mp35609;mt06736;sy25911;ta19710;up44123; | O5: 41624.718 | P5: 3 | Q5: 21.385938 | R5: 26.20044 | S5: ASPAC
A6: Kam Bong So | B6: CAP0032124 | C6: new | D6: Sudhakar Lingamneni | E6: sl18564 | F6: ICG_Tech | G6: ICG_Tech Citi Markets Technology | H6: ICG_Tech_CMT - Equities & Equity Middle Office | I6: Global Equities - Dadlani, Sundeep | J6: BAU | K6: Storage Request - NAS | L6: Open | M6: Submitter Approval | N6: sl18564; | O6: 41579.001 | P6: 0 | Q6: 67.103333 | R6: 67.103333 | S6: ASPAC
A7: Kam Bong So | B7: CAP0032384 | C7: new | D7: kam bong so | E7: ks24484 | F7: ICG_Tech | G7: ICG_Tech Citi Markets Technology | H7: ICG_Tech_CMT - Equities & Equity Middle Office | I7: ASPAC - EQ - Lingard, Richard | J7: WS19318572 | K7: Storage Request - SAN | L7: Open | M7: Pre-Design Approval | N7: ds76190;fz92331;mp96590;sw63477;tb60866; | O7: 41603.207 | P7: 1 | Q7: 42.897002 | R7: 49.20728 | S7: ASPAC
A8: Connie Kwok | B8: CAP0032742 | C8: new | D8: zhen pan | E8: sp59305 | F8: ICG_Tech | G8: ICG_Tech Market Data Services | H8: MDS - Ekong,Victor | I8: MDS - Ekong,Victor | J8: WS7422496 GDC-AP-RHEL OS EOL Upgrade | K8: Infrastructure | L8: Open | M8: CTI Approval | N8: jw18696; | O8: 41627.85 | P8: 5 | Q8: 18.253981 | R8: 27.064942 | S8: ASPAC
A9: Connie Kwok | B9: CAP0032749 | C9: new | D9: zhen pan | E9: sp59305 | F9: ICG_Tech | G9: ICG_Tech Market Data Services | H9: MDS - Ekong,Victor | I9: MDS - Ekong,Victor | J9: WS7422496 GDC-AP-RHEL OS EOL Upgrade | K9: Infrastructure | L9: Open | M9: Post-CTI Approval | N9: bm58431; | O9: 41641.206 | P9: 0 | Q9: 4.8986343 | R9: 26.884676 | S9: ASPAC
A10: Connie Kwok | B10: CAP0032911 | C10: new | D10: connie kwok | E10: ck12002 | F10: ICG_Tech | G10: ICG_Tech Citi Markets Technology | H10: ICG_Tech_CMT - Equities & Equity Middle Office | I10: ASPAC - EQ - Lingard, Richard | J10: AP COMET | K10: Storage Request - SAN | L10: Open | M10: Pre-Design Approval | N10: ds76190;fz92331;mp96590;sw63477;tb60866; | O10: 41631.913 | P10: 1 | Q10: 14.191424 | R10: 14.202975 | S10: ASPAC
A11: Kam Bong So | B11: CAP0032936 | C11: new | D11: connie kwok | E11: ck12002 | F11: ICG_Tech | G11: ICG_Tech Citi Markets Technology | H11: ICG_Tech_CMT - Equities & Equity Middle Office | I11: ASPAC - EQ - Lingard, Richard | J11: BAU | K11: Storage Request - SAN | L11: Open | M11: Pre-Design Approval | N11: ds76190;fz92331;mp96590;sw63477;tb60866; | O11: 41637.918 | P11: 1 | Q11: 8.1864931 | R11: 8.2065162 | S11: ASPAC
A12: Ramesh Shunmugavelu | B12: CAP0032298 | C12: new | D12: shunmugavelu ramesh | E12: mg06092 | F12: ICG_Tech | G12: ICG_Tech ASPAC | H12: ASPAC - In-Country Tech - Chan, Ying Man | I12: ASPAC - CMT - Chan, Ying Man | J12: CTI Virtualization | K12: VMWare | L12: Open | M12: CSI Application Approval | N12: CSI->App Manager | O12: 41599.393 | P12: 0 | Q12: 46.71147 | R12: 54.868067 | S12: ASPAC
A13: Thanoj Krishnan | B13: CAP0032353 | C13: new | D13: james alfieri | E13: tk26563 | F13: ICG_Tech | G13: ICG_Tech Citi Markets Technology | H13: ICG_Tech_CMT - FX, LM, Global Data and CitiVelocity | I13: GMT - FXLM_Derivatives | J13: Global-GDC-Tech Room Initiative | K13: Infrastructure | L13: Open | M13: Post-CTI Approval | N13: ac94164; | O13: 41602.993 | P13: 0 | Q13: 43.111863 | R13: 52.998646 | S13: ASPAC
A14: Thanoj Krishnan | B14: CAP0032807 | C14: new | D14: neeru miglani | E14: tk26563 | F14: ICG_Tech | G14: ICG_Tech Citi Markets Technology | H14: ICG_Tech_CMT - Equities & Equity Middle Office | I14: ASPAC - EQ - Lingard, Richard | J14: VPR10268 AP-ICG-Solaris/Sybase EOL Migration | K14: Infrastructure | L14: Open | M14: VDR Approval | N14: bm72511;ca61428;de93703;;kc57616;mm69256;rg24048; | O14: 41628.291 | P14: 0 | Q14: 17.813704 | R14: 21.706979 | S14: ASPAC
A15: Ronald Lagrisola | B15: CAP0028599 | C15: 0 | D15: Ronald lagrisola | E15: rl60197 | F15: CTI | G15: CTI Operations - Regional | H15: CTI Operations | I15: CTI - Global Technology Operations | J15: CC-SG-Changi Restack Program | K15: Equipment Relocation | L15: Open | M15: SA Approval | N15: kc88195; | O15: 41389.206 | P15: 1 | Q15: 256.89848 | R15: 256.96955 | S15: ASPAC
A16: Jakub Szymanski | B16: CAP0032234 | C16: new | D16: kamalakaran b t | E16: bk67816 | F16: CTI | G16: CTI Operations - Regional | H16: CTI Asia Pacific | I16: CTI Asia Pacific | J16: CSIL CUCM Cluster | K16: Infrastructure | L16: Open | M16: SA Approval | N16: jj56755;js38148;kz98667;mg14463;pg97278;ws74280; | O16: 41603.342 | P16: 1 | Q16: 42.762153 | R16: 60.877465 | S16: ASPAC
A17: Gary Evans | B17: CAP0031073 | C17: new | D17: John Porter | E17: jp88510 | F17: CTI | G17: CTI Global Data Center Services | H17: Storage & Backup | I17: Storage & Backup | J17: GTO GUCO PST INGESTION | K17: Storage Request - SAN | L17: Open | M17: Submitter Approval | N17: jp88510; | O17: 41521.559 | P17: 0 | Q17: 124.54532 | R17: 124.54532 | S17: ASPAC
A18: Thomas Mathias | B18: CAP0027065 | C18: 0 | D18: thomas mathias | E18: tm81308 | F18: GCG | G18: Asia Pacific | H18: Singapore | I18: Ong,Kim Boon | J18: BAU | K18: Storage Request - SAN | L18: Open | M18: Submitter Approval | N18: tm81308; | O18: 41306.069 | P18: 0 | Q18: 340.03495 | R18: 340.03495 | S18: ASPAC
A19: Sreelal Kunnummal Sreedharan | B19: CAP0027460 | C19: 0 | D19: sreelal kunnummal sreedharan | E19: sk78401 | F19: GCG | G19: Asia Pacific | H19: India | I19: Moorthy,Sandesh Krishna | J19: DMIS- VPR15816 | K19: Storage Request - SAN | L19: Open | M19: Submitter Approval | N19: sk78401; | O19: 41330.062 | P19: 0 | Q19: 316.04258 | R19: 316.04258 | S19: ASPAC
A20: Deepan Chakkaravarthi | B20: CAP0027517 | C20: 0 | D20: Deepan | E20: dc58786 | F20: GCG | G20: Asia Pacific | H20: Korea, Republic of | I20: Lee,Gi Young | J20: WS9980079 GCG-AP-Global Tablet Implementation | K20: Storage Request - SAN | L20: Open | M20: Submitter Approval | N20: dc58786; | O20: 41331.97 | P20: 0 | Q20: 314.13421 | R20: 314.13421 | S20: ASPAC
A21: Deepan Chakkaravarthi | B21: CAP0027518 | C21: 0 | D21: Deepan | E21: dc58786 | F21: GCG | G21: Asia Pacific | H21: Global Consumer Bank, Japan | I21: Global Consumer Bank, Japan | J21: VPR9302 - JP-CC-SHARED DOCUMENTUM ENV MIGRATION | K21: Storage Request - SAN | L21: Open | M21: Submitter Approval | N21: dc58786; | O21: 41332.077 | P21: 0 | Q21: 314.02785 | R21: 314.02785 | S21: ASPAC
A22: Pachaiyappan Bathirachalamoorthi | B22: CAP0029869 | C22: new | D22: Franky Ronaldy | E22: fr34772 | F22: CTI | G22: CTI Global Data Center Services | H22: Data Center Operations | I22: Data Center Operations | J22: BAU | K22: Storage Request - SAN | L22: Open | M22: Submitter Approval | N22: fr34772; | O22: 41451.108 | P22: 0 | Q22: 194.99617 | R22: 194.99617 | S22: ASPAC
A23: Udaya Gudimella | B23: CAP0029905 | C23: new | D23: vikram thomas rajan | E23: vt12449 | F23: GCG | G23: Asia Pacific | H23: Asia Regional Technology | I23: Deleted, DevCancelled, Rejected, and Retired Applications (Asia Pacific) | J23: Regional 3D Secure | K23: Storage Request - SAN | L23: Open | M23: Submitter Approval | N23: vt12449; | O23: 41453.08 | P23: 0 | Q23: 193.02476 | R23: 193.02476 | S23: ASPAC
A24: Matheswaran Ponnusamy | B24: CAP0030289 | C24: new | D24: matheswaran ponnusamy | E24: mp59890 | F24: GCG | G24: Global Product Development | H24: Global Product Development | I24: Customer Management | J24: BAU | K24: Infrastructure | L24: Open | M24: Post-CTI Approval | N24: hc79466;kc47081;km37089;km66166;mc99195;pk93615;sl70906;yl82682; | O24: 41504.976 | P24: 0 | Q24: 141.12839 | R24: 168.72568 | S24: ASPAC
A25: Matheswaran Ponnusamy | B25: CAP0030439 | C25: new | D25: raghubabu machavolu | E25: md10740 | F25: CTI | J25: BAU | K25: Storage Request - SAN | L25: Open | M25: Submitter Approval | N25: rm00297;md10740; | O25: 41485.122 | P25: 0 | Q25: 160.98205 | R25: 160.98205 | S25: ASPAC
A26: Udaya Gudimella | B26: CAP0030608 | C26: new | D26: baskaran pandurangan | E26: ss45123 | F26: GCG | G26: Asia Pacific | H26: Singapore | I26: Yohannan,Rajesh | J26: GCG-AP-GCMS DASD Increase | K26: Storage Request - SAN | L26: Open | M26: Submitter Approval | N26: bp33309;ss45123; | O26: 41493.079 | P26: 0 | Q26: 153.02529 | R26: 153.02529 | S26: ASPAC
A27: Pachaiyappan Bathirachalamoorthi | B27: CAP0032389 | C27: new | D27: William Jake C. Dabac | E27: wd16247 | F27: CTI | G27: CTI Global Data Center Services | H27: Data Center Operations | I27: Data Center Operations | J27: WS18908510 | K27: Storage Request - SAN | L27: Open | M27: Submitter Approval | N27: wd16247; | O27: 41597.218 | P27: 0 | Q27: 48.886192 | R27: 48.886192 | S27: ASPAC
A28: Kuppusamy Vellamadam Palavesam | B28: CAP0032875 | C28: new | D28: kuppusamy Vellamadam Palavesam | E28: kv34623 | F28: CTI | G28: CTI Global Data Center Services | H28: Data Center Operations | I28: Data Center Operations | J28: WS12319146- ICG-AP-TTS Resiliency setup | K28: AIX | L28: Open | M28: CTI Approval | N28: hc79466;kc47081;km37089;km66166;mc99195;pk93615;yl82682; | O28: 41645.962 | P28: 5 | Q28: 0.14239583 | R28: 18.003368 | S28: ASPAC
A29: Nayab Vali | B29: CAP0030549 | C29: new | D29: nayab vali | E29: nv87369 | F29: CTO | G29: GFTS | H29: GFT Global Finance Technology | I29: GFT - Gangesar,Pathman | J29: BAU | K29: VMWare | L29: Open | M29: CTI Approval | N29: bw03051;ec04161;gm07616;kl24810;kn92290;ln51521;ra05079;rg18542;rg54081;rk72233;rm19957;rv56747;sh05124;st64438;vk63388; | O29: 41605.815 | P29: 1 | Q29: 40.289525 | R29: 155.2408 | S29: ASPAC
A30: Nayab Vali | B30: CAP0032278 | C30: new | D30: nayab vali | E30: nv87369 | F30: ICG_Tech | G30: ICG_Tech Citi Markets Technology | H30: ICG_Tech_CMT - Markets Operations | I30: GMT - Agarwal,Himanshu | J30: Japan Frontend apps Windows 2008 - UAT | K30: VMWare | L30: Open | M30: CTI Approval | N30: an43463;bw03051;ec04161;rk72233;vr73325;vw67949; | O30: 41643.227 | P30: 1 | Q30: 2.8770833 | R30: 56.187465 | S30: ASPAC
A31: Jesudoss Rajappa Jones Velanganni | B31: CAP0032594 | C31: new | D31: Jesudoss Rajappa Jones velanganni | E31: jj36600 | F31: CTI | G31: CTI Operations - Regional | H31: CTI Asia Pacific | I31: CTI Asia Pacific | J31: BAU | K31: Storage Request - NAS | L31: Open | M31: CTI Approval | N31: ae65874;ah74163;jn62051;ks14775;mp35609;mt06736;sy25911;ta19710; | O31: 41610.678 | P31: 3 | Q31: 35.426736 | R31: 36.16434 | S31: ASPAC
A32: Prashant Pate | B32: CAP0032932 | C32: new | D32: Prashant Pate | E32: pp08563 | F32: GCG | G32: Cross Function | H32: eBusiness (eBUS) | I32: Sebastian, Jose | J32: Windows 2008 OS upgrade - KTC | K32: VMWare | L32: Open | M32: Pre-Design Approval | N32: cc28703;jh90898;ke63942;rm50898;sp10283; | O32: 41635.1 | P32: 1 | Q32: 11.004016 | R32: 11.004016 | S32: ASPAC
A33: Andrew John Horgan | B33: CAP0028808 | C33: 0 | D33: william adair | E33: sd37642 | F33: ICG_Tech | G33: ICG_Tech Citi Markets Technology | H33: ICG_Tech_CMT - Equities & Equity Middle Office | I33: Global Equities - Smith,John | J33: APAC STI THOR GLOBAL ROLLOUT | K33: Infrastructure | L33: Open | M33: Post-CTI Approval | N33: bm58431; | O33: 41585.862 | P33: 0 | Q33: 60.242199 | R33: 245.45186 | S33: ASPAC
A34: David Berkes | B34: CAP0030937 | C34: new | D34: david berkes | E34: oa01082 | F34: ICG_Tech | G34: ICG_Tech Citi Markets Technology | H34: ICG_Tech_CMT - Equities & Equity Middle Office | I34: Global Equities - Uppuluri, Pk | J34: OMM HK Exchange PROD / UAT Expansion | K34: Cost Reduction | L34: Open | M34: Pre-Design Approval | N34: ds76190;fz92331;mk11536;mp96590;sw63477;tb60866; | O34: 41541.542 | P34: 1 | Q34: 104.56219 | R34: 132.22185 | S34: ASPAC
A35: Andrew John Horgan | B35: CAP0031699 | C35: new | D35: dipon kumar rai | E35: sd37642 | F35: ICG_Tech | G35: ICG_Tech GTS Tech Treasury and Trade Services | H35: TTS - Statnick,Thomas | I35: TTS - Statnick,Thomas | J35: FTI (Funds Transfer Integration) | K35: VMWare | L35: Open | M35: CTI Approval | N35: bw03051;ec04161;rk72233;vw67949; | O35: 41582.693 | P35: 1 | Q35: 63.410972 | R35: 91.637789 | S35: ASPAC
A36: Kir Kip Lee | B36: CAP0032466 | C36: new | D36: kir kip lee | E36: kl29887 | F36: ICG_Tech | G36: ICG_Tech GTS Tech Treasury and Trade Services | H36: TTS - Fabian,Eduard | I36: TTS - Fabian,Eduard | J36: WS13260366 ICG-AP-Com Bank Portal | K36: Storage Request - SAN | L36: Open | M36: Post-CTI Approval | N36: ak47115;sk35901; | O36: 41605.941 | P36: 0 | Q36: 40.163773 | R36: 46.038935 | S36: ASPAC
A37: Kir Kip Lee | B37: CAP0032658 | C37: new | D37: kir kip lee | E37: kl29887 | F37: ICG_Tech | G37: ICG_Tech Private Bank - Personal Wealth Management | H37: GWM - Asia Technology | I37: GWM - Asia Technology | J37: WS17198640 ICG-SG/HK-CPB Tradelink | K37: No Servers - Memory/CPU Upgrade | L37: Open | M37: Pre-Design Approval | N37: ac33575;mo77554; | O37: 41618.264 | P37: 1 | Q37: 27.839965 | R37: 32.840648 | S37: ASPAC
A38: Vittal Muttatti | B38: CAP0032692 | C38: new | D38: Vittal Muttatti | E38: mv20974 | F38: ICG_Tech | G38: ICG_Tech Citi Markets Technology | H38: ICG_Tech_CMT - Equities & Equity Middle Office | I38: Global Equities - Uppuluri, Pk | J38: ICG-JP/HK-Equities Risk Servers Migration | K38: Infrastructure | L38: Open | M38: Final Business Signoff | N38: ds76190;tt82362; | O38: 41645.088 | P38: 0 | Q38: 1.0165046 | R38: 28.870752 | S38: ASPAC
A39: Kir Kip Lee | B39: CAP0032711 | C39: new | D39: kir kip lee | E39: kl29887 | F39: ICG_Tech | G39: ICG_Tech Private Bank - Personal Wealth Management | H39: GWM - Asia Technology | I39: GWM - Asia Technology | J39: WS17198640 ICG-SG/HK-CPB Tradelink | K39: Storage Request - SAN | L39: Open | M39: CTI Approval | N39: ac94164;jn62051;ks14775;md46033;pr72496;rb71989;rs81295;ss84555;sy25911;ta19710;vv58942; | O39: 41631.442 | P39: 3 | Q39: 14.662211 | R39: 27.935544 | S39: ASPAC
A40: Kir Kip Lee | B40: CAP0032715 | C40: new | D40: kir kip lee | E40: kl29887 | F40: ICG_Tech | G40: ICG_Tech GTS Tech Treasury and Trade Services | H40: TTS - Fabian,Eduard | I40: TTS - Fabian,Eduard | J40: WS15009752 ICG-AP-Flexcube V11 upgrade | K40: Storage Request - SAN | L40: Open | M40: P&L Approval | N40: ac33575;cc10261;tt82362; | O40: 41641.139 | P40: 0 | Q40: 4.9657639 | R40: 27.814144 | S40: ASPAC
A41: Kir Kip Lee | B41: CAP0032716 | C41: new | D41: kir kip lee | E41: kl29887 | F41: ICG_Tech | G41: ICG_Tech GTS Tech Treasury and Trade Services | H41: TTS - Fabian,Eduard | I41: TTS - Fabian,Eduard | J41: WS15009752 ICG-AP-Flexcube V11 upgrade | K41: AIX | L41: Open | M41: P&L Approval | N41: ac33575;cc10261;tt82362; | O41: 41641.139 | P41: 0 | Q41: 4.965 | R41: 27.787824 | S41: ASPAC
A42: Edmund Chua | B42: CAP0026680 | C42: 0 | D42: shaun boo yung khoo | E42: hs08372 | F42: CTI | G42: CTI Global Technology Operations | H42: Global Security Operations | I42: Information Assurance Services - IAS | J42: BAU | K42: Storage Request - SAN | L42: Open | M42: SA Approval | N42: rk72233; | O42: 41284.193 | P42: 1 | Q42: 361.91162 | R42: 361.93731 | S42: ASPAC
A43: Janakiraman Parthasarathy | B43: CAP0029971 | C43: new | D43: ajay c | E43: ac94684 | F43: CTI | G43: CTI Operations - Regional | H43: CTI Asia Pacific | I43: CTI Asia Pacific | J43: GTO-Global-Citi Enclave COE Setup(WS7169229) | K43: Storage Request - NAS | L43: Open | M43: Submitter Approval | N43: ac94684; | O43: 41458.082 | P43: 0 | Q43: 188.02259 | R43: 188.02259 | S43: ASPAC
A44: Jillian Christine Nuqui | B44: CAP0030472 | C44: new | D44: marco manicsic | E44: mm38166 | F44: CTI | G44: CTI Operations - Regional | H44: CTI Asia Pacific | I44: CTI Asia Pacific | J44: PH NAS volume creation request | K44: Storage Request - NAS | L44: Open | M44: Submitter Approval | N44: mm38166; | O44: 41486.151 | P44: 0 | Q44: 159.95334 | R44: 159.95334 | S44: ASPAC
A45: Janakiraman Parthasarathy | B45: CAP0032176 | C45: new | D45: richman acosta | E45: ra03964 | F45: CTI | G45: CTI Operations - Regional | H45: CTI Operations | I45: CTI - Global Technology Operations | J45: AP-GTO-Desktop Optimization Program | K45: Storage Request - NAS | L45: Open | M45: SA Approval | N45: am23237;cl95667;dy94851;ks11557;pj54588;ps80963;sb36584;sd49784;ys92302; | O45: 41582.942 | P45: 1 | Q45: 63.162002 | R45: 63.1764 | S45: ASPAC
A46: Marco Manicsic | B46: CAP0032704 | C46: new | D46: marco manicsic | E46: mm38166 | F46: CTI | G46: CTI Global Technology Operations | H46: Global Voice Operations | I46: Global Voice Operations | J46: WS13974517 GCG-PH-Citiphone CoB Setup | K46: Infrastructure | L46: Open | M46: Post-CTI Approval | N46: bm58431; | O46: 41645.869 | P46: 0 | Q46: 0.23528935 | R46: 28.234155 | S46: ASPAC
A47: Mahesh Mundhe | B47: CAP0032706 | C47: new | D47: luis sosa | E47: ra03964 | F47: CTI | G47: CTI Global Data Center Services | H47: Distributed Systems | I47: Middleware | J47: BMC Application and Middleware Automation | K47: VMWare | L47: Open | M47: CTI Approval | N47: an82445;ar55125;as64556;as78538;bm01674;bm35131;bw03051;cm85970;db11993;dr68847;ec04161;gg18915;gk22420;jt68680;ma55005;ma77488;mc64555;mk6455; | O47: 41620.502 | P47: 1 | Q47: 25.601968 | R47: 28.184294 | S47: ASPAC
A48: Balamurugan Marudhai | B48: CAP0032744 | C48: new | D48: luis sosa | E48: ra03964 | F48: CTI | G48: CTI Global Data Center Services | H48: Distributed Systems | I48: Middleware | J48: BMC App and Middleware Automation-NAS | K48: Storage Request - NAS | L48: Open | M48: SA Approval | N48: ac79862;as10698;as73076;bm19381;bm58431;bm72511;cr88488;gs12896;hs00000;jk77958;mg57831;ms93426;mv20974;pr35722;ps06581;ps21776;rr89353;sa12573;sa43442;sb69727;si95190;sj52191;ss16044;ss41724;st12574; | O48: 41625.381 | P48: 1 | Q48: 20.723009 | R48: 26.998889 | S48: ASPAC
A49: Ranjit Reddy Mandala | B49: CAP0032945 | C49: new | D49: ranjit reddy mandala | E49: mk08559 | F49: CTI | G49: CTI Global Technology Operations | H49: Global Unified Communications Operations | I49: Global Unified Communications Operations | J49: Microsoft Lync 2010 - ASPAC | K49: No Servers - Hard Drive Upgrade | L49: Open | M49: Submitter Approval | N49: rm92600;mk08559; | O49: 41641.121 | P49: 0 | Q49: 4.9829051 | R49: 4.9829051 | S49: ASPAC
A50: Manoharan Kandaswamy | B50: CAP0032946 | C50: new | D50: manoharan,kandaswamy | E50: mk08559 | F50: CTI | G50: CTI Global Technology Operations | H50: Global Unified Communications Operations | I50: Global Unified Communications Operations | J50: Microsoft Lync 2010 - ASPAC | K50: No Servers - Hard Drive Upgrade | L50: Open | M50: Submitter Approval | N50: mk08559; | O50: 41641.132 | P50: 0 | Q50: 4.9721181 | R50: 4.9721181 | S50: ASPAC
A51: Manoharan Kandaswamy | B51: CAP0032948 | C51: new | D51: manoharan,kandaswamy | E51: mk08559 | F51: CTI | G51: CTI Global Technology Operations | H51: Global Unified Communications Operations | I51: Global Unified Communications Operations | J51: Microsoft Lync 2010 - ASPAC | K51: Storage Request - SAN | L51: Open | M51: P&L Approval | N51: bm39790;ld76929; | O51: 41645.388 | P51: 0 | Q51: 0.71626157 | R51: 4.9250579 | S51: ASPAC
A52: Manoharan Kandaswamy | B52: CAP0032963 | C52: new | D52: Kandaswamy, Manoharan | E52: mk08559 | F52: CTI | G52: CTI Global Technology Operations | H52: Global Unified Communications Operations | I52: Global Unified Communications Operations | J52: Microsoft Lync 2010 - ASPAC | K52: Storage Request - SAN | L52: Open | M52: Submitter Approval | N52: mk08559; | O52: 41642.143 | P52: 0 | Q52: 3.9610417 | R52: 3.9610417 | S52: ASPAC
A53: Chaesan Im | B53: CAP0029668 | C53: new | D53: chaesan im | E53: ci95728 | F53: GCG | G53: Asia Pacific | H53: Korea, Republic of | I53: Lee,Gi Young | J53: CCKI EOL Server migration | K53: AIX | L53: Open | M53: Post-CTI Approval | O53: 41576.206 | P53: 0 | Q53: 69.898368 | R53: 203.986 | S53: ASPAC
A54: Chaesan Im | B54: CAP0032947 | C54: new | D54: chaesan im | E54: ci95728 | F54: GCG | G54: Asia Pacific | H54: Korea, Republic of | I54: Lee,Gi Young | J54: Add the new frame | K54: AIX | L54: Open | M54: Submitter Approval | N54: ci95728; | O54: 41641.15 | P54: 0 | Q54: 4.9546991 | R54: 4.9546991 | S54: ASPAC
A55: Zulkiflee Zainal | B55: CAP0027813 | C55: 0 | D55: mohd faizal abdul ghani | E55: ma20639 | F55: CTI | G55: CTI Global Technology Operations | H55: Global Voice Operations | I55: Global Voice Operations | J55: ICG-MY-In Bound Call Center Setup | K55: Other (Describe Below) | L55: Open | M55: Submitter Approval | N55: ma20639; | O55: 41347.164 | P55: 0 | Q55: 298.94001 | R55: 298.94001 | S55: ASPAC
A56: David Miao | B56: CAP0027642 | C56: 0 | D56: weidong hong | E56: sh05124 | F56: CTI | G56: CTI CIBIS - Citi Investment Bank IS | H56: CTI CIBIS - Citi Investment Bank IS | I56: CTI CIBIS - Citi Investment Bank IS | J56: WS6952680 | K56: Storage Request - NAS | L56: Open | M56: Submitter Approval | N56: sh05124; | O56: 41339.178 | P56: 0 | Q56: 306.92637 | R56: 306.92637 | S56: ASPAC
A57: David Miao | B57: CAP0028002 | C57: 0 | D57: david miao | E57: dm95651 | F57: CTI | G57: CTI Operations - Regional | H57: CTI Asia Pacific | I57: CTI Asia Pacific | J57: China - BAU | K57: Storage Request - NAS | L57: Open | M57: Submitter Approval | N57: dm95651; | O57: 41355.092 | P57: 0 | Q57: 291.01222 | R57: 291.01222 | S57: ASPAC
A58: Zhangyi Li | B58: CAP0032416 | C58: new | D58: zhangyi li | E58: zl51549 | F58: GCG | G58: Asia Pacific | H58: China | I58: Dai,Yiping | J58: bau | K58: Storage Request - NAS | L58: Open | M58: Submitter Approval | N58: zl51549; | O58: 41597.87 | P58: 0 | Q58: 48.234039 | R58: 48.234039 | S58: ASPAC
A59: Siju Vellam Podichintavida | B59: CAP0026679 | C59: 0 | D59: kee loong simon yap | E59: ky51621 | F59: GCG | G59: Asia Pacific | H59: Asia Regional Technology | I59: Hari, Sridhar | J59: BAU | K59: Storage Request - SAN | L59: Open | M59: P&L Approval | N59: bd73630;db64267;em14403;kg06584;lk47738;mm44650; | O59: 41603.541 | P59: 0 | Q59: 42.563299 | R59: 362.13189 | S59: ASPAC
A60: Thomas Mathias | B60: CAP0026969 | C60: 0 | D60: thomas mathias | E60: tm81308 | F60: GCG | G60: EMEA | H60: Middle East Cluster | I60: Egypt - Ben Makhlouf, Slah | J60: BAU | K60: Storage Request - SAN | L60: Open | M60: Submitter Approval | N60: tm81308; | O60: 41302.101 | P60: 0 | Q60: 344.00296 | R60: 344.00296 | S60: ASPAC
A61: Angelie Quiapo | B61: CAP0027489 | C61: 0 | D61: Quiapo, Angelie Manansala [CCC-OT_IT] | E61: aq6651 | F61: CTI | G61: CTI Operations - Regional | H61: CTI Asia Pacific | I61: CTI Asia Pacific | J61: Provision On Demand-VPR3691 | K61: Storage Request - SAN | L61: Open | M61: Post-CTI Approval | N61: ak47115;sk35901; | O61: 41585.121 | P61: 0 | Q61: 60.983113 | R61: 314.9299 | S61: ASPAC
A62: Thomas Mathias | B62: CAP0027597 | C62: 0 | D62: thomas mathias | E62: tm81308 | F62: GCG | G62: Asia Pacific | H62: Singapore | I62: Ong,Kim Boon | J62: BAU | K62: Storage Request - SAN | L62: Open | M62: Submitter Approval | N62: tm81308; | O62: 41337.226 | P62: 0 | Q62: 308.87809 | R62: 308.87809 | S62: ASPAC
A63: Siju Vellam Podichintavida | B63: CAP0028673 | C63: 0 | D63: ka tak randy ho | E63: sv42004 | F63: GCG | G63: Cross Function | H63: CTO | I63: Mukundan, Bobby | J63: AML Japan Move Server | K63: Storage Request - SAN | L63: Open | M63: Submitter Approval | N63: kh92063;sv42004; | O63: 41393.192 | P63: 0 | Q63: 252.91258 | R63: 252.91258 | S63: ASPAC
A64: Thanigaimalai Gopal | B64: CAP0029591 | C64: 0 | D64: Karumapuram Natesan, Senthil Kumar | E64: tg23673 | F64: GCG | G64: EMEA | H64: Poland Cluster | I64: Poland - Cendrowicz, Marek | J64: BAU | K64: Storage Request - SAN | L64: Open | M64: Submitter Approval | N64: sk44126;tg23673; | O64: 41438.099 | P64: 0 | Q64: 208.00566 | R64: 208.00566 | S64: ASPAC
A65: Siju Vellam Podichintavida | B65: CAP0029688 | C65: 0 | D65: sivakumar ganesan | E65: sg10633 | F65: CTI | G65: CTI Operations - Regional | H65: CTI Asia Pacific | I65: CTI Asia Pacific | J65: BAU | K65: Storage Request - SAN | L65: Open | M65: SA Approval | N65: ak47115;ap52431;hg04219;ky38902;rf63383;sv68762; | O65: 41443.217 | P65: 1 | Q65: 202.8875 | R65: 202.89486 | S65: ASPAC
A66: Siju Vellam Podichintavida | B66: CAP0030018 | C66: new | D66: umesh sonwane | E66: us51691 | F66: ICG_Tech | G66: ICG_Tech ASPAC | H66: ASPAC - In-Country Tech - Chan, Ying Man | I66: ASPAC - CMT - Chan, Ying Man | J66: BAU | K66: Storage Request - SAN | L66: Hold | M66: Pre-Design Approval | N66: ds76190;fz92331;mp96590;sw63477;tb60866; | O66: 41460.243 | P66: 1 | Q66: 185.86171 | R66: 185.91002 | S66: ASPAC
A67: Kuppusamy Vellamadam Palavesam | B67: CAP0031015 | C67: new | D67: sugubalan thangavel | E67: st46970 | F67: CTI | G67: CTI Operations - Regional | H67: CTI Asia Pacific | I67: CTI Asia Pacific | J67: GCG-AP-North Asia Rainbow COB Remediation Program | K67: AIX | L67: Open | M67: CTI Approval | N67: ac94164;jn62051;ks14775;md46033;pr72496;rb71989;rs81295;ss84555;sy25911;ta19710;vv58942; | O67: 41521.037 | P67: 5 | Q67: 125.06712 | R67: 126.99741 | S67: ASPAC
A68: Praveen Kumar Prabhakaran | B68: CAP0031630 | C68: new | D68: sivakumar ganesan | E68: sg10633 | F68: CTI | G68: CTI Global Data Center Services | H68: Data Center Operations | I68: Data Center Operations | J68: BAU | K68: AIX | L68: Open | M68: Post-CTI Approval | O68: 41561.099 | P68: 0 | Q68: 85.005845 | R68: 96.176505 | S68: ASPAC
A69: Kolangra Veettil Anup Kumar | B69: CAP0031739 | C69: new | D69: Venkata Subhadra Raju | E69: vp15209 | F69: ICG_Tech | G69: ICG_Tech Private Bank - Personal Wealth Management | H69: GWM - CPB EMEA Technology | I69: GWM - CPB EMEA | J69: CMS Memory Upgrade | K69: No Servers - Memory/CPU Upgrade | L69: Open | M69: SA Approval | N69: ac16888;ah74163;ak47115;ak92440;ap52431;br92748;bw99927;ds37585;kc37584;kt64405;pk01188;pn94609;pp32252;rb09400;sc71977;sg10633;sk51199;st64438;sv68762;vm24623; | O69: 41599.178 | P69: 1 | Q69: 46.926516 | R69: 89.74103 | S69: ASPAC
A70: Praveen Kumar Prabhakaran | B70: CAP0031895 | C70: new | D70: ashish sawant | E70: as94691 | F70: ICG_Tech | G70: ICG_Tech ASPAC | H70: ASPAC - CMT - Agarwal,Himanshu | I70: ASPAC- CMT - Agarwal,Himanshu | J70: Regulatory Requirement - Create FlexPPArchival DB | K70: Storage Request - SAN | L70: Open | M70: Post-CTI Approval | N70: ak47115;sk35901; | O70: 41641.969 | P70: 0 | Q70: 4.1357523 | R70: 80.866181 | S70: ASPAC
A71: Praveen Kumar Prabhakaran | B71: CAP0032150 | C71: new | D71: praveen | E71: pp32252 | F71: ICG_Tech | G71: ICG_Tech GTS Tech Treasury and Trade Services | H71: TTS - Statnick,Thomas | I71: TTS - Statnick,Thomas | J71: BAU | K71: Storage Request - SAN | L71: Open | M71: Post-CTI Approval | N71: ak47115;sk35901; | O71: 41591.07 | P71: 0 | Q71: 55.034687 | R71: 63.92434 | S71: ASPAC
A72: Kurian Yeldho | B72: CAP0032181 | C72: new | D72: Kannan Mariappan | E72: km53948 | F72: GCG | G72: Asia Pacific | H72: Citi Cards Japan | I72: Shinohara,Masayuki | J72: BAU | K72: Storage Request - SAN | L72: Open | M72: Submitter Approval | N72: km53948; | O72: 41583.049 | P72: 0 | Q72: 63.055058 | R72: 63.055058 | S72: ASPAC
A73: Thomas Mathias | B73: CAP0032280 | C73: new | D73: Franky Ronaldy | E73: fr34772 | F73: CTI | G73: CTI Global Data Center Services | H73: Data Center Operations | I73: Data Center Operations | J73: WS14063343 | K73: Storage Request - SAN | L73: Open | M73: Post-CTI Approval | N73: ak47115;sk35901; | O73: 41609.965 | P73: 0 | Q73: 36.139306 | R73: 55.968461 | S73: ASPAC
A74: Pachaiyappan Bathirachalamoorthi | B74: CAP0032297 | C74: new | D74: Franky Ronaldy | E74: fr34772 | F74: CTI | G74: CTI Global Data Center Services | H74: Data Center Operations | I74: Data Center Operations | J74: VPR4597 | K74: Storage Request - SAN | L74: Open | M74: Submitter Approval | N74: fr34772; | O74: 41591.2 | P74: 0 | Q74: 54.904838 | R74: 54.904838 | S74: ASPAC
A75: Siju Vellam Podichintavida | B75: CAP0032354 | C75: new | D75: Syed Ahamed | E75: ok00153 | F75: ICG_Tech | G75: ICG_Tech GTS Tech Treasury and Trade Services | H75: TTS - Fabian,Eduard | I75: TTS - Fabian,Eduard | J75: BAU | K75: Storage Request - SAN | L75: Open | M75: Submitter Approval | N75: ss99955;ok00153; | O75: 41593.121 | P75: 0 | Q75: 52.983125 | R75: 52.983125 | S75: ASPAC
A76: Siju Vellam Podichintavida | B76: CAP0032368 | C76: new | D76: William Jake C. Dabac | E76: wd16247 | F76: CTI | G76: CTI Global Data Center Services | H76: Data Center Operations | I76: Data Center Operations | J76: Brunei Sunset - WS18406287 | K76: Storage Request - SAN | L76: Open | M76: Post-CTI Approval | N76: ak47115;sk35901; | O76: 41624.138 | P76: 0 | Q76: 21.966493 | R76: 49.96316 | S76: ASPAC
A77: Siju Vellam Podichintavida | B77: CAP0032369 | C77: new | D77: septius-zeus belen | E77: sb48691 | F77: CTI | G77: CTI Global Data Center Services | H77: Data Center Operations | I77: Data Center Operations | J77: WS18908510 | K77: Storage Request - SAN | L77: Open | M77: Submitter Approval | N77: sb48691; | O77: 41596.142 | P77: 0 | Q77: 49.962454 | R77: 49.962454 | S77: ASPAC
A78: Venkateswara Rao Munagapati | B78: CAP0032819 | C78: new | D78: venkates | E78: vm24623 | F78: CTI | G78: CTI Operations - Regional | H78: CTI Asia Pacific | I78: CTI Asia Pacific | J78: Aperture correction to add saixu150 | K78: AIX | L78: Open | M78: Post-CTI Approval | N78: hc79466;kc47081;km37089;km66166;mc99195;pk93615;yl82682; | O78: 41645.188 | P78: 0 | Q78: 0.91630787 | R78: 21.012118 | S78: ASPAC
A79: Aneesh Varghese | B79: CAP0027038 | C79: 0 | D79: madhan kumar | E79: mk81769 | F79: CTI | G79: CTI Operations - Regional | H79: CTI Asia Pacific | I79: CTI Asia Pacific | J79: BAU | K79: Storage Request - SAN | L79: Open | M79: CTI Approval | N79: ac94164;jn62051;ks14775;md46033;pr72496;rb71989;rs81295;ss84555;sy25911;ta19710;vv58942; | O79: 41327.39 | P79: 3 | Q79: 318.71391 | R79: 340.834 | S79: ASPAC
A80: Madhan Kumar | B80: CAP0027559 | C80: 0 | D80: balaji venkataswamy | E80: bv49784 | F80: CTI | G80: CTI Operations - Regional | H80: CTI Asia Pacific | I80: CTI Asia Pacific | J80: BAU | K80: Storage Request - SAN | L80: Open | M80: CTI Approval | N80: ac94164;jn62051;js45746;ks14775;md46033;pr72496;rb71989;rs81295;ss84555;sy25911;ta19710;vv58942; | O80: 41348.457 | P80: 3 | Q80: 297.64701 | R80: 311.95083 | S80: ASPAC
A81: Madhan Kumar | B81: CAP0028841 | C81: 0 | D81: balaji venkataswamy | E81: bv49784 | F81: CTI | G81: CTI Operations - Regional | H81: CTI Asia Pacific | I81: CTI Asia Pacific | J81: BAU | K81: Storage Request - SAN | L81: Open | M81: CTI Approval | N81: ac94164;jn62051;ks14775;md46033;pr72496;rb71989;rs81295;ss84555;sy25911;ta19710;vv58942; | O81: 41407.346 | P81: 3 | Q81: 238.75885 | R81: 244.08942 | S81: ASPAC
A82: Madhan Kumar | B82: CAP0029539 | C82: 0 | D82: balaji venkataswamy | E82: bv49784 | F82: CTI | G82: CTI Operations - Regional | H82: CTI Asia Pacific | I82: CTI Asia Pacific | J82: BAU | K82: Storage Request - SAN | L82: Open | M82: Submitter Approval | N82: bv49784; | O82: 41437.043 | P82: 0 | Q82: 209.06135 | R82: 209.06135 | S82: ASPAC
A83: Madhan Kumar | B83: CAP0030967 | C83: new | D83: s kumar subramani | E83: ss91919 | F83: CTI | G83: CTI Operations - Regional | H83: CTI Asia Pacific | I83: CTI Asia Pacific | J83: ASPAC Oracle Database Migration & Upgrade | K83: Storage Request - SAN | L83: Open | M83: CTI Approval | N83: ac94164;jn62051;ks14775;md46033;pr72496;rb71989;rs81295;ss84555;sy25911;ta19710;vv58942; | O83: 41520.575 | P83: 3 | Q83: 125.52962 | R83: 130.75765 | S83: ASPAC
A84: Balakumar Murugan | B84: CAP0026727 | C84: 0 | D84: Murugan, Balakumar | E84: hs08372 | F84: CTI | G84: CTI Global Technology Operations | H84: Global Security Operations | I84: Information Assurance Services - IAS | J84: BAU | K84: Storage Request - SAN | L84: Open | M84: SA Approval | N84: at78423;bm35131;ds77286;ep55102;gg18915;mc53848;pp83002;sk01121;sk35901;ss81394; | O84: 41289.162 | P84: 1 | Q84: 356.94189 | R84: 357.91097 | S84: ASPAC
A85: Gowtham Ganesan | B85: CAP0027166 | C85: 0 | D85: gowtham ganesan | E85: gg18915 | F85: CTI | G85: CTI Operations - Regional | H85: CTI Asia Pacific | I85: CTI Asia Pacific | J85: FortiDB v4.4 migration | K85: Storage Request - NAS | L85: Open | M85: Submitter Approval | N85: gg18915; | O85: 41312.231 | P85: 0 | Q85: 333.87323 | R85: 333.87323 | S85: ASPAC
A86: Sugan Shankar | B86: CAP0029303 | C86: 0 | D86: Sugan Shankar | E86: ss81394 | F86: CTI | G86: CTI Global Technology Operations | H86: Global Security Operations | I86: Host & App Security Infrastructure - HASI | J86: APAC Collections Scorecard Development-CSIID151082 | K86: Storage Request - SAN | L86: Open | M86: CTI Approval | N86: ac94164;jn62051;ks14775;md46033;pr72496;rb71989;rs81295;ss84555;sy25911;ta19710;vv58942; | O86: 41431.715 | P86: 3 | Q86: 214.38921 | R86: 220.89042 | S86: ASPAC
A87: Jillian Christine Nuqui | B87: CAP0029582 | C87: 0 | D87: paul lauray | E87: pl84795 | F87: CTI | G87: CTI Global Technology Operations | H87: Global Security Operations | I87: Perimeter Security Operations - PSO | J87: Drive Space Request | K87: Storage Request - SAN | L87: Open | M87: Submitter Approval | N87: pl84795; | O87: 41437.91 | P87: 0 | Q87: 208.19429 | R87: 208.19429 | S87: ASPAC
A88: Gowtham Ganesan | B88: CAP0029998 | C88: new | D88: Gowtham Ganesan | E88: gg18915 | F88: CTI | G88: CTI Operations - Regional | H88: CTI Asia Pacific | I88: CTI Asia Pacific | J88: Arbor VM deployment - Storage request | K88: Storage Request - SAN | L88: Open | M88: Submitter Approval | N88: gg18915; | O88: 41458.898 | P88: 0 | Q88: 187.20659 | R88: 187.20659 | S88: ASPAC
A89: Sugan Shankar | B89: CAP0030284 | C89: new | D89: Sugan Shankar | E89: ss81394 | F89: CTI | G89: CTI Operations - Regional | H89: CTI Asia Pacific | I89: CTI Asia Pacific | J89: APPC TWS Team - BAU ~ ICAP # : 543986 | K89: Storage Request - SAN | L89: Open | M89: Post-CTI Approval | N89: ak47115;ok18455; | O89: 41479.218 | P89: 0 | Q89: 166.88683 | R89: 168.91808 | S89: ASPAC
A90: Gowtham Ganesan | B90: CAP0031052 | C90: new | D90: Gowtham Ganesan | E90: gg18915 | F90: CTI | G90: CTI Operations - Regional | H90: CTI Asia Pacific | I90: CTI Asia Pacific | J90: BAU - slixau29 | K90: Storage Request - SAN | L90: Open | M90: CTI Approval | N90: ac94164;jn62051;ks14775;md46033;pr72496;rb71989;rs81295;ss84555;sy25911;ta19710;vv58942; | O90: 41522.683 | P90: 3 | Q90: 123.42135 | R90: 125.13506 | S90: ASPAC
A91: Kolangra Veettil Anup Kumar | B91: CAP0031254 | C91: new | D91: dawei zhao | E91: gs98772 | F91: GCG | G91: Asia Pacific | H91: Asia Regional Technology | I91: Hari, Sridhar | J91: BAU UAT | K91: Storage Request - SAN | L91: Open | M91: P&L Approval | N91: bd73630;db64267;em14403;kg06584;lk47738;mm44650; | O91: 41603.573 | P91: 0 | Q91: 42.531435 | R91: 113.09431 | S91: ASPAC
A92: Gowtham Ganesan | B92: CAP0031612 | C92: new | D92: atanas bogdanovski | E92: yq50476 | F92: CTI | G92: CTI Global Data Center Services | H92: Enterprise Systems | I92: Enterprise Systems | J92: Nastel MQ monitoring ASPAC distributed | K92: AIX | L92: Open | M92: Post-CTI Approval | O92: 41577.837 | P92: 0 | Q92: 68.267141 | R92: 96.743171 | S92: ASPAC
A93: Gowtham Ganesan | B93: CAP0031981 | C93: new | D93: vijaya srinivas boddu | E93: gg18915 | F93: CTO | G93: GFTS | H93: CTS Compliance Technology Services | I93: CTS - Goh,Sok Kim | J93: APAC GCG ARS Analysis | K93: Infrastructure | L93: Open | M93: CTI Approval | N93: hc79466;kc47081;km37089;km66166;mc99195;pk93615;yl82682; | O93: 41597.141 | P93: 5 | Q93: 48.963507 | R93: 75.129907 | S93: ASPAC
A94: Gowtham Ganesan | B94: CAP0031990 | C94: new | D94: gowtham ganesan | E94: gg18915 | F94: CTO | G94: GFTS | H94: CTS Compliance Technology Services | I94: CTS - Goh,Sok Kim | J94: saixdbu310 - Storage | K94: Storage Request - SAN | L94: Open | M94: Final Business Signoff | N94: gp73160;jl18761;np52172;ra96307;vk83521; | O94: 41618.099 | P94: 0 | Q94: 28.005266 | R94: 74.881528 | S94: ASPAC
A95: Sugan Shankar | B95: CAP0032012 | C95: new | D95: Sugan Shankar | E95: ss81394 | F95: GCG | G95: Asia Pacific | H95: China | I95: Dai,Yiping | J95: WS18927314 - China Local Bureau Checking System | K95: Storage Request - SAN | L95: Open | M95: Submitter Approval | N95: ss81394; | O95: 41572.308 | P95: 0 | Q95: 73.796319 | R95: 73.796319 | S95: ASPAC
A96: Vallinayakam Kamaleswaran | B96: CAP0032184 | C96: new | D96: Kamaleswaran Vallinayakam | E96: vk63388 | F96: CTO | G96: GFTS | H96: CTS Compliance Technology Services | I96: CTS - Goh,Sok Kim | J96: BAU UAT | K96: Storage Request - SAN | L96: Open | M96: CTI Approval | N96: ac94164;jn62051;ks14775;md46033;pr72496;rb71989;rs81295;ss84555;sy25911;ta19710;vv58942; | O96: 41617.479 | P96: 3 | Q96: 28.625243 | R96: 62.971285 | S96: ASPAC
A97: Balakumar Murugan | B97: CAP0032420 | C97: new | D97: Balakumar | E97: bm35131 | F97: CTI | G97: CTI Global Data Center Services | H97: Storage & Backup | I97: Storage & Backup | J97: AP-GTO-Desktop Optimization Program | K97: Infrastructure | L97: Open | M97: Post-CTI Approval | N97: bm58431; | O97: 41630.857 | P97: 0 | Q97: 15.247095 | R97: 48.103171 | S97: ASPAC
A98: Christopher Johnson | B98: CAP0032449 | C98: new | D98: christopher johnson | E98: cj03460 | F98: CTO | G98: GFTS | H98: CTS Compliance Technology Services | I98: CTS - Devarbhavi,Sushma | J98: WS17120300-CTO-SG/HK - CitiKYC BO Implementation | K98: AIX | L98: Open | M98: Final Business Signoff | N98: gp73160;jl18761;np52172;ra96307;vk83521; | O98: 41641.958 | P98: 0 | Q98: 4.1460185 | R98: 46.8586 | S98: ASPAC
A99: Gowtham Ganesan | B99: CAP0032554 | C99: new | D99: Gowtham Ganesan | E99: gg18915 | F99: CTI | G99: CTI Global Data Center Services | H99: Storage & Backup | I99: Storage & Backup | J99: Taiwan backup media server | K99: Infrastructure | L99: Open | M99: Post-CTI Approval | N99: kl24810; | O99: 41638.076 | P99: 0 | Q99: 8.028287 | R99: 40.207025 | S99: ASPAC
A100: Christopher Johnson | B100: CAP0032614 | C100: new | D100: Srinivasa Rao | E100: su52819 | F100: CTO | G100: GFTS | H100: GFT Global Finance Technology | I100: GFT - Pradhan,Ravindra | J100: WS17752921-CTO-SGHK-Finance Full Suite | K100: Storage Request - SAN | L100: Open | M100: CTI Approval | N100: ac94164;jn62051;ks14775;md46033;pr72496;rb71989;rs81295;ss84555;sy25911;ta19710;vv58942; | O100: 41645.572 | P100: 3 | Q100: 0.53246528 | R100: 35.160116 | S100: ASPAC
...

Sheet Master sheet 2014
B1: Feed from email "EMEA OVER SLA REPORT" | C1: Date | D1: CAP | E1: Project | F1: SAN SCREEN Y/N | G1: Loc | H1: Host Name | I1: No of LUNs | J1: Capacity | K1: Tier | L1: existing/new | M1: Storage frame | N1: Devices | O1: PROD Frame | P1: PROD Dev | Q1: COB Frame | R1: COB Dev | S1: provisioning status | T1: Comments
A2: BAU | B2: 1 | C2: 180213 | D2: CAP0027238 | E2: Rainbow | F2: Yes | G2: FDC | H2: fdcdwh3 | I2: 27.272727 | J2: 900 | K2: Silver w/o Replication | L2: existing | M2: 3004 | N2: 1C32:1C4C | S2: completed
A3: BAU | B3: 2 | C3: 250113 | D3: CAP0026607 | E3: Rainbow | F3: Yes | G3: FDC | H3: fdcdwh3 | I3: 9.0909091 | J3: 300 | K3: Silver w/o Replication | L3: existing | M3: 3004 | N3: 1C5F:1C67 | S3: completed
A4: VPR 9457 EMEA-GCG-Rainbow Migration Program | B4: 3 | C4: Ashok | D4: CAP0027118 | E4: Rainbow | F4: Yes | G4: FDC-RDC | I4: 15.151515 | J4: 500 | K4: Silver w/Replication | L4: existing | O4: 2804 | P4: 126F:127D | Q4: 3286 | R4: 1D6B:1D79
A5: BAU | B5: 4 | C5: 180213 | D5: CAP0027243 | F5: Yes | G5: FDC-RDC | H5: fdcgcgcpldbc02p | I5: 20.606061 | J5: 680 | K5: Silver w/Replication | L5: existing | O5: 2804 | P5: 32F:333 | Q5: 3286 | R5: 32F:333
A6: P7 EuroCARS | B6: 5 | C6: 180213 | D6: CAP0026993 | F6: no | G6: rdc | H6: gccarssyb1p | I6: 5.1515152 | J6: 170 | K6: Silver w/o Replication | L6: existing | M6: rdchds02
A7: P7 EuroCARS | B7: 5 | C7: 180213 | D7: CAP0026993 | F7: Yes | G7: FDC | H7: gccarssyb1c | I7: 5.1515152 | J7: 170 | K7: Silver w/o Replication | L7: existing | M7: fdchds02 | N7: 8f42:8f46
A8: #N/A | B8: 5 | C8: 180213 | E8: Hold - Awaiting for the PEP details | F8: Yes | G8: FDC | H8: gccarssyb1u | I8: 5.1515152 | J8: 170 | K8: Silver w/o Replication | L8: existing | M8: fdchds02 | N8: 8f47:8f4b
A9: VPR5487 - AP-GDC-Oracle 11G Database for | B9: 6 | C9: 180213 | D9: CAP0027292 | E9: Rainbow | F9: Yes | G9: rdc | H9: rdcgcgamlad01u | I9: 2 | J9: 66 | K9: Silver w/o Replication | L9: existing | M9: 3073 | N9: 2fcf:2fd0
A10: Rates - Intellect Treasury - Database Migration | B10: 7 | C10: 40213 | D10: CAP0026058 | F10: Tracker Sheet | G10: rdc | H10: fiinteldb1p | I10: 27 | J10: 891 | K10: Silver w/o Replication | L10: New | M10: 3518 | N10: 20:00-20:1A
A11: Rates - Intellect Treasury - Database Migration | B11: 7 | C11: 40213 | D11: CAP0026058 | F11: Tracker Sheet | G11: rdc | H11: fiinteldb1c | I11: 27 | J11: 891 | K11: Silver w/o Replication | L11: New | M11: 3518 | N11: 20:1B-20:35
A12: Rates - Intellect Treasury - Database Migration | B12: 7 | C12: 40213 | D12: CAP0026058 | F12: Tracker Sheet | G12: rdc | H12: fiinteldb1u | I12: 27 | J12: 891 | K12: Silver w/o Replication | L12: New | M12: 3518 | N12: 20:36-20:50
A13: SFS/Integrated Custody | B13: 8 | C13: 40213 | D13: CAP0026700 | F13: Yes | G13: RDC-FDC | H13: rdcgtssfewd01p/2p | I13: 15.151515 | J13: 500 | K13: Silver w/Replication | L13: existing | O13: 2230 | P13: 2297:22A5 | Q13: 2231 | R13: 2297:22A5
A14: SFS/Integrated Custody | B14: 8 | C14: 40213 | D14: CAP0026700 | F14: Yes | G14: FDC | H14: fdcgtssfewd01u/2u | I14: 15.151515 | J14: 500 | K14: Silver w/o Replication | L14: existing | M14: 879 | N14: 2019:2027
A15: SFS/Integrated Custody | B15: 8 | C15: 40213 | D15: CAP0026700 | F15: Yes | G15: rdc | H15: rdcgtssfewd07u/8u | I15: 15.151515 | J15: 500 | K15: Silver w/o Replication | L15: existing | M15: 3073 | N15: 3DE0:3DEE:
A16: SAN DISK EXT.PhonexOne/MIND | B16: 9 | C16: 40213 | D16: CAP0027014 | F16: Yes | G16: rdc | H16: LDNCTIPRSA01 | I16: 15.151515 | J16: 500 | K16: Silver w/o Replication | L16: existing | M16: 678 | N16: 227a:2277 | S16: completed
A17: SFS/ONYX TALISMAN PHYSICAL | B17: 10 | C17: 10213 | D17: CAP0026544 | F17: Yes | G17: RDC-FDC | H17: prod | I17: 45.454545 | J17: 1500 | K17: Silver w/Replication | L17: New | O17: 2230 | P17: 22A6:22D2 | Q17: 2231 | R17: 22A6:22D2
A18: SFS/ONYX TALISMAN PHYSICAL | B18: 10 | C18: 10213 | D18: CAP0026544 | F18: Yes | G18: FDC-RDC | H18: prod | I18: 45.454545 | J18: 1500 | K18: Silver w/Replication | L18: New | O18: 2231 | P18: 230E:233a | Q18: 2230 | R18: 230E:233a
A19: SFS/ONYX TALISMAN PHYSICAL | B19: 10 | C19: 10213 | D19: CAP0026544 | F19: Tracker Sheet | G19: FDC | H19: UAT | I19: 45.454545 | J19: 1500 | K19: Silver w/o Replication | L19: New | M19: 7026 | N19: 004B:0077
A20: VPR12975:AP-CTI-Regional Oracle 11G Migration | B20: 11 | C20: 10213 | D20: CAP0026520 | E20: Rainbow | F20: Yes | G20: FDC | H20: FDCGCGRACAD13P | I20: 2 | J20: 66 | K20: Silver w/o Replication | L20: existing | M20: 3004 | N20: 3342:3359
A21: VPR12975:AP-CTI-Regional Oracle 11G Migration | B21: 11 | C21: 10213 | D21: CAP0026520 | E21: Rainbow | F21: Yes | G21: FDC | H21: FDCGCGRACAD14P | I21: 2 | J21: 66 | K21: Silver w/o Replication | L21: existing | M21: 3004 | N21: 3342:3359
A22: VPR12975:AP-CTI-Regional Oracle 11G Migration | B22: 11 | C22: 10213 | D22: CAP0026520 | E22: Rainbow | F22: Yes | G22: FDC | H22: FDCGCGRACAD15P | I22: 2 | J22: 66 | K22: Silver w/o Replication | L22: existing | M22: 3004 | N22: 3342:3359
A23: VPR12975:AP-CTI-Regional Oracle 11G Migration | B23: 11 | C23: 10213 | D23: CAP0026520 | E23: Rainbow | F23: Yes | G23: FDC | H23: FDCGCGRACAD16P | I23: 2 | J23: 66 | K23: Silver w/o Replication | L23: existing | M23: 3004 | N23: 3342:3359
A24: VPR12975:AP-CTI-Regional Oracle 11G Migration | B24: 11 | C24: 10213 | D24: CAP0026520 | E24: Rainbow | F24: Yes | G24: FDC | H24: FDCGCGRACAD21P | I24: 2 | J24: 66 | K24: Silver w/o Replication | L24: existing | M24: 3004 | N24: 3342:3359
A25: VPR12975:AP-CTI-Regional Oracle 11G Migration | B25: 11 | C25: 10213 | D25: CAP0026520 | E25: Rainbow | F25: Yes | G25: FDC | H25: FDCGCGRACAD22P | I25: 2 | J25: 66 | K25: Silver w/o Replication | L25: existing | M25: 3004 | N25: 3342:3359
A26: VPR12975:AP-CTI-Regional Oracle 11G Migration | B26: 11 | C26: 10213 | D26: CAP0026520 | E26: Rainbow | F26: Yes | G26: FDC | H26: FDCGCGRACAD23P | I26: 2 | J26: 66 | K26: Silver w/o Replication | L26: existing | M26: 3004 | N26: 3342:3359
A27: VPR12975:AP-CTI-Regional Oracle 11G Migration | B27: 11 | C27: 10213 | D27: CAP0026520 | E27: Rainbow | F27: Yes | G27: FDC | H27: FDCGCGRACAD24P | I27: 2 | J27: 66 | K27: Silver w/o Replication | L27: existing | M27: 3004 | N27: 3342:3359
A28: VPR12975:AP-CTI-Regional Oracle 11G Migration | B28: 11 | C28: 10213 | D28: CAP0026520 | E28: Rainbow | F28: Yes | G28: FDC | H28: FDCGCGRACAD05P | I28: 2 | J28: 66 | K28: Silver w/o Replication | L28: existing | M28: 3004 | N28: 3342:3359
A29: VPR12975:AP-CTI-Regional Oracle 11G Migration | B29: 11 | C29: 10213 | D29: CAP0026520 | E29: Rainbow | F29: Yes | G29: FDC | H29: FDCGCGRACAD06P | I29: 2 | J29: 66 | K29: Silver w/o Replication | L29: existing | M29: 3004 | N29: 3342:3359
A30: VPR12975:AP-CTI-Regional Oracle 11G Migration | B30: 11 | C30: 10213 | D30: CAP0026520 | E30: Rainbow | F30: Yes | G30: FDC | H30: FDCGCGRACAD25P | I30: 2 | J30: 66 | K30: Silver w/o Replication | L30: existing | M30: 3004 | N30: 3342:3359
A31: VPR12975:AP-CTI-Regional Oracle 11G Migration | B31: 11 | C31: 10213 | D31: CAP0026520 | E31: Rainbow | F31: Yes | G31: FDC | H31: FDCGCGRACAD26P | I31: 2 | J31: 66 | K31: Silver w/o Replication | L31: existing | M31: 3004 | N31: 3342:3359
... A39: VPR12975:AP-CTI-Regional Oracle 11G Migration | B39: 11 | C39: 10213 | D39: CAP0026520 | E39: Rainbow | F39: Yes | G39: RDC | H39: RDCGCGRACAD24C | I39: 2 | J39: 66 | K39: Silver w/o Replication | L39: existing | M39: 3073 | N39: 3DFD:3DFE
A40: BAU GCG CRM storage extension | B40: 12 | C40: 10213 | D40: CAP0027016 | F40: Yes | G40: FDC | H40: fdcgcgcrmad01c | I40: 15.151515 | J40: 500 | K40: Silver w/o Replication | L40: existing | M40: fdchds02 | N40: 8f4c:8f5A
A41: EMEA-GCG-LCB Banking | B41: 13 | C41: 10213 | D41: CAP0025992 | E41: Rainbow | F41: Yes | G41: FDC | H41: FDCGCGTIBLA21P | I41: 3.030303 | J41: 100 | K41: Silver w/o Replication | L41: existing | M41: 3004 | N41: 335A:335C
A42: EMEA-GCG-LCB Banking | B42: 13 | C42: 10213 | D42: CAP0025992 | E42: Rainbow | F42: Yes | G42: FDC | H42: FDCGCGTIBLA22P | I42: 3.030303 | J42: 100 | K42: Silver w/o Replication | L42: existing | M42: 3004 | N42: 335D:335F
A43: EMEA-GCG-LCB Banking | B43: 13 | C43: 10213 | D43: CAP0025992 | E43: Rainbow | F43: Yes | G43: rdc | H43: RDCGCGECLLW05U | I43: 2 | J43: 66 | K43: Silver w/o Replication | L43: existing | M43: 3073 | N43: 3DFF:3E00
A44: EMEA-GCG-LCB Banking | B44: 13 | C44: 10213 | D44: CAP0025992 | E44: Rainbow | F44: Yes | G44: rdc | H44: RDCGCGECLLW06U | I44: 2 | J44: 66 | K44: Silver w/o Replication | L44: existing | M44: 3073 | N44: 3E01:3E02
A45: EMEA-GCG-LCB Banking | B45: 13 | C45: 10213 | D45: CAP0025992 | E45: Rainbow | F45: Yes | G45: rdc | H45: RDCGCGTIBLA07U | I45: 3.030303 | J45: 100 | K45: Silver w/o Replication | L45: existing | M45: 3073 | N45: 3E03:3E05
A46: EMEA-GCG-LCB Banking | B46: 13 | C46: 10213 | D46: CAP0025992 | E46: Rainbow | F46: Yes | G46: rdc | H46: RDCGCGTIBLA08U | I46: 3.030303 | J46: 100 | K46: Silver w/o Replication | L46: existing | M46: 3073 | N46: 3E06:3E08
A47: EMEA-GCG-LCB Banking | B47: 13 | C47: 10213 | D47: CAP0025992 | E47: Rainbow | F47: Yes | G47: FDC-RDC | H47: FDCGCGECLLW18p | I47: 2 | J47: 66 | K47: Silver w/Replication | L47: existing | O47: 2804 | P47: 323:324 | Q47: 3286 | R47: 323:324
A48: EMEA-GCG-LCB Banking | B48: 13 | C48: 10213 | D48: CAP0025992 | E48: Rainbow | F48: Yes | G48: FDC-RDC | H48: FDCGCGECLLW19p | I48: 2 | J48: 66 | K48: Silver w/Replication | L48: existing | O48: 2804 | P48: 325:326 | Q48: 3286 | R48: 325:326
A49: WS9980079 GCG-AP-Global Tablet Implementation | B49: 14 | C49: 10213 | D49: CAP0026410 | E49: Rainbow | F49: Yes | G49: rdc | H49: RDCGCGJFPDBC61U | I49: 1 | J49: 33 | K49: Silver w/o Replication | L49: existing | M49: 3073 | N49: 2fc5
A50: WS9980079 GCG-AP-Global Tablet Implementation | B50: 14 | C50: 10213 | D50: CAP0026410 | E50: Rainbow | F50: Yes | G50: rdc | H50: RDCGCGJFPDBC62U | I50: 1 | J50: 33 | K50: Silver w/o Replication | L50: existing | M50: 3073 | N50: 2fc6
A51: WS9980079 GCG-AP-Global Tablet Implementation | B51: 14 | C51: 10213 | D51: CAP0026410 | E51: Rainbow | F51: Yes | G51: rdc | H51: RDCGCGDTGAD61U | I51: 1 | J51: 33 | K51: Silver w/o Replication | L51: existing | M51: 3073 | N51: 2fc7
A52: WS9980079 GCG-AP-Global Tablet Implementation | B52: 14 | C52: 10213 | D52: CAP0026410 | E52: Rainbow | F52: Yes | G52: rdc | H52: RDCGCGDTGAD62U | I52: 1 | J52: 33 | K52: Silver w/o Replication | L52: existing | M52: 3073 | N52: 2fc8
A53: Faster Payments BAU Growth 2013 | B53: 15 | C53: 250113 | D53: CAP0026703 | F53: Yes | G53: rdc | H53: TCGPPDB1D | I53: 2 | J53: 66 | K53: Silver w/o Replication | L53: existing | M53: 3073 | N53: 3E09:3E0E
A54: Faster Payments BAU Growth 2013 | B54: 15 | C54: 250113 | D54: CAP0026703 | F54: Yes | G54: rdc | H54: TCGPPDB2U | I54: 2 | J54: 66 | K54: Silver w/o Replication | L54: existing | M54: 3073 | N54: 3E09:3E0E
A55: Faster Payments BAU Growth 2013 | B55: 15 | C55: 250113 | D55: CAP0026703 | F55: Yes | G55: rdc | H55: TCGPPDB4U | I55: 2 | J55: 66 | K55: Silver w/o Replication | L55: existing | M55: 3073 | N55: 3E09:3E0E
A56: Faster Payments BAU Growth 2013 | B56: 15 | C56: 250113 | D56: CAP0026703 | F56: Yes | G56: rdc | H56: TCREPDB1D | I56: 2 | J56: 66 | K56: Silver w/o Replication | L56: existing | M56: 3073 | N56: 3E0F:3E12
A57: Faster Payments BAU Growth 2013 | B57: 15 | C57: 250113 | D57: CAP0026703 | F57: Yes | G57: rdc | H57: TCREPDB1U | I57: 2 | J57: 66 | K57: Silver w/o Replication | L57: existing | M57: 3073 | N57: 3E0F:3E12
A58: Faster Payments BAU Growth 2013 | B58: 15 | C58: 250113 | D58: CAP0026703 | F58: Yes | G58: RDC-FDC | H58: TCGPPDB1P | I58: 2 | J58: 66 | K58: Silver w/Replication | L58: new | O58: 2230 | P58: 22D3:22D4 | Q58: 2231 | R58: 22D3:22D4
A59: Faster Payments BAU Growth 2013 | B59: 15 | C59: 250113 | D59: CAP0026703 | F59: Yes | G59: RDC-FDC | H59: TCREPDB1p | I59: 2 | J59: 66 | K59: Silver w/Replication | L59: new | O59: 2230 | P59: 22D5:22D6 | Q59: 2231 | R59: 22D5:22D6
A60: EMEA P7 Migration - RMA | B60: 16 | C60: 250113 | D60: CAP0026714 | F60: Yes | G60: FDC | H60: fdcgtsrmaaa01u-new | I60: 3.6363636 | J60: 120 | K60: Silver w/o Replication | L60: existing | M60: fdchds02 | N60: 8f5b:8f5E
A61: EMEA P7 Migration - RMA | B61: 16 | C61: 250113 | D61: CAP0026714 | F61: No | G61: rdc | H61: rdcgtsrmaaa01p-new | I61: 5.030303 | J61: 166 | K61: Silver w/o Replication | L61: existing | M61: rdchds02
A62: CitiScreening phase 2 DB | B62: 17 | C62: 250113/200313 | D62: CAP0026683 | F62: Tracker Sheet | G62: FDC | H62: 1ffc | I62: 30.30303 | J62: 1000 | K62: Silver w/o Replication | L62: new | M62: 7026 | N62: 0078:00EF
A63: CitiScreening phase 2 DB | B63: 17 | C63: 250113/200313 | D63: CAP0026683 | F63: Tracker Sheet | G63: FDC | H63: 2ffc | I63: 30.30303 | J63: 1000 | K63: Silver w/o Replication | L63: new | M63: 7026 | N63: 0078:00EF
A64: CitiScreening phase 2 DB | B64: 17 | C64: 250113/200313 | D64: CAP0026683 | F64: Tracker Sheet | G64: FDC | H64: 1ffu | I64: 30.30303 | J64: 1000 | K64: Silver w/o Replication | L64: new | M64: 7026 | N64: 0078:00EF
A65: CitiScreening phase 2 DB | B65: 17 | C65: 250113/200313 | D65: CAP0026683 | F65: Tracker Sheet | G65: FDC | H65: 2ffu | I65: 30.30303 | J65: 1000 | K65: Silver w/o Replication | L65: new | M65: 7026 | N65: 0078:00EF
A66: CitiScreening phase 2 DB | B66: 17 | C66: 250113/200313 | D66: CAP0026683 | F66: Tracker Sheet | G66: rdc | H66: 1lnp | I66: 30.30303 | J66: 1000 | K66: Silver w/o Replication | L66: new | M66: 3518 | N66: 20:68-20:85
A67: CitiScreening phase 2 DB | B67: 17 | C67: 250113/200313 | D67: CAP0026683 | F67: Tracker Sheet | G67: rdc | H67: 2lnp | I67: 30.30303 | J67: 1000 | K67: Silver w/o Replication | L67: new | M67: 3518 | N67: 20:86-20;A3
A68: CitiScreening phase 2 DB | B68: 17 | C68: 250113/200313 | D68: CAP0026683 | F68: Tracker Sheet | G68: rdc | H68: 1lnu | I68: 30.30303 | J68: 1000 | K68: Silver w/o Replication | L68: new | M68: 3518 | N68: 20:A4-20C1
A69: VPR9457 | B69: 18 | C69: 150113 | D69: CAP0026409 | E69: Rainbow | F69: Yes | G69: rdc | H69: RDCGCGGIVRLA03U | I69: 1 | J69: 33 | K69: Silver w/o Replication | L69: existing | M69: 3073 | N69: 2fcd
A70: VPR9457 | B70: 18 | C70: 150113 | D70: CAP0026409 | E70: Rainbow | F70: Yes | G70: rdc | H70: RDCGCGGIVRLA02U | I70: 1 | J70: 33 | K70: Silver w/o Replication | L70: existing | M70: 3073 | N70: 2fce
A71: VPR9457 | B71: 18 | C71: 150113 | D71: CAP0026409 | E71: Rainbow | F71: Yes | G71: FDC-RDC | H71: FDCGCGGIVRLA02P | I71: 3.6363636 | J71: 120 | K71: Silver w/Replication | L71: existing | O71: 2804 | P71: 327:32E | Q71: 3286 | R71: 327:32E
A72: VPR9457 | B72: 18 | C72: 150113 | D72: CAP0026409 | E72: Rainbow | F72: Yes | G72: FDC-RDC | H72: FDCGCGGIVRLA03P | I72: 3.6363636 | J72: 120 | K72: Silver w/Replication | L72: existing | O72: 2804 | P72: 327:32E | Q72: 3286 | R72: 327:32E
A73: VPR9457 | B73: 18 | C73: 150113 | D73: CAP0026409 | E73: Rainbow | F73: Yes | G73: FDC | H73: FDCGCGCMRLA03P | I73: 1.8181818 | J73: 60 | K73: Silver w/o Replication | L73: existing | M73: 3004 | N73: 3360:3361
A74: VPR9457 | B74: 18 | C74: 150113 | D74: CAP0026409 | E74: Rainbow | F74: Yes | G74: FDC | H74: FDCGCGCMRLA04P | I74: 1.8181818 | J74: 60 | K74: Silver w/o Replication | L74: existing | M74: 3004 | N74: 3362:3363
A75: VPR 9457 EMEA-GCG-Rainbow | B75: 19 | C75: 150113 | D75: CAP0026530 | E75: Rainbow | F75: Yes | G75: rdc | H75: RDCGCGETLAA01C | I75: 3.030303 | J75: 100 | K75: Silver w/o Replication | L75: existing | M75: 3073 | N75: 3E13:3E21
A76: VPR 9457 EMEA-GCG-Rainbow | B76: 19 | C76: 150113 | D76: CAP0026530 | E76: Rainbow | F76: Yes | G76: rdc | H76: RDCGCGETLAA03C | I76: 3 | J76: 99 | K76: Silver w/o Replication | L76: existing | M76: 3073 | N76: 3E13:3E21
A77: VPR 9457 EMEA-GCG-Rainbow | B77: 19 | C77: 150113 | D77: CAP0026530 | E77: Rainbow | F77: Yes | G77: rdc | H77: RDCGCGETLAA06C | I77: 5.030303 | J77: 166 | K77: Silver w/o Replication | L77: existing | M77: 3073 | N77: 3E13:3E21
A78: VPR 9457 EMEA-GCG-Rainbow | B78: 19 | C78: 150113 | D78: CAP0026530 | E78: Rainbow | F78: Yes | G78: rdc | H78: RDCGCGETLAA09C | I78: 3.6363636 | J78: 120 | K78: Silver w/o Replication | L78: existing | M78: 3073 | N78: 3E13:3E21
A79: VPR 9457 EMEA-GCG-Rainbow | B79: 20 | C79: 150113 | D79: CAP0026532 | E79: Rainbow | F79: Yes | G79: FDC-RDC | H79: FDCGCGRACAD01P | I79: 4.0909091 | J79: 135 | K79: Silver w/Replication | L79: existing | O79: 3875 | P79: 9E1:9F0 | Q79: 3696 | R79: 9E1:9F0
A80: VPR 9457 EMEA-GCG-Rainbow | B80: 20 | C80: 150113 | D80: CAP0026532 | E80: Rainbow | F80: Yes | G80: FDC-RDC | H80: FDCGCGRACAD02P | I80: 4.0909091 | J80: 135 | K80: Silver w/Replication | L80: existing | O80: 3875 | P80: 9E1:9F0 | Q80: 3696 | R80: 9E1:9F0
A81: VPR 9457 EMEA-GCG-Rainbow | B81: 20 | C81: 150113 | D81: CAP0026532 | E81: Rainbow | F81: Yes | G81: FDC-RDC | H81: FDCGCGRACAD03P | I81: 4.0909091 | J81: 135 | K81: Silver w/Replication | L81: existing | O81: 3875 | P81: 9E1:9F0 | Q81: 3696 | R81: 9E1:9F0
A82: VPR 9457 EMEA-GCG-Rainbow | B82: 20 | C82: 150113 | D82: CAP0026532 | E82: Rainbow | F82: Yes | G82: FDC-RDC | H82: FDCGCGRACAD04P | I82: 4.0909091 | J82: 135 | K82: Silver w/Replication | L82: existing | O82: 3875 | P82: 9E1:9F0 | Q82: 3696 | R82: 9E1:9F0
A83: VPR11557 EMEA-GCG-LCB Banking | B83: 21 | C83: 150113 | D83: CAP0025500 | F83: Tracker Sheet | G83: FDC | H83: PROD1 | I83: 6.0606061 | J83: 200 | K83: Silver w/o Replication | L83: New | M83: 7026 | N83: 0CFE:0D03
A84: VPR11557 EMEA-GCG-LCB Banking | B84: 21 | C84: 150113 | D84: CAP0025500 | F84: Tracker Sheet | G84: FDC | H84: PROD2 | I84: 6.0606061 | J84: 200 | K84: Silver w/o Replication | L84: New | M84: 7026 | N84: 0D04:0D09
A85: VPR11557 EMEA-GCG-LCB Banking | B85: 21 | C85: 150113 | D85: CAP0025500 | F85: Tracker Sheet | G85: RDC | H85: COB1 | I85: 6.0606061 | J85: 200 | K85: Silver w/o Replication | L85: New | M85: 3518 | N85: 24:3A-24:51
A86: VPR11557 EMEA-GCG-LCB Banking | B86: 21 | C86: 150113 | D86: CAP0025500 | F86: Tracker Sheet | G86: RDC | H86: COB2 | I86: 6.0606061 | J86: 200 | K86: Silver w/o Replication | L86: New | M86: 3518 | N86: 24:3A-24:51
A87: VPR11557 EMEA-GCG-LCB Banking | B87: 21 | C87: 150113 | D87: CAP0025500 | F87: Tracker Sheet | G87: RDC | H87: UAT1 | I87: 6.0606061 | J87: 200 | K87: Silver w/o Replication | L87: New | M87: 3518 | N87: 24:3A-24:51
A88: VPR11557 EMEA-GCG-LCB Banking | B88: 21 | C88: 150113 | D88: CAP0025500 | F88: Tracker Sheet | G88: RDC | H88: UAT2 | I88: 6.0606061 | J88: 200 | K88: Silver w/o Replication | L88: New | M88: 3518 | N88: 24:3A-24:51
A89: AML Mantas new SAN | B89: 22 | C89: 210213 | D89: CAP0027267 | F89: Tracker Sheet | G89: FDC | H89: GCTMTSAMLDB1FFU | I89: 46.545455 | J89: 1536 | K89: Silver w/o Replication | L89: existing | M89: 7026 | N89: 0D79:0DA6 | O89: 3004/879
A90: AML Mantas new SAN | B90: 22 | C90: 210213 | D90: CAP0027267 | F90: Yes | G90: RDC-FDC | H90: GCTMTSAMLDB1LNP | I90: 46.545455 | J90: 1536 | K90: Silver w/Replication | L90: existing | O90: 2230 | P90: 22D7:2304 | Q90: 2231 | R90: 22D7:2304
A91: P7 Mantas | B91: 23 | C91: 210213 | D91: CAP0027315 | F91: Tracker Sheet | G91: rdc | H91: GCTMTSAMLDB1LNP-NEW | I91: 5.1515152 | J91: 170 | K91: Silver w/o Replication | L91: new/existing | M91: 3518 | N91: 246E:2473
A92: P7 Mantas | B92: 23 | C92: 210213 | D92: CAP0027315 | F92: Tracker Sheet | G92: FDC | H92: GCTMTSAMLDB1FFU-NEW | I92: 5.1515152 | J92: 170 | K92: Silver w/o Replication | L92: new/existing | M92: 7026 | N92: 0D0A:0D18 | O92: 3004/879
A93: P7 Mantas | B93: 23 | C93: 210213 | D93: CAP0027315 | F93: Tracker Sheet | G93: FDC | H93: GCTMTSAMLDB1FFc-NEW | I93: 5.1515152 | J93: 170 | K93: Silver w/o Replication | L93: new/existing | M93: 7026 | N93: 0D0A:0D18 | O93: 3004/879
A94: P7 Mantas | B94: 23 | C94: 210213 | D94: CAP0027315 | F94: Tracker Sheet | G94: FDC | H94: GCTMTSAMLDB1FFD-NEW | I94: 5.1515152 | J94: 170 | K94: Silver w/o Replication | L94: new/existing | M94: 7026 | N94: 0D0A:0D18 | O94: 3004/879
A95: TBE growth 2013 | B95: 24 | C95: 210213 | D95: CAP0026951 | F95: Tracker Sheet | G95: FDC | H95: FDCICGTFSAD01U | I95: 4.1212121 | J95: 136 | K95: Silver w/o Replication | M95: 7026 | N95: 0D19:0D1E
A96: TBE growth 2013 | B96: 24 | C96: 210213 | D96: CAP0026951 | F96: Tracker Sheet | G96: FDC | H96: FDCICGTFSAD01c | I96: 2.0606061 | J96: 68 | K96: Silver w/o Replication | M96: 7026 | N96: 0D19:0D1E
A97: TBE growth 2013 | B97: 24 | C97: 210213 | D97: CAP0026951 | F97: Tracker Sheet | G97: rdc | H97: RDCICGTFSAD01P | I97: 2.0606061 | J97: 68 | K97: Silver w/o Replication | L97: new | M97: 3518 | N97: 2474:2475
A98: EMEA VMware storage allocations - FDC | B98: 25 | C98: 210213 | D98: CAP0026751 | F98: Tracker Sheet | G98: FDC | H98: fdccti001vc001u/2u/3u | I98: 90.909091 | J98: 3000 | K98: Silver w/o Replication | L98: existing | M98: 7026 | N98: 0D1F:0D78 | O98: fdchds02
A99: CMOT 149485 IOWA SAN2 | B99: 26 | C99: 210213 | D99: CAP0027286 | F99: Yes | G99: RDC-FDC | H99: rdcgdsiowld01p/2p | I99: 9.0909091 | J99: 300 | K99: Silver w/Replication | L99: esisting | O99: 2230 | P99: 2305:230D | Q99: 2231 | R99: 2305:230D
A100: CMOT 149485 IOWA SAN3 | B100: 27 | C100: 210213 | D100: CAP0027287 | F100: No | G100: rdc | H100: GCCASHORA1p | I100: 7.5757576 | J100: 250 | K100: STAR | L100: existing | M100: 3451
A101: MQA - Redhat-6 Development Environment | B101: 28 | C101: 210213 | D101: CAP0027318 | F101: Tracker Sheet | G101: rdc | H101: DEV1 | I101: 13.636364 | J101: 450 | K101: Silver w/o Replication | L101: New | M101: 3518 | N101: 2452:246D
A102: MQA - Redhat-6 Development Environment | B102: 28 | C102: 210213 | D102: CAP0027318 | F102: Tracker Sheet | G102: rdc | H102: DEV2 | I102: 13.636364 | J102: 450 | K102: Silver w/o Replication | L102: New | M102: 3518 | N102: 2452:246D
A103: VPR 9457 EMEA-GCG-Rainbow Migration Program | B103: 29 | C103: 220213 | D103: CAP0027234 | E103: Rainbow | F103: Yes | G103: fdc | H103: FDCGCGRACAD31p | I103: 15.151515 | J103: 500 | K103: Silver w/o Replication | L103: existing | M103: 3004 | N103: 3364:3391
A104: VPR 9457 EMEA-GCG-Rainbow Migration Program | B104: 29 | C104: 220213 | D104: CAP0027234 | E104: Rainbow | F104: Yes | G104: fdc | H104: FDCGCGRACAD32p | I104: 15.151515 | J104: 500 | K104: Silver w/o Replication | L104: existing | M104: 3004 | N104: 3364:3391
A105: VPR 9457 EMEA-GCG-Rainbow Migration Program | B105: 29 | C105: 220213 | D105: CAP0027234 | E105: Rainbow | F105: Yes | G105: fdc | H105: FDCGCGRACAD33p | I105: 7.5757576 | J105: 250 | K105: Silver w/o Replication | L105: existing | M105: 3004 | N105: 3364:3391
A106: VPR 9457 EMEA-GCG-Rainbow Migration Program | B106: 29 | C106: 220213 | D106: CAP0027234 | E106: Rainbow | F106: Yes | G106: fdc | H106: FDCGCGRACAD34p | I106: 7.5757576 | J106: 250 | K106: Silver w/o Replication | L106: existing | M106: 3004 | N106: 3364:3391
A107: FXLM Quantum FX - Storage addtional UAT instance | B107: 30 | C107: 220213 | D107: CAP0027297 | F107: Yes | G107: fdc | H107: GCFXWEORA1FFD | I107: 7.5757576 | J107: 250 | K107: Silver w/o Replication | L107: existing | M107: 879 | N107: 2028:202F
...

Sheet 080114
A1: SA Name | B1: Capacity ID | D1: Requestor | E1: Submitter | F1: Business Sector | G1: Business Group | H1: Business Line | I1: Business | J1: Project Name | K1: Type of Request | L1: Status | M1: Current Phase | N1: In Queue of | O1: Inque Start Time | P1: SLA Days | Q1: Time in Queue | R1: Overall Request Time | S1: Region
A2: Richman Acosta | B2: CAP0029059 | C2: =IF(ISERROR(VLOOKUP(B2,'070114'!B:C,2,FALSE)),"new",VLOOKUP(B2,'070114'!B:C,2,FALSE)) -> 0 | D2: Jaymark Cruz | E2: jc70945 | F2: CTI | G2: CTI Global Technology Operations | H2: Global Voice Operations | I2: Global Voice Operations | J2: Drive Space Request | K2: Storage Request - NAS | L2: Open | M2: Submitter Approval | N2: jc70945; | O2: 41411.122 | P2: 0 | Q2: 235.98233 | R2: 235.98233 | S2: ASPAC
A3: Kenneth Lam | B3: CAP0030803 | C3: =IF(ISERROR(VLOOKUP(B3,'070114'!B:C,2,FALSE)),"new",VLOOKUP(B3,'070114'!B:C,2,FALSE)) -> new | D3: Hansen Mah | E3: hm07942 | F3: CTI | G3: CTI IT Service Assurance | H3: CTI IT Service Assurance | I3: CTI IT Service Assurance | J3: N/A | K3: Storage Request - NAS | L3: Open | M3: SA Approval | N3: jc18965;kl98701;vd95952; | O3: 41507.192 | P3: 1 | Q3: 139.91314 | R3: 139.93201 | S3: ASPAC
A4: Victor Inocentes | B4: CAP0032269 | C4: =IF(ISERROR(VLOOKUP(B4,'070114'!B:C,2,FALSE)),"new",VLOOKUP(B4,'070114'!B:C,2,FALSE)) -> new | D4: victor inocentes | E4: vi10863 | F4: CTI | G4: CTI Operations - Regional | H4: CTI Asia Pacific | I4: CTI Asia Pacific | J4: NAS Storage - BAU | K4: Storage Request - NAS | L4: Open | M4: Submitter Approval | N4: vi10863; | O4: 41589.139 | P4: 0 | Q4: 57.966273 | R4: 57.966273 | S4: ASPAC
A5: Janakiraman Parthasarathy | B5: CAP0032767 | C5: =IF(ISERROR(VLOOKUP(B5,'070114'!B:C,2,FALSE)),"new",VLOOKUP(B5,'070114'!B:C,2,FALSE)) -> new | D5: Hansen Mah | E5: hm07942 | F5: CTI | G5: CTI IT Service Assurance | H5: CTI IT Service Assurance | I5: CTI IT Service Assurance | J5: desktop optimization | K5: Storage Request - NAS | L5: Open | M5: CTI Approval | N5: ae65874;ah74163;jn62051;ks14775;mp35609;mt06736;sy25911;ta19710;up44123; | O5: 41624.718 | P5: 3 | Q5: 22.386366 | R5: 27.200868 | S5: ASPAC
A6: Kam Bong So | B6: CAP0032124 | C6: =IF(ISERROR(VLOOKUP(B6,'070114'!B:C,2,FALSE)),"new",VLOOKUP(B6,'070114'!B:C,2,FALSE)) -> new | D6: Sudhakar Lingamneni | E6: sl18564 | F6: ICG_Tech | G6: ICG_Tech Citi Markets Technology | H6: ICG_Tech_CMT - Equities & Equity Middle Office | I6: Global Equities - Dadlani, Sundeep | J6: BAU | K6: Storage Request - NAS | L6: Open | M6: Submitter Approval | N6: sl18564; | O6: 41579.001 | P6: 0 | Q6: 68.103762 | R6: 68.103762 | S6: ASPAC
A7: Kam Bong So | B7: CAP0032384 | C7: =IF(ISERROR(VLOOKUP(B7,'070114'!B:C,2,FALSE)),"new",VLOOKUP(B7,'070114'!B:C,2,FALSE)) -> new | D7: kam bong so | E7: ks24484 | F7: ICG_Tech | G7: ICG_Tech Citi Markets Technology | H7: ICG_Tech_CMT - Equities & Equity Middle Office | I7: ASPAC - EQ - Lingard, Richard | J7: WS19318572 | K7: Storage Request - SAN | L7: Open | M7: Pre-Design Approval | N7: ds76190;fz92331;mp96590;sw63477;tb60866; | O7: 41603.207 | P7: 1 | Q7: 43.897431 | R7: 50.207708 | S7: ASPAC
A8: Connie Kwok | B8: CAP0032742 | C8: =IF(ISERROR(VLOOKUP(B8,'070114'!B:C,2,FALSE)),"new",VLOOKUP(B8,'070114'!B:C,2,FALSE)) -> new | D8: zhen pan | E8: sp59305 | F8: ICG_Tech | G8: ICG_Tech Market Data Services | H8: MDS - Ekong,Victor | I8: MDS - Ekong,Victor | J8: WS7422496 GDC-AP-RHEL OS EOL Upgrade | K8: Infrastructure | L8: Open | M8: CTI Approval | N8: jw18696; | O8: 41627.85 | P8: 5 | Q8: 19.25441 | R8: 28.06537 | S8: ASPAC
A9: Connie Kwok | B9: CAP0032911 | C9: =IF(ISERROR(VLOOKUP(B9,'070114'!B:C,2,FALSE)),"new",VLOOKUP(B9,'070114'!B:C,2,FALSE)) -> new | D9: connie kwok | E9: ck12002 | F9: ICG_Tech | G9: ICG_Tech Citi Markets Technology | H9: ICG_Tech_CMT - Equities & Equity Middle Office | I9: ASPAC - EQ - Lingard, Richard | J9: AP COMET | K9: Storage Request - SAN | L9: Open | M9: Pre-Design Approval | N9: ds76190;fz92331;mp96590;sw63477;tb60866; | O9: 41631.913 | P9: 1 | Q9: 15.191852 | R9: 15.203403 | S9: ASPAC
A10: Kam Bong So | B10: CAP0032936 | C10: =IF(ISERROR(VLOOKUP(B10,'070114'!B:C,2,FALSE)),"new",VLOOKUP(B10,'070114'!B:C,2,FALSE)) -> new | D10: connie kwok | E10: ck12002 | F10: ICG_Tech | G10: ICG_Tech Citi Markets Technology | H10: ICG_Tech_CMT - Equities & Equity Middle Office | I10: ASPAC - EQ - Lingard, Richard | J10: BAU | K10: Storage Request - SAN | L10: Open | M10: Pre-Design Approval | N10: ds76190;fz92331;mp96590;sw63477;tb60866; | O10: 41637.918 | P10: 1 | Q10: 9.1869213 | R10: 9.2069444 | S10: ASPAC
A11: Kam Bong So | B11: CAP0033001 | C11: =IF(ISERROR(VLOOKUP(B11,'070114'!B:C,2,FALSE)),"new",VLOOKUP(B11,'070114'!B:C,2,FALSE)) -> new | D11: kam bong so | E11: ks24484 | F11: ICG_Tech | G11: ICG_Tech Citi Markets Technology | H11: ICG_Tech_CMT - Equities & Equity Middle Office | I11: Global Equities - Lingard,Richard | J11: WS20037435 | K11: Storage Request - SAN | L11: Open | M11: Pre-Design Approval | N11: ds76190;fz92331;mp96590;sw63477;tb60866; | O11: 41647.01 | P11: 1 | Q11: 0.094861111 | R11: 0.84300926 | S11: ASPAC
A12: Ramesh Shunmugavelu | B12: CAP0032298 | C12: =IF(ISERROR(VLOOKUP(B12,'070114'!B:C,2,FALSE)),"new",VLOOKUP(B12,'070114'!B:C,2,FALSE)) -> new | D12: shunmugavelu ramesh | E12: mg06092 | F12: ICG_Tech | G12: ICG_Tech ASPAC | H12: ASPAC - In-Country Tech - Chan, Ying Man | I12: ASPAC - CMT - Chan, Ying Man | J12: CTI Virtualization | K12: VMWare | L12: Open | M12: CSI Application Approval | N12: CSI->App Manager | O12: 41599.393 | P12: 0 | Q12: 47.711898 | R12: 55.868495 | S12: ASPAC
A13: Thanoj Krishnan | B13: CAP0032353 | C13: =IF(ISERROR(VLOOKUP(B13,'070114'!B:C,2,FALSE)),"new",VLOOKUP(B13,'070114'!B:C,2,FALSE)) -> new | D13: james alfieri | E13: tk26563 | F13: ICG_Tech | G13: ICG_Tech Citi Markets Technology | H13: ICG_Tech_CMT - FX, LM, Global Data and CitiVelocity | I13: GMT - FXLM_Derivatives | J13: Global-GDC-Tech Room Initiative | K13: Infrastructure | L13: Open | M13: Post-CTI Approval | N13: ac94164; | O13: 41602.993 | P13: 0 | Q13: 44.112292 | R13: 53.999074 | S13: ASPAC
... A25: Matheswaran Ponnusamy | B25: CAP0030289 | C25: =IF(ISERROR(VLOOKUP(B25,'070114'!B:C,2,FALSE)),"new",VLOOKUP(B25,'070114'!B:C,2,FALSE)) -> new | D25: matheswaran ponnusamy | E25: mp59890 | F25: GCG | G25: Global Product Development | H25: Global Product Development | I25: Customer Management | J25: BAU | K25: Infrastructure | L25: Open | M25: Post-CTI Approval | N25: hc79466;kc47081;km37089;km66166;mc99195;pk93615;sl70906;yl82682; | O25: 41504.976 | P25: 0 | Q25: 142.12882 | R25: 169.72611 | S25: ASPAC
A26: Matheswaran Ponnusamy | B26: CAP0030439 | C26: =IF(ISERROR(VLOOKUP(B26,'070114'!B:C,2,FALSE)),"new",VLOOKUP(B26,'070114'!B:C,2,FALSE)) -> new | D26: raghubabu machavolu | E26: md10740 | F26: CTI | J26: BAU | K26: Storage Request - SAN | L26: Open | M26: Submitter Approval | N26: rm00297;md10740; | O26: 41485.122 | P26: 0 | Q26: 161.98248 | R26: 161.98248 | S26: ASPAC
A27: Udaya Gudimella | B27: CAP0030608 | C27: =IF(ISERROR(VLOOKUP(B27,'070114'!B:C,2,FALSE)),"new",VLOOKUP(B27,'070114'!B:C,2,FALSE)) -> new | D27: baskaran pandurangan | E27: ss45123 | F27: GCG | G27: Asia Pacific | H27: Singapore | I27: Yohannan,Rajesh | J27: GCG-AP-GCMS DASD Increase | K27: Storage Request - SAN | L27: Open | M27: Submitter Approval | N27: bp33309;ss45123; | O27: 41493.079 | P27: 0 | Q27: 154.02572 | R27: 154.02572 | S27: ASPAC
A28: Pachaiyappan Bathirachalamoorthi | B28: CAP0032389 | C28: =IF(ISERROR(VLOOKUP(B28,'070114'!B:C,2,FALSE)),"new",VLOOKUP(B28,'070114'!B:C,2,FALSE)) -> new | D28: William Jake C. Dabac | E28: wd16247 | F28: CTI | G28: CTI Global Data Center Services | H28: Data Center Operations | I28: Data Center Operations | J28: WS18908510 | K28: Storage Request - SAN | L28: Open | M28: Submitter Approval | N28: wd16247; | O28: 41597.218 | P28: 0 | Q28: 49.88662 | R28: 49.88662 | S28: ASPAC
A29: Kuppusamy Vellamadam Palavesam | B29: CAP0032875 | C29: =IF(ISERROR(VLOOKUP(B29,'070114'!B:C,2,FALSE)),"new",VLOOKUP(B29,'070114'!B:C,2,FALSE)) -> new | D29: kuppusamy Vellamadam Palavesam | E29: kv34623 | F29: CTI | G29: CTI Global Data Center Services | H29: Data Center Operations | I29: Data Center Operations | J29: WS12319146- ICG-AP-TTS Resiliency setup | K29: AIX | L29: Open | M29: CTI Approval | N29: hc79466;kc47081;km37089;km66166;mc99195;pk93615;yl82682; | O29: 41645.962 | P29: 5 | Q29: 1.1428241 | R29: 19.003796 | S29: ASPAC
A30: Nayab Vali | B30: CAP0030549 | C30: =IF(ISERROR(VLOOKUP(B30,'070114'!B:C,2,FALSE)),"new",VLOOKUP(B30,'070114'!B:C,2,FALSE)) -> new | D30: nayab vali | E30: nv87369 | F30: CTO | G30: GFTS | H30: GFT Global Finance Technology | I30: GFT - Gangesar,Pathman | J30: BAU | K30: VMWare | L30: Open | M30: CTI Approval | N30: bw03051;ec04161;gm07616;kl24810;kn92290;ln51521;ra05079;rg18542;rg54081;rk72233;rm19957;rv56747;sh05124;st64438;vk63388; | O30: 41605.815 | P30: 1 | Q30: 41.289954 | R30: 156.24123 | S30: ASPAC
A31: Nayab Vali | B31: CAP0032278 | C31: =IF(ISERROR(VLOOKUP(B31,'070114'!B:C,2,FALSE)),"new",VLOOKUP(B31,'070114'!B:C,2,FALSE)) -> new | D31: nayab vali | E31: nv87369 | F31: ICG_Tech | G31: ICG_Tech Citi Markets Technology | H31: ICG_Tech_CMT - Markets Operations | I31: GMT - Agarwal,Himanshu | J31: Japan Frontend apps Windows 2008 - UAT | K31: VMWare | L31: Open | M31: CTI Approval | N31: an43463;bw03051;ec04161;rk72233;vr73325;vw67949; | O31: 41643.227 | P31: 1 | Q31: 3.8775116 | R31: 57.187894 | S31: ASPAC
A32: Jesudoss Rajappa Jones Velanganni | B32: CAP0032594 | C32: =IF(ISERROR(VLOOKUP(B32,'070114'!B:C,2,FALSE)),"new",VLOOKUP(B32,'070114'!B:C,2,FALSE)) -> new | D32: Jesudoss Rajappa Jones velanganni | E32: jj36600 | F32: CTI | G32: CTI Operations - Regional | H32: CTI Asia Pacific | I32: CTI Asia Pacific | J32: BAU | K32: Storage Request - NAS | L32: Open | M32: Final Business Signoff | N32: bm39790;ld76929; | O32: 41647.064 | P32: 0 | Q32: 0.040659722 | R32: 37.164769 | S32: ASPAC
A33: Prashant Pate | B33: CAP0032932 | C33: =IF(ISERROR(VLOOKUP(B33,'070114'!B:C,2,FALSE)),"new",VLOOKUP(B33,'070114'!B:C,2,FALSE)) -> new | D33: Prashant Pate | E33: pp08563 | F33: GCG | G33: Cross Function | H33: eBusiness (eBUS) | I33: Sebastian, Jose | J33: Windows 2008 OS upgrade - KTC | K33: VMWare | L33: Open | M33: Pre-Design Approval | N33: cc28703;jh90898;ke63942;rm50898;sp10283; | O33: 41635.1 | P33: 1 | Q33: 12.004444 | R33: 12.004444 | S33: ASPAC
A34: Andrew John Horgan | B34: CAP0028808 | C34: =IF(ISERROR(VLOOKUP(B34,'070114'!B:C,2,FALSE)),"new",VLOOKUP(B34,'070114'!B:C,2,FALSE)) -> 0 | D34: william adair | E34: sd37642 | F34: ICG_Tech | G34: ICG_Tech Citi Markets Technology | H34: ICG_Tech_CMT - Equities & Equity Middle Office | I34: Global Equities - Smith,John | J34: APAC STI THOR GLOBAL ROLLOUT | K34: Infrastructure | L34: Open | M34: Post-CTI Approval | N34: bm58431; | O34: 41585.862 | P34: 0 | Q34: 61.242627 | R34: 246.45229 | S34: ASPAC
A35: David Berkes | B35: CAP0030937 | C35: =IF(ISERROR(VLOOKUP(B35,'070114'!B:C,2,FALSE)),"new",VLOOKUP(B35,'070114'!B:C,2,FALSE)) -> new | D35: david berkes | E35: oa01082 | F35: ICG_Tech | G35: ICG_Tech Citi Markets Technology | H35: ICG_Tech_CMT - Equities & Equity Middle Office | I35: Global Equities - Uppuluri, Pk | J35: OMM HK Exchange PROD / UAT Expansion | K35: Cost Reduction | L35: Open | M35: Pre-Design Approval | N35: ds76190;fz92331;mk11536;mp96590;sw63477;tb60866; | O35: 41541.542 | P35: 1 | Q35: 105.56262 | R35: 133.22228 | S35: ASPAC
A36: Andrew John Horgan | B36: CAP0031699 | C36: =IF(ISERROR(VLOOKUP(B36,'070114'!B:C,2,FALSE)),"new",VLOOKUP(B36,'070114'!B:C,2,FALSE)) -> new | D36: dipon kumar rai | E36: sd37642 | F36: ICG_Tech | G36: ICG_Tech GTS Tech Treasury and Trade Services | H36: TTS - Statnick,Thomas | I36: TTS - Statnick,Thomas | J36: FTI (Funds Transfer Integration) | K36: VMWare | L36: Open | M36: CTI Approval | N36: bw03051;ec04161;rk72233;vw67949; | O36: 41582.693 | P36: 1 | Q36: 64.4114 | R36: 92.638218 | S36: ASPAC
A37: Kir Kip Lee | B37: CAP0032466 | C37: =IF(ISERROR(VLOOKUP(B37,'070114'!B:C,2,FALSE)),"new",VLOOKUP(B37,'070114'!B:C,2,FALSE)) -> new | D37: kir kip lee | E37: kl29887 | F37: ICG_Tech | G37: ICG_Tech GTS Tech Treasury and Trade Services | H37: TTS - Fabian,Eduard | I37: TTS - Fabian,Eduard | J37: WS13260366 ICG-AP-Com Bank Portal | K37: Storage Request - SAN | L37: Open | M37: Post-CTI Approval | N37: ak47115;sk35901; | O37: 41605.941 | P37: 0 | Q37: 41.164201 | R37: 47.039363 | S37: ASPAC
A38: Kir Kip Lee | B38: CAP0032658 | C38: =IF(ISERROR(VLOOKUP(B38,'070114'!B:C,2,FALSE)),"new",VLOOKUP(B38,'070114'!B:C,2,FALSE)) -> new | D38: kir kip lee | E38: kl29887 | F38: ICG_Tech | G38: ICG_Tech Private Bank - Personal Wealth Management | H38: GWM - Asia Technology | I38: GWM - Asia Technology | J38: WS17198640 ICG-SG/HK-CPB Tradelink | K38: No Servers - Memory/CPU Upgrade | L38: Open | M38: Pre-Design Approval | N38: ac33575;mo77554; | O38: 41618.264 | P38: 1 | Q38: 28.840394 | R38: 33.841076 | S38: ASPAC
... A53: Manoharan Kandaswamy | B53: CAP0032963 | C53: =IF(ISERROR(VLOOKUP(B53,'070114'!B:C,2,FALSE)),"new",VLOOKUP(B53,'070114'!B:C,2,FALSE)) -> new | D53: Kandaswamy, Manoharan | E53: mk08559 | F53: CTI | G53: CTI Global Technology Operations | H53: Global Unified Communications Operations | I53: Global Unified Communications Operations | J53: Microsoft Lync 2010 - ASPAC | K53: Storage Request - SAN | L53: Open | M53: Submitter Approval | N53: mk08559; | O53: 41642.143 | P53: 0 | Q53: 4.9614699 | R53: 4.9614699 | S53: ASPAC
A54: Chaesan Im | B54: CAP0029668 | C54: =IF(ISERROR(VLOOKUP(B54,'070114'!B:C,2,FALSE)),"new",VLOOKUP(B54,'070114'!B:C,2,FALSE)) -> new | D54: chaesan im | E54: ci95728 | F54: GCG | G54: Asia Pacific | H54: Korea, Republic of | I54: Lee,Gi Young | J54: CCKI EOL Server migration | K54: AIX | L54: Open | M54: Post-CTI Approval | O54: 41576.206 | P54: 0 | Q54: 70.898796 | R54: 204.98642 | S54: ASPAC
A55: Chaesan Im | B55: CAP0032947 | C55: =IF(ISERROR(VLOOKUP(B55,'070114'!B:C,2,FALSE)),"new",VLOOKUP(B55,'070114'!B:C,2,FALSE)) -> new | D55: chaesan im | E55: ci95728 | F55: GCG | G55: Asia Pacific | H55: Korea, Republic of | I55: Lee,Gi Young | J55: Add the new frame | K55: AIX | L55: Open | M55: Submitter Approval | N55: ci95728; | O55: 41641.15 | P55: 0 | Q55: 5.9551273 | R55: 5.9551273 | S55: ASPAC
A56: Zulkiflee Zainal | B56: CAP0027813 | C56: =IF(ISERROR(VLOOKUP(B56,'070114'!B:C,2,FALSE)),"new",VLOOKUP(B56,'070114'!B:C,2,FALSE)) -> 0 | D56: mohd faizal abdul ghani | E56: ma20639 | F56: CTI | G56: CTI Global Technology Operations | H56: Global Voice Operations | I56: Global Voice Operations | J56: ICG-MY-In Bound Call Center Setup | K56: Other (Describe Below) | L56: Open | M56: Submitter Approval | N56: ma20639; | O56: 41347.164 | P56: 0 | Q56: 299.94044 | R56: 299.94044 | S56: ASPAC
A57: David Miao | B57: CAP0027642 | C57: =IF(ISERROR(VLOOKUP(B57,'070114'!B:C,2,FALSE)),"new",VLOOKUP(B57,'070114'!B:C,2,FALSE)) -> 0 | D57: weidong hong | E57: sh05124 | F57: CTI | G57: CTI CIBIS - Citi Investment Bank IS | H57: CTI CIBIS - Citi Investment Bank IS | I57: CTI CIBIS - Citi Investment Bank IS | J57: WS6952680 | K57: Storage Request - NAS | L57: Open | M57: Submitter Approval | N57: sh05124; | O57: 41339.178 | P57: 0 | Q57: 307.92679 | R57: 307.92679 | S57: ASPAC
A58: David Miao | B58: CAP0028002 | C58: =IF(ISERROR(VLOOKUP(B58,'070114'!B:C,2,FALSE)),"new",VLOOKUP(B58,'070114'!B:C,2,FALSE)) -> 0 | D58: david miao | E58: dm95651 | F58: CTI | G58: CTI Operations - Regional | H58: CTI Asia Pacific | I58: CTI Asia Pacific | J58: China - BAU | K58: Storage Request - NAS | L58: Open | M58: Submitter Approval | N58: dm95651; | O58: 41355.092 | P58: 0 | Q58: 292.01265 | R58: 292.01265 | S58: ASPAC
A59: Zhangyi Li | B59: CAP0032416 | C59: =IF(ISERROR(VLOOKUP(B59,'070114'!B:C,2,FALSE)),"new",VLOOKUP(B59,'070114'!B:C,2,FALSE)) -> new | D59: zhangyi li | E59: zl51549 | F59: GCG | G59: Asia Pacific | H59: China | I59: Dai,Yiping | J59: bau | K59: Storage Request - NAS | L59: Open | M59: Submitter Approval | N59: zl51549; | O59: 41597.87 | P59: 0 | Q59: 49.234468 | R59: 49.234468 | S59: ASPAC
A60: Siju Vellam Podichintavida | B60: CAP0026679 | C60: =IF(ISERROR(VLOOKUP(B60,'070114'!B:C,2,FALSE)),"new",VLOOKUP(B60,'070114'!B:C,2,FALSE)) -> 0 | D60: kee loong simon yap | E60: ky51621 | F60: GCG | G60: Asia Pacific | H60: Asia Regional Technology | I60: Hari, Sridhar | J60: BAU | K60: Storage Request - SAN | L60: Open | M60: P&L Approval | N60: bd73630;db64267;em14403;kg06584;lk47738;mm44650; | O60: 41603.541 | P60: 0 | Q60: 43.563727 | R60: 363.13231 | S60: ASPAC
A61: Thomas Mathias | B61: CAP0026969 | C61: =IF(ISERROR(VLOOKUP(B61,'070114'!B:C,2,FALSE)),"new",VLOOKUP(B61,'070114'!B:C,2,FALSE)) -> 0 | D61: thomas mathias | E61: tm81308 | F61: GCG | G61: EMEA | H61: Middle East Cluster | I61: Egypt - Ben Makhlouf, Slah | J61: BAU | K61: Storage Request - SAN | L61: Open | M61: Submitter Approval | N61: tm81308; | O61: 41302.101 | P61: 0 | Q61: 345.00339 | R61: 345.00339 | S61: ASPAC
A62: Angelie Quiapo | B62: CAP0027489 | C62: =IF(ISERROR(VLOOKUP(B62,'070114'!B:C,2,FALSE)),"new",VLOOKUP(B62,'070114'!B:C,2,FALSE)) -> 0 | D62: Quiapo, Angelie Manansala [CCC-OT_IT] | E62: aq6651 | F62: CTI | G62: CTI Operations - Regional | H62: CTI Asia Pacific | I62: CTI Asia Pacific | J62: Provision On Demand-VPR3691 | K62: Storage Request - SAN | L62: Open | M62: Post-CTI Approval | N62: ak47115;sk35901; | O62: 41585.121 | P62: 0 | Q62: 61.983542 | R62: 315.93032 | S62: ASPAC
A63: Thomas Mathias | B63: CAP0027597 | C63: =IF(ISERROR(VLOOKUP(B63,'070114'!B:C,2,FALSE)),"new",VLOOKUP(B63,'070114'!B:C,2,FALSE)) -> 0 | D63: thomas mathias | E63: tm81308 | F63: GCG | G63: Asia Pacific | H63: Singapore | I63: Ong,Kim Boon | J63: BAU | K63: Storage Request - SAN | L63: Open | M63: Submitter Approval | N63: tm81308; | O63: 41337.226 | P63: 0 | Q63: 309.87852 | R63: 309.87852 | S63: ASPAC
A64: Siju Vellam Podichintavida | B64: CAP0028673 | C64: =IF(ISERROR(VLOOKUP(B64,'070114'!B:C,2,FALSE)),"new",VLOOKUP(B64,'070114'!B:C,2,FALSE)) -> 0 | D64: ka tak randy ho | E64: sv42004 | F64: GCG | G64: Cross Function | H64: CTO | I64: Mukundan, Bobby | J64: AML Japan Move Server | K64: Storage Request - SAN | L64: Open | M64: Submitter Approval | N64: kh92063;sv42004; | O64: 41393.192 | P64: 0 | Q64: 253.91301 | R64: 253.91301 | S64: ASPAC
A65: Thanigaimalai Gopal | B65: CAP0029591 | C65: =IF(ISERROR(VLOOKUP(B65,'070114'!B:C,2,FALSE)),"new",VLOOKUP(B65,'070114'!B:C,2,FALSE)) -> 0 | D65: Karumapuram Natesan, Senthil Kumar | E65: tg23673 | F65: GCG | G65: EMEA | H65: Poland Cluster | I65: Poland - Cendrowicz, Marek | J65: BAU | K65: Storage Request - SAN | L65: Open | M65: Submitter Approval | N65: sk44126;tg23673; | O65: 41438.099 | P65: 0 | Q65: 209.00609 | R65: 209.00609 | S65: ASPAC
A66: Siju Vellam Podichintavida | B66: CAP0029688 | C66: =IF(ISERROR(VLOOKUP(B66,'070114'!B:C,2,FALSE)),"new",VLOOKUP(B66,'070114'!B:C,2,FALSE)) -> 0 | D66: sivakumar ganesan | E66: sg10633 | F66: CTI | G66: CTI Operations - Regional | H66: CTI Asia Pacific | I66: CTI Asia Pacific | J66: BAU | K66: Storage Request - SAN | L66: Open | M66: SA Approval | N66: ak47115;ap52431;hg04219;ky38902;rf63383;sv68762; | O66: 41443.217 | P66: 1 | Q66: 203.88793 | R66: 203.89529 | S66: ASPAC
... A68: Kuppusamy Vellamadam Palavesam | B68: CAP0031015 | C68: =IF(ISERROR(VLOOKUP(B68,'070114'!B:C,2,FALSE)),"new",VLOOKUP(B68,'070114'!B:C,2,FALSE)) -> new | D68: sugubalan thangavel | E68: st46970 | F68: CTI | G68: CTI Operations - Regional | H68: CTI Asia Pacific | I68: CTI Asia Pacific | J68: GCG-AP-North Asia Rainbow COB Remediation Program | K68: AIX | L68: Open | M68: CTI Approval | N68: ac94164;jn62051;ks14775;md46033;pr72496;rb71989;rs81295;ss84555;sy25911;ta19710;vv58942; | O68: 41521.037 | P68: 5 | Q68: 126.06755 | R68: 127.99784 | S68: ASPAC
A69: Praveen Kumar Prabhakaran | B69: CAP0031630 | C69: =IF(ISERROR(VLOOKUP(B69,'070114'!B:C,2,FALSE)),"new",VLOOKUP(B69,'070114'!B:C,2,FALSE)) -> new | D69: sivakumar ganesan | E69: sg10633 | F69: CTI | G69: CTI Global Data Center Services | H69: Data Center Operations | I69: Data Center Operations | J69: BAU | K69: AIX | L69: Open | M69: Post-CTI Approval | O69: 41561.099 | P69: 0 | Q69: 86.006273 | R69: 97.176933 | S69: ASPAC
A70: Kolangra Veettil Anup Kumar | B70: CAP0031739 | C70: =IF(ISERROR(VLOOKUP(B70,'070114'!B:C,2,FALSE)),"new",VLOOKUP(B70,'070114'!B:C,2,FALSE)) -> new | D70: Venkata Subhadra Raju | E70: vp15209 | F70: ICG_Tech | G70: ICG_Tech Private Bank - Personal Wealth Management | H70: GWM - CPB EMEA Technology | I70: GWM - CPB EMEA | J70: CMS Memory Upgrade | K70: No Servers - Memory/CPU Upgrade | L70: Open | M70: SA Approval | N70: ac16888;ah74163;ak47115;ak92440;ap52431;br92748;bw99927;ds37585;kc37584;kt64405;pk01188;pn94609;pp32252;rb09400;sc71977;sg10633;sk51199;st64438;sv68762;vm24623; | O70: 41599.178 | P70: 1 | Q70: 47.926944 | R70: 90.741458 | S70: ASPAC
A71: Praveen Kumar Prabhakaran | B71: CAP0032150 | C71: =IF(ISERROR(VLOOKUP(B71,'070114'!B:C,2,FALSE)),"new",VLOOKUP(B71,'070114'!B:C,2,FALSE)) -> new | D71: praveen | E71: pp32252 | F71: ICG_Tech | G71: ICG_Tech GTS Tech Treasury and Trade Services | H71: TTS - Statnick,Thomas | I71: TTS - Statnick,Thomas | J71: BAU | K71: Storage Request - SAN | L71: Open | M71: Post-CTI Approval | N71: ak47115;sk35901; | O71: 41591.07 | P71: 0 | Q71: 56.035116 | R71: 64.924769 | S71: ASPAC
A72: Kurian Yeldho | B72: CAP0032181 | C72: =IF(ISERROR(VLOOKUP(B72,'070114'!B:C,2,FALSE)),"new",VLOOKUP(B72,'070114'!B:C,2,FALSE)) -> new | D72: Kannan Mariappan | E72: km53948 | F72: GCG | G72: Asia Pacific | H72: Citi Cards Japan | I72: Shinohara,Masayuki | J72: BAU | K72: Storage Request - SAN | L72: Open | M72: Submitter Approval | N72: km53948; | O72: 41583.049 | P72: 0 | Q72: 64.055486 | R72: 64.055486 | S72: ASPAC
A73: Thomas Mathias | B73: CAP0032280 | C73: =IF(ISERROR(VLOOKUP(B73,'070114'!B:C,2,FALSE)),"new",VLOOKUP(B73,'070114'!B:C,2,FALSE)) -> new | D73: Franky Ronaldy | E73: fr34772 | F73: CTI | G73: CTI Global Data Center Services | H73: Data Center Operations | I73: Data Center Operations | J73: WS14063343 | K73: Storage Request - SAN | L73: Open | M73: Post-CTI Approval | N73: ak47115;sk35901; | O73: 41609.965 | P73: 0 | Q73: 37.139734 | R73: 56.968889 | S73: ASPAC
A74: Pachaiyappan Bathirachalamoorthi | B74: CAP0032297 | C74: =IF(ISERROR(VLOOKUP(B74,'070114'!B:C,2,FALSE)),"new",VLOOKUP(B74,'070114'!B:C,2,FALSE)) -> new | D74: Franky Ronaldy | E74: fr34772 | F74: CTI | G74: CTI Global Data Center Services | H74: Data Center Operations | I74: Data Center Operations | J74: VPR4597 | K74: Storage Request - SAN | L74: Open | M74: Submitter Approval | N74: fr34772; | O74: 41591.2 | P74: 0 | Q74: 55.905266 | R74: 55.905266 | S74: ASPAC
A75: Siju Vellam Podichintavida | B75: CAP0032354 | C75: =IF(ISERROR(VLOOKUP(B75,'070114'!B:C,2,FALSE)),"new",VLOOKUP(B75,'070114'!B:C,2,FALSE)) -> new | D75: Syed Ahamed | E75: ok00153 | F75: ICG_Tech | G75: ICG_Tech GTS Tech Treasury and Trade Services | H75: TTS - Fabian,Eduard | I75: TTS - Fabian,Eduard | J75: BAU | K75: Storage Request - SAN | L75: Open | M75: Submitter Approval | N75: ss99955;ok00153; | O75: 41593.121 | P75: 0 | Q75: 53.983553 | R75: 53.983553 | S75: ASPAC
A76: Siju Vellam Podichintavida | B76: CAP0032368 | C76: =IF(ISERROR(VLOOKUP(B76,'070114'!B:C,2,FALSE)),"new",VLOOKUP(B76,'070114'!B:C,2,FALSE)) -> new | D76: William Jake C. Dabac | E76: wd16247 | F76: CTI | G76: CTI Global Data Center Services | H76: Data Center Operations | I76: Data Center Operations | J76: Brunei Sunset - WS18406287 | K76: Storage Request - SAN | L76: Open | M76: Post-CTI Approval | N76: ak47115;sk35901; | O76: 41624.138 | P76: 0 | Q76: 22.966921 | R76: 50.963588 | S76: ASPAC
A77: Siju Vellam Podichintavida | B77: CAP0032369 | C77: =IF(ISERROR(VLOOKUP(B77,'070114'!B:C,2,FALSE)),"new",VLOOKUP(B77,'070114'!B:C,2,FALSE)) -> new | D77: septius-zeus belen | E77: sb48691 | F77: CTI | G77: CTI Global Data Center Services | H77: Data Center Operations | I77: Data Center Operations | J77: WS18908510 | K77: Storage Request - SAN | L77: Open | M77: Submitter Approval | N77: sb48691; | O77: 41596.142 | P77: 0 | Q77: 50.962882 | R77: 50.962882 | S77: ASPAC
A78: Venkateswara Rao Munagapati | B78: CAP0032819 | C78: =IF(ISERROR(VLOOKUP(B78,'070114'!B:C,2,FALSE)),"new",VLOOKUP(B78,'070114'!B:C,2,FALSE)) -> new | D78: venkates | E78: vm24623 | F78: CTI | G78: CTI Operations - Regional | H78: CTI Asia Pacific | I78: CTI Asia Pacific | J78: Aperture correction to add saixu150 | K78: AIX | L78: Open | M78: Post-CTI Approval | N78: hc79466;kc47081;km37089;km66166;mc99195;pk93615;yl82682; | O78: 41645.188 | P78: 0 | Q78: 1.9167361 | R78: 22.012546 | S78: ASPAC
A79: Aneesh Varghese | B79: CAP0027038 | C79: =IF(ISERROR(VLOOKUP(B79,'070114'!B:C,2,FALSE)),"new",VLOOKUP(B79,'070114'!B:C,2,FALSE)) -> 0 | D79: madhan kumar | E79: mk81769 | F79: CTI | G79: CTI Operations - Regional | H79: CTI Asia Pacific | I79: CTI Asia Pacific | J79: BAU | K79: Storage Request - SAN | L79: Open | M79: CTI Approval | N79: ac94164;jn62051;ks14775;md46033;pr72496;rb71989;rs81295;ss84555;sy25911;ta19710;vv58942; | O79: 41327.39 | P79: 3 | Q79: 319.71434 | R79: 341.83443 | S79: ASPAC
A80: Madhan Kumar | B80: CAP0027559 | C80: =IF(ISERROR(VLOOKUP(B80,'070114'!B:C,2,FALSE)),"new",VLOOKUP(B80,'070114'!B:C,2,FALSE)) -> 0 | D80: balaji venkataswamy | E80: bv49784 | F80: CTI | G80: CTI Operations - Regional | H80: CTI Asia Pacific | I80: CTI Asia Pacific | J80: BAU | K80: Storage Request - SAN | L80: Open | M80: CTI Approval | N80: ac94164;jn62051;js45746;ks14775;md46033;pr72496;rb71989;rs81295;ss84555;sy25911;ta19710;vv58942; | O80: 41348.457 | P80: 3 | Q80: 298.64744 | R80: 312.95126 | S80: ASPAC
A81: Madhan Kumar | B81: CAP0028841 | C81: =IF(ISERROR(VLOOKUP(B81,'070114'!B:C,2,FALSE)),"new",VLOOKUP(B81,'070114'!B:C,2,FALSE)) -> 0 | D81: balaji venkataswamy | E81: bv49784 | F81: CTI | G81: CTI Operations - Regional | H81: CTI Asia Pacific | I81: CTI Asia Pacific | J81: BAU | K81: Storage Request - SAN | L81: Open | M81: CTI Approval | N81: ac94164;jn62051;ks14775;md46033;pr72496;rb71989;rs81295;ss84555;sy25911;ta19710;vv58942; | O81: 41407.346 | P81: 3 | Q81: 239.75928 | R81: 245.08985 | S81: ASPAC
... A91: Kolangra Veettil Anup Kumar | B91: CAP0031254 | C91: =IF(ISERROR(VLOOKUP(B91,'070114'!B:C,2,FALSE)),"new",VLOOKUP(B91,'070114'!B:C,2,FALSE)) -> new | D91: dawei zhao | E91: gs98772 | F91: GCG | G91: Asia Pacific | H91: Asia Regional Technology | I91: Hari, Sridhar | J91: BAU UAT | K91: Storage Request - SAN | L91: Open | M91: P&L Approval | N91: bd73630;db64267;em14403;kg06584;lk47738;mm44650; | O91: 41603.573 | P91: 0 | Q91: 43.531863 | R91: 114.09473 | S91: ASPAC
A92: Gowtham Ganesan | B92: CAP0031612 | C92: =IF(ISERROR(VLOOKUP(B92,'070114'!B:C,2,FALSE)),"new",VLOOKUP(B92,'070114'!B:C,2,FALSE)) -> new | D92: atanas bogdanovski | E92: yq50476 | F92: CTI | G92: CTI Global Data Center Services | H92: Enterprise Systems | I92: Enterprise Systems | J92: Nastel MQ monitoring ASPAC distributed | K92: AIX | L92: Open | M92: Post-CTI Approval | O92: 41577.837 | P92: 0 | Q92: 69.267569 | R92: 97.7436 | S92: ASPAC
A93: Gowtham Ganesan | B93: CAP0031981 | C93: =IF(ISERROR(VLOOKUP(B93,'070114'!B:C,2,FALSE)),"new",VLOOKUP(B93,'070114'!B:C,2,FALSE)) -> new | D93: vijaya srinivas boddu | E93: gg18915 | F93: CTO | G93: GFTS | H93: CTS Compliance Technology Services | I93: CTS - Goh,Sok Kim | J93: APAC GCG ARS Analysis | K93: Infrastructure | L93: Open | M93: CTI Approval | N93: hc79466;kc47081;km37089;km66166;mc99195;pk93615;yl82682; | O93: 41597.141 | P93: 5 | Q93: 49.963935 | R93: 76.130336 | S93: ASPAC
A94: Sugan Shankar | B94: CAP0032012 | C94: =IF(ISERROR(VLOOKUP(B94,'070114'!B:C,2,FALSE)),"new",VLOOKUP(B94,'070114'!B:C,2,FALSE)) -> new | D94: Sugan Shankar | E94: ss81394 | F94: GCG | G94: Asia Pacific | H94: China | I94: Dai,Yiping | J94: WS18927314 - China Local Bureau Checking System | K94: Storage Request - SAN | L94: Open | M94: Submitter Approval | N94: ss81394; | O94: 41572.308 | P94: 0 | Q94: 74.796748 | R94: 74.796748 | S94: ASPAC
A95: Vallinayakam Kamaleswaran | B95: CAP0032184 | C95: =IF(ISERROR(VLOOKUP(B95,'070114'!B:C,2,FALSE)),"new",VLOOKUP(B95,'070114'!B:C,2,FALSE)) -> new | D95: Kamaleswaran Vallinayakam | E95: vk63388 | F95: CTO | G95: GFTS | H95: CTS Compliance Technology Services | I95: CTS - Goh,Sok Kim | J95: BAU UAT | K95: Storage Request - SAN | L95: Open | M95: CTI Approval | N95: ac94164;jn62051;ks14775;md46033;pr72496;rb71989;rs81295;ss84555;sy25911;ta19710;vv58942; | O95: 41617.479 | P95: 3 | Q95: 29.625671 | R95: 63.971713 | S95: ASPAC
A96: Balakumar Murugan | B96: CAP0032420 | C96: =IF(ISERROR(VLOOKUP(B96,'070114'!B:C,2,FALSE)),"new",VLOOKUP(B96,'070114'!B:C,2,FALSE)) -> new | D96: Balakumar | E96: bm35131 | F96: CTI | G96: CTI Global Data Center Services | H96: Storage & Backup | I96: Storage & Backup | J96: AP-GTO-Desktop Optimization Program | K96: Infrastructure | L96: Open | M96: Final Business Signoff | N96: bm39790;ld76929; | O96: 41646.177 | P96: 0 | Q96: 0.92771991 | R96: 49.1036 | S96: ASPAC
A97: Gowtham Ganesan | B97: CAP0032554 | C97: =IF(ISERROR(VLOOKUP(B97,'070114'!B:C,2,FALSE)),"new",VLOOKUP(B97,'070114'!B:C,2,FALSE)) -> new | D97: Gowtham Ganesan | E97: gg18915 | F97: CTI | G97: CTI Global Data Center Services | H97: Storage & Backup | I97: Storage & Backup | J97: Taiwan backup media server | K97: Infrastructure | L97: Open | M97: Post-CTI Approval | N97: kl24810; | O97: 41638.076 | P97: 0 | Q97: 9.0287153 | R97: 41.207454 | S97: ASPAC
A98: Christopher Johnson | B98: CAP0032614 | C98: =IF(ISERROR(VLOOKUP(B98,'070114'!B:C,2,FALSE)),"new",VLOOKUP(B98,'070114'!B:C,2,FALSE)) -> new | D98: Srinivasa Rao | E98: su52819 | F98: CTO | G98: GFTS | H98: GFT Global Finance Technology | I98: GFT - Pradhan,Ravindra | J98: WS17752921-CTO-SGHK-Finance Full Suite | K98: Storage Request - SAN | L98: Open | M98: CTI Approval | N98: ac94164;jn62051;ks14775;md46033;pr72496;rb71989;rs81295;ss84555;sy25911;ta19710;vv58942; | O98: 41645.572 | P98: 3 | Q98: 1.5328935 | R98: 36.160544 | S98: ASPAC
A99: Sugan Shankar | B99: CAP0032674 | C99: =IF(ISERROR(VLOOKUP(B99,'070114'!B:C,2,FALSE)),"new",VLOOKUP(B99,'070114'!B:C,2,FALSE)) -> new | D99: gokula mani | E99: gm86982 | F99: GCG | G99: Asia Pacific | H99: Global Consumer Bank, Japan | I99: Global Consumer Bank, Japan | J99: Increasing Oscar PVCS FS to 33 gbs | K99: Storage Request - SAN | L99: Open | M99: SA Approval | N99: sk35901; | O99: 41614.085 | P99: 1 | Q99: 33.019363 | R99: 33.136655 | S99: ASPAC
A100: Balaji Ramu | B100: CAP0032913 | C100: =IF(ISERROR(VLOOKUP(B100,'070114'!B:C,2,FALSE)),"new",VLOOKUP(B100,'070114'!B:C,2,FALSE)) -> new | D100: ashish jayantilal dattani | E100: br92748 | F100: CTO | G100: GFTS | H100: GFI GFTS International | I100: GFI - Choi,Ann Kit Bing | J100: BAU | K100: Storage Request - SAN | L100: Open | M100: P&L Approval | N100: gp73160;jl18761;np52172;ra96307;vk83521; | O100: 41646.431 | P100: 0 | Q100: 0.67357639 | R100: 15.098194 | S100: ASPAC
A101: Zhen Pan | B101: CAP0032961 | C101: =IF(ISERROR(VLOOKUP(B101,'070114'!B:C,2,FALSE)),"new",VLOOKUP(B101,'070114'!B:C,2,FALSE)) -> new | D101: zhen pan | E101: sp59305 | F101: CTI | G101: CTI Global Technology Operations | H101: Global Voice Operations | I101: Global Voice Operations | J101: WS11805570 GCG-AP-G2C V1 Rollout | K101: Infrastructure | L101: Open | M101: CTI Approval | N101: bl77656;hl77775;kc47081; | O101: 41647.048 | P101: 5 | Q101: 0.056435185 | R101: 5.1965162 | S101: ASPAC
A102: Sugan Shankar | B102: CAP0032995 | C102: =IF(ISERROR(VLOOKUP(B102,'070114'!B:C,2,FALSE)),"new",VLOOKUP(B102,'070114'!B:C,2,FALSE)) -> new | D102: Sugan Shankar | E102: ss81394 | F102: CTI | G102: CTI Operations - Regional | H102: CTI Asia Pacific | I102: CTI Asia Pacific | J102: BAU | K102: Storage Request - SAN | L102: Open | M102: P&L Approval | N102: bm39790;ld76929; | O102: 41646.314 | P102: 0 | Q102: 0.7906713 | R102: 1.0367477 | S102: ASPAC
A103: Vallinayakam Kamaleswaran | B103: CAP0033019 | C103: =IF(ISERROR(VLOOKUP(B103,'070114'!B:C,2,FALSE)),"new",VLOOKUP(B103,'070114'!B:C,2,FALSE)) -> new | D103: Kamaleswaran Vallinayakam | E103: vk63388 | F103: CTO | G103: GFTS | H103: GFT Global Finance Technology | I103: GFT - Pradhan,Ravindra | J103: BAU | K103: Storage Request - SAN | L103: Open | M103: Submitter Approval | N103: vk63388; | O103: 41646.918 | P103: 0 | Q103: 0.18648148 | R103: 0.18648148 | S103: ASPAC
A104: Lampinen, John | B104: CAP0029586 | C104: =IF(ISERROR(VLOOKUP(B104,'070114'!B:C,2,FALSE)),"new",VLOOKUP(B104,'070114'!B:C,2,FALSE)) -> 0 | D104: Jason Reyes Henson | E104: jh68627 | F104: CTI | G104: CTI Global Data Center Services | H104: Data Center Operations | I104: Data Center Operations | J104: RD01 - Add DASD to SAR dbs | K104: Storage Request - DASD Mainframe | L104: Open | M104: Submitter Approval | N104: jh68627; | O104: 41438.052 | P104: 0 | Q104: 209.05282 | R104: 209.05282 | S104: ASPAC
... A150: Thiyagarajan Nagooran | B150: CAP0032829 | C150: =IF(ISERROR(VLOOKUP(B150,'070114'!B:C,2,FALSE)),"new",VLOOKUP(B150,'070114'!B:C,2,FALSE)) -> new | D150: dipak | E150: db34612 | F150: GCG | G150: Asia Pacific | H150: Taiwan | I150: Sung,Michael | J150: WS17788994 GCG-SG-GENESIS Cards | K150: Storage Request - SAN | L150: Open | M150: Pre-Design Approval | N150: cc28703;db35844;jh90898;ky38902;rm50898;rv56747;sn37291; | O150: 41625.775 | P150: 1 | Q150: 21.329815 | R150: 21.571412 | S150: ASPAC
A151: Anil Channapatna Ravindrachar | B151: CAP0028785 | C151: =IF(ISERROR(VLOOKUP(B151,'070114'!B:C,2,FALSE)),"new",VLOOKUP(B151,'070114'!B:C,2,FALSE)) -> 0 | D151: Channapatna Ravindrachar, Anil | E151: ac79862 | F151: CTI | G151: CTI Operations - Regional | H151: CTI Asia Pacific | I151: CTI Asia Pacific | J151: Cloud APAC Cluster | K151: Storage Request - NAS | L151: Open | M151: Open | P151: 0 | R151: 246.944 | S151: ASPAC
A152: Sudhir Bharat Gaikwad | B152: CAP0029793 | C152: =IF(ISERROR(VLOOKUP(B152,'070114'!B:C,2,FALSE)),"new",VLOOKUP(B152,'070114'!B:C,2,FALSE)) -> new | D152: sudhir bharat gaikwad | E152: sb69727 | F152: GCG | G152: Asia Pacific | H152: China | I152: Dai,Yiping | J152: WS14315470- ICG-China-CRM CRM Implementation | K152: Storage Request - NAS | L152: Hold | M152: CTI Approval | N152: ae65874;ah74163;jn62051;ks14775;mp35609;mt06736;sy25911;ta19710;up44123; | O152: 41466.304 | P152: 3 | Q152: 180.8013 | R152: 200.87715 | S152: ASPAC
A153: Vittal Muttatti | B153: CAP0031874 | C153: =IF(ISERROR(VLOOKUP(B153,'070114'!B:C,2,FALSE)),"new",VLOOKUP(B153,'070114'!B:C,2,FALSE)) -> new | D153: Elai Subramanian, Arunkumar | E153: mv20974 | F153: CTI | G153: CTI Operations - Regional | H153: CTI Asia Pacific | I153: CTI Asia Pacific | J153: AP-GTO-XenApp 6.5 Infrastructure Build | K153: Storage Request - NAS | L153: Open | M153: CTI Approval | N153: ae65874;ah74163;jn62051;ks14775;mp35609;mt06736;sy25911;ta19710; | O153: 41577.611 | P153: 3 | Q153: 69.493588 | R153: 83.113183 | S153: ASPAC
A154: Sudhanshu Sukhija | B154: CAP0031943 | C154: =IF(ISERROR(VLOOKUP(B154,'070114'!B:C,2,FALSE)),"new",VLOOKUP(B154,'070114'!B:C,2,FALSE)) -> new | D154: Sudhanshu Sukhija | E154: ss16044 | F154: GCG | G154: Global Product Development | H154: Global Product Development | I154: Customer Management | J154: GCG-AP-G2C V1 Rollout | K154: VMWare | L154: Open | M154: CTI Approval | N154: bw03051;ec04161;rk72233; | O154: 41597.827 | P154: 1 | Q154: 49.277789 | R154: 77.968275 | S154: ASPAC
A155: Balamurugan Marudhai | B155: CAP0032215 | C155: =IF(ISERROR(VLOOKUP(B155,'070114'!B:C,2,FALSE)),"new",VLOOKUP(B155,'070114'!B:C,2,FALSE)) -> new | D155: jillian christine nuqui | E155: jn62051 | F155: CTI | G155: CTI Global Data Center Services | H155: Storage & Backup | I155: Storage & Backup | J155: AP-GTO-XenApp 6.5 Infrastructure Build | K155: VMWare | L155: Open | M155: CTI Approval | N155: an82445;ar55125;as64556;as78538;bm01674;bm35131;bw03051;cm85970;db11993;dr68847;ec04161;gg18915;gk22420;jt68680;ma55005;ma77488;mc64555;mk6455; | O155: 41597.467 | P155: 1 | Q155: 49.637465 | R155: 62.757072 | S155: ASPAC
A156: Jhon Siow Po | B156: CAP0032428 | C156: =IF(ISERROR(VLOOKUP(B156,'070114'!B:C,2,FALSE)),"new",VLOOKUP(B156,'070114'!B:C,2,FALSE)) -> new | D156: Siow, Po Jhon | E156: ps06581 | F156: ICG_Tech | G156: ICG_Tech ASPAC | H156: ASPAC - In-Country Tech - Chan, Ying Man | I156: ASPAC - CMT - Chan, Ying Man | J156: ICG-AU-NZ PIE WS13841752 | K156: Storage Request - SAN | L156: Open | M156: Final Business Signoff | N156: ds76190;tt82362; | O156: 41642.128 | P156: 0 | Q156: 4.976331 | R156: 48.872396 | S156: ASPAC
A157: Sudhanshu Sukhija | B157: CAP0032537 | C157: =IF(ISERROR(VLOOKUP(B157,'070114'!B:C,2,FALSE)),"new",VLOOKUP(B157,'070114'!B:C,2,FALSE)) -> new | D157: Sudhanshu Sukhija | E157: ss16044 | F157: GCG | G157: Global Product Development | H157: Global Product Development | I157: Customer Management | J157: WS11805570-GCG-AP-G2C V1.5 Rollout | K157: Storage Request - SAN | L157: Open | M157: CTI Approval | N157: ac94164;jn62051;ks14775;md46033;pr72496;rb71989;rs81295;ss84555;sy25911;ta19710;vv58942; | O157: 41627.403 | P157: 3 | Q157: 19.702118 | R157: 42.015845 | S157: ASPAC
A158: Sudhanshu Sukhija | B158: CAP0032539 | C158: =IF(ISERROR(VLOOKUP(B158,'070114'!B:C,2,FALSE)),"new",VLOOKUP(B158,'070114'!B:C,2,FALSE)) -> new | D158: Sudhanshu Sukhija | E158: ss16044 | F158: GCG | G158: Global Product Development | H158: Global Product Development | I158: Customer Management | J158: WS11805570-GCG-AP-G2C V1.5 Rollout | K158: Storage Request - NAS | L158: Open | M158: CTI Approval | N158: ae65874;ah74163;jn62051;ks14775;mp35609;mt06736;sy25911;ta19710;up44123; | O158: 41627.404 | P158: 3 | Q158: 19.701227 | R158: 41.915162 | S158: ASPAC
A159: Alok Sinha | B159: CAP0032558 | C159: =IF(ISERROR(VLOOKUP(B159,'070114'!B:C,2,FALSE)),"new",VLOOKUP(B159,'070114'!B:C,2,FALSE)) -> new | D159: Alok K Sinha | E159: as73076 | F159: GCG | G159: Global Product Development | H159: Global Product Development | I159: Customer Management | J159: WS11805570-GCG-AP-G2C V1.5 Rollout | K159: VMWare | L159: Open | M159: CSI Application Approval | N159: CSI->App Manager | O159: 41627.398 | P159: 0 | Q159: 19.706898 | R159: 41.129606 | S159: ASPAC
A160: Alok Sinha | B160: CAP0032566 | C160: =IF(ISERROR(VLOOKUP(B160,'070114'!B:C,2,FALSE)),"new",VLOOKUP(B160,'070114'!B:C,2,FALSE)) -> new | D160: Alok K Sinha | E160: as73076 | F160: GCG | G160: Global Product Development | H160: Global Product Development | I160: Customer Management | J160: WS11805570-GCG-AP-G2C V1.5 Rollout | K160: VMWare | L160: Open | M160: CSI Application Approval | N160: CSI->App Manager | O160: 41627.402 | P160: 0 | Q160: 19.702731 | R160: 40.220336 | S160: ASPAC
A161: Alok Sinha | B161: CAP0032567 | C161: =IF(ISERROR(VLOOKUP(B161,'070114'!B:C,2,FALSE)),"new",VLOOKUP(B161,'070114'!B:C,2,FALSE)) -> new | D161: Alok K Sinha | E161: as73076 | F161: GCG | G161: Global Product Development | H161: Global Product Development | I161: Cards - International | J161: WS11805570-GCG-AP-G2C V1.5 Rollout | K161: VMWare | L161: Open | M161: CSI Application Approval | N161: CSI->App Manager | O161: 41627.405 | P161: 0 | Q161: 19.699803 | R161: 40.201111 | S161: ASPAC
A162: Sudhanshu Sukhija | B162: CAP0032572 | C162: =IF(ISERROR(VLOOKUP(B162,'070114'!B:C,2,FALSE)),"new",VLOOKUP(B162,'070114'!B:C,2,FALSE)) -> new | D162: Sudhanshu Sukhija | E162: ss16044 | F162: GCG | G162: Global Product Development | H162: Global Product Development | I162: Customer Management | J162: GCG-AP-G2C V1.5 Rollout | K162: VMWare | L162: Open | M162: CSI Application Approval | N162: CSI->App Manager | O162: 41627.406 | P162: 0 | Q162: 19.699201 | R162: 40.128194 | S162: ASPAC
A163: Sudhanshu Sukhija | B163: CAP0032575 | C163: =IF(ISERROR(VLOOKUP(B163,'070114'!B:C,2,FALSE)),"new",VLOOKUP(B163,'070114'!B:C,2,FALSE)) -> new | D163: Sudhanshu Sukhija | E163: ss16044 | F163: GCG | G163: Global Product Development | H163: Global Product Development | I163: Customer Management | J163: WS11805570-GCG-AP-G2C V1.5 Rollout | K163: Storage Request - SAN | L163: Open | M163: CTI Approval | N163: ac94164;jn62051;ks14775;md46033;pr72496;rb71989;rs81295;ss84555;sy25911;ta19710;vv58942; | O163: 41627.404 | P163: 3 | Q163: 19.700509 | R163: 39.953137 | S163: ASPAC
... A170: Balamurugan Marudhai | B170: CAP0029058 | C170: =IF(ISERROR(VLOOKUP(B170,'070114'!B:C,2,FALSE)),"new",VLOOKUP(B170,'070114'!B:C,2,FALSE)) -> 0 | D170: balamurugan marudhai | E170: lj21474 | F170: GCG | G170: Global Product Development | H170: Global Product Development | I170: Deleted, DevCancelled, Rejected, and Retired Applications (GPD) | J170: BAU | K170: Storage Request - NAS | L170: Open | M170: P&L Approval | N170: bd73630;db64267;em14403;kg06584;lk47738;mm44650; | O170: 41603.557 | P170: 0 | Q170: 43.547454 | R170: 236.01575 | S170: ASPAC
A171: Dave You | B171: CAP0030865 | C171: =IF(ISERROR(VLOOKUP(B171,'070114'!B:C,2,FALSE)),"new",VLOOKUP(B171,'070114'!B:C,2,FALSE)) -> new | D171: karthi sivagnanam | E171: ks11557 | F171: GCG | G171: Asia Pacific | H171: Singapore | J171: VPR8762 - AP-CTI-Wintel & Unix Server Consoli | K171: Storage Request - SAN | L171: Open | M171: Submitter Approval | N171: ks11557; | O171: 41509.098 | P171: 0 | Q171: 138.00704 | R171: 138.00704 | S171: ASPAC
A172: Janakiraman Parthasarathy | B172: CAP0032265 | C172: =IF(ISERROR(VLOOKUP(B172,'070114'!B:C,2,FALSE)),"new",VLOOKUP(B172,'070114'!B:C,2,FALSE)) -> new | D172: abel ma | E172: pm28718 | F172: GCG | G172: Asia Pacific | H172: Hong Kong | I172: Cheung, Luen Kiu Keith | J172: NAS Storage - BAU | K172: Storage Request - NAS | L172: Open | M172: SA Approval | N172: jc18965;kl98701;vd95952; | O172: 41589.222 | P172: 1 | Q172: 57.882928 | R172: 58.052581 | S172: ASPAC
A173: Dave You | B173: CAP0032295 | C173: =IF(ISERROR(VLOOKUP(B173,'070114'!B:C,2,FALSE)),"new",VLOOKUP(B173,'070114'!B:C,2,FALSE)) -> new | D173: chun kiat lee | E173: cl95667 | F173: CTI | G173: CTI Operations - Regional | H173: CTI Asia Pacific | I173: CTI Asia Pacific | J173: BAU | K173: Storage Request - NAS | L173: Open | M173: Final Business Signoff | N173: bm39790;ld76929; | O173: 41647.081 | P173: 0 | Q173: 0.023564815 | R173: 55.969248 | S173: ASPAC
A174: Dave You | B174: CAP0032748 | C174: =IF(ISERROR(VLOOKUP(B174,'070114'!B:C,2,FALSE)),"new",VLOOKUP(B174,'070114'!B:C,2,FALSE)) -> new | D174: dave you | E174: dy94851 | F174: CTI | G174: CTI Operations - Regional | H174: CTI Asia Pacific | I174: CTI Asia Pacific | J174: BAU | K174: Storage Request - NAS | L174: Open | M174: CTI Approval | N174: ae65874;ah74163;jn62051;ks14775;mp35609;mt06736;sy25911;ta19710;up44123; | O174: 41620.488 | P174: 3 | Q174: 26.617257 | R174: 27.892315 | S174: ASPAC
A175: Janakiraman Parthasarathy | B175: CAP0032780 | C175: =IF(ISERROR(VLOOKUP(B175,'070114'!B:C,2,FALSE)),"new",VLOOKUP(B175,'070114'!B:C,2,FALSE)) -> new | D175: janakiraman parthasarathy | E175: vs50938 | F175: CTI | G175: CTI Global Technology Operations | H175: Global Unified Communications Operations | I175: Global Unified Communications Operations | J175: BAU | K175: Storage Request - NAS | L175: Open | M175: SA Approval | N175: ae65874;ks14775; | O175: 41621.215 | P175: 1 | Q175: 25.889676 | R175: 25.996979 | S175: ASPAC
A176: Jillian Christine Nuqui | B176: CAP0032921 | C176: =IF(ISERROR(VLOOKUP(B176,'070114'!B:C,2,FALSE)),"new",VLOOKUP(B176,'070114'!B:C,2,FALSE)) -> new | D176: lucy chua | E176: lc98616 | F176: Corp_Bus | G176: O&T Risk Mgmt & Compliance | H176: O&T Risk Mgmt & Compliance | I176: O&T Risk Mgmt & Compliance | J176: BAU | K176: Storage Request - NAS | L176: Open | M176: Submitter Approval | N176: lc98616; | O176: 41634.137 | P176: 0 | Q176: 12.968079 | R176: 12.968079 | S176: ASPAC
A177: Pankaj Musale | B177: CAP0028998 | C177: =IF(ISERROR(VLOOKUP(B177,'070114'!B:C,2,FALSE)),"new",VLOOKUP(B177,'070114'!B:C,2,FALSE)) -> 0 | D177: pankaj musale | E177: pm57752 | F177: ICG_Tech | G177: ICG_Tech ASPAC | H177: ASPAC - In-Country Tech - Chan, Ying Man | I177: ASPAC - CMT - Chan, Ying Man | J177: WS9570678 ICG-IN-Clearing Centralization | K177: Service Enhancement | L177: Hold | M177: Pre-Design Approval | N177: ds76190;fz92331;mp96590;sw63477;tb60866; | O177: 41422.269 | P177: 1 | Q177: 224.83574 | R177: 237.74273 | S177: ASPAC
A178: Softenger Mss Ameer Sulthan | B178: CAP0025908 | C178: =IF(ISERROR(VLOOKUP(B178,'070114'!B:C,2,FALSE)),"new",VLOOKUP(B178,'070114'!B:C,2,FALSE)) -> 0 | D178: softenger mss ameer sulthan | E178: ma51691 | F178: CTI | G178: CTI Global Technology Operations | H178: Global Voice Operations | I178: Global Voice Operations | J178: WS6657383 - IN-GCG-BANGALORE BRANCHES RELOCATION | K178: Infrastructure | L178: Open | M178: CTI Approval | N178: gs64508;mk81769; | O178: 41298.82 | P178: 5 | Q178: 348.28512 | R178: 418.65708 | S178: ASPAC
A179: Abraham Albert | B179: CAP0027310 | C179: =IF(ISERROR(VLOOKUP(B179,'070114'!B:C,2,FALSE)),"new",VLOOKUP(B179,'070114'!B:C,2,FALSE)) -> 0 | D179: pankaj musale | E179: aa15085 | F179: CTI | G179: CTI Operations - Regional | H179: CTI Asia Pacific | I179: CTI Asia Pacific | J179: NRFLOW Disk Upgrade | K179: Storage Request - SAN | L179: Open | M179: CTI Approval | N179: ac94164;jn62051;ks14775;md46033;pr72496;rb71989;rs81295;ss84555;sy25911;ta19710;vv58942; | O179: 41340.364 | P179: 3 | Q179: 306.74038 | R179: 325.96649 | S179: ASPAC
A180: Abraham Albert | B180: CAP0027650 | C180: =IF(ISERROR(VLOOKUP(B180,'070114'!B:C,2,FALSE)),"new",VLOOKUP(B180,'070114'!B:C,2,FALSE)) -> 0 | D180: softenger mss ameer sulthan | E180: aa15085 | F180: CTI | G180: CTI Operations - Regional | H180: CTI Asia Pacific | I180: CTI Asia Pacific | J180: Talisma Campaign Disk Addition | K180: Storage Request - SAN | L180: Open | M180: CTI Approval | N180: ac94164;jn62051;ks14775;md46033;pr72496;rb71989;rs81295;ss84555;sy25911;ta19710;vv58942; | O180: 41341.312 | P180: 3 | Q180: 305.79295 | R180: 307.69486 | S180: ASPAC
A181: Sharavanan Apk | B181: CAP0027789 | C181: =IF(ISERROR(VLOOKUP(B181,'070114'!B:C,2,FALSE)),"new",VLOOKUP(B181,'070114'!B:C,2,FALSE)) -> 0 | D181: Rajan Sundararajan | E181: rs62559 | F181: ICG_Tech | G181: ICG_Tech Citi Markets Technology | H181: ICG_Tech_CMT - Equities & Equity Middle Office | I181: ASPAC - EQ - Lingard, Richard | J181: BAU-reconcilation | K181: Other (Describe Below) | L181: Open | M181: Pre-Design Approval | N181: cp30221;ds76190;jd03131;km96569;mb88090;mp96590;tb60866; | O181: 41372.104 | P181: 1 | Q181: 275.00124 | R181: 300.84369 | S181: ASPAC
A182: Vijay Gorule | B182: CAP0029594 | C182: =IF(ISERROR(VLOOKUP(B182,'070114'!B:C,2,FALSE)),"new",VLOOKUP(B182,'070114'!B:C,2,FALSE)) -> 0 | D182: vijay gorule | E182: vg98624 | F182: GCG | G182: Asia Pacific | H182: India | I182: Moorthy,Sandesh Krishna | J182: NAS Storage - BAU | K182: Storage Request - NAS | L182: Open | M182: Submitter Approval | N182: vg98624; | O182: 41438.237 | P182: 0 | Q182: 208.86786 | R182: 208.86786 | S182: ASPAC
A183: Pankaj Musale | B183: CAP0031499 | C183: =IF(ISERROR(VLOOKUP(B183,'070114'!B:C,2,FALSE)),"new",VLOOKUP(B183,'070114'!B:C,2,FALSE)) -> new | D183: pankaj musale | E183: pm57752 | F183: ICG_Tech | G183: ICG_Tech ASPAC | H183: ASPAC - In-Country Tech - Chan, Ying Man | I183: ASPAC - CMT - Chan, Ying Man | J183: BAU_Pelican Cluster | K183: Service Enhancement | L183: Open | M183: Pre-Design Approval | N183: ds76190;fz92331;mk11536;mp96590;sw63477;tb60866; | O183: 41584.285 | P183: 1 | Q183: 62.82 | R183: 102.67878 | S183: ASPAC
... A204: Ramakrishnan Solai Kumaresh | B204: CAP0026938 | C204: =IF(ISERROR(VLOOKUP(B204,'070114'!B:C,2,FALSE)),"new",VLOOKUP(B204,'070114'!B:C,2,FALSE)) -> 0 | D204: Leo Joseph Prabu | E204: lj86198 | F204: GCG | G204: Global Product Development | H204: Global Product Development | I204: ESB & Events Platform | J204: VPR 9457 # EMEA-GCG-Rainbow Program | K204: Storage Request - SAN | L204: Open | M204: Submitter Approval | N204: lj86198; | O204: 41299.183 | P204: 0 | Q204: 347.92135 | R204: 347.92135 | S204: ASPAC
A205: Ramasamy Ashokan | B205: CAP0027165 | C205: =IF(ISERROR(VLOOKUP(B205,'070114'!B:C,2,FALSE)),"new",VLOOKUP(B205,'070114'!B:C,2,FALSE)) -> 0 | D205: Jeanette Suamen | E205: js79581 | F205: CTI | G205: CTI Global Data Center Services | H205: Distributed Systems | I205: Unix | J205: BAU | K205: Storage Request - SAN | L205: Open | M205: Post-CTI Approval | O205: 41340.232 | P205: 0 | Q205: 306.87264 | R205: 334.90119 | S205: ASPAC
A206: Janakiraman Santhanam | B206: CAP0027994 | C206: =IF(ISERROR(VLOOKUP(B206,'070114'!B:C,2,FALSE)),"new",VLOOKUP(B206,'070114'!B:C,2,FALSE)) -> 0 | D206: dipak bhopi | E206: db34612 | F206: GCG | G206: EMEA | H206: UK Cluster | I206: UK - Block, Kevin | J206: VPR 9457 EMEA-GCG-Rainbow Migration Program | K206: Storage Request - SAN | L206: Open | M206: Submitter Approval | N206: db34612; | O206: 41354.931 | P206: 0 | Q206: 292.17416 | R206: 292.17416 | S206: ASPAC
...
